Workbook

Sheet SUMMARY
B7: The Hotel
B8: OPENING DATE: | D8: 43997
B10: DEPARTMENT | F10: EMPLOYEES | G10: PAYROLL COST | H10: OTHER EXP. | I10: TOTAL COST
B11: =Manning!C24 -> TOTAL EXECUTIVE OFFICE | F11: =Manning!H24 -> 6 | G11: =SUM('Salary Summary'!X18:AJ18) -> 1047960 | H11: ='Pre-Opening_Expenses_SUMMARY'!R6 -> 263950 | I11: =H11+G11 -> 1311910
B12: =Manning!C160 -> TOTAL ROOMS DIVISION | F12: =Manning!H160 -> 144 | G12: =SUM('Salary Summary'!X155:AJ155) -> 1440235 | H12: ='Pre-Opening_Expenses_SUMMARY'!R11 -> 458050 | I12: =H12+G12 -> 1898285
B13: =Manning!C448 -> TOTAL FOOD & BEVERAGE DIVISION | F13: =Manning!H448 -> 180 | G13: =SUM('Salary Summary'!X443:AJ443) -> 2467250 | H13: ='Pre-Opening_Expenses_SUMMARY'!R16 -> 1419750 | I13: =H13+G13 -> 3887000
B14: =Manning!C515 -> TOTAL FINANCE DIVISION | F14: =Manning!H515 -> 44 | G14: =SUM('Salary Summary'!X510:AJ510) -> 1099790 | H14: ='Pre-Opening_Expenses_SUMMARY'!R21 -> 252256 | I14: =H14+G14 -> 1352046
B15: =Manning!C573 -> TOTAL SALES AND MARKETING DIVISION | F15: =Manning!H573 -> 17 | G15: =SUM('Salary Summary'!X567:AJ567) -> 716390 | H15: =SUM('Pre-Opening_Expenses_SUMMARY'!R26:R28) -> 3511150 | I15: =H15+G15 -> 4227540
B16: =Manning!C601 -> TOTAL POMEC DIVISION | F16: =Manning!H601 -> 13 | G16: =SUM('Salary Summary'!X595:AJ595) -> 296070 | H16: ='Pre-Opening_Expenses_SUMMARY'!R34 -> 135525 | I16: =H16+G16 -> 431595
B17: =Manning!C628 -> TOTAL HUMAN RESOURCES DIVISION | F17: =Manning!H628 -> 21 | G17: =SUM('Salary Summary'!X622:AJ622) -> 488125 | H17: ='Pre-Opening_Expenses_SUMMARY'!R39 -> 864875 | I17: =H17+G17 -> 1353000
B18: OVERALL | F18: =Manning!H629 -> 425 | G18: =SUM('Salary Summary'!X623:AJ623) -> 7555820 | H18: ='Pre-Opening_Expenses_SUMMARY'!R43 -> 6905556 | I18: =H18+G18 -> 14461376

Sheet Pre-Opening_Expenses_SUMMARY
A1: ="PRE-OPENING BUDGET (SUMMARY) "&SUMMARY!B7 -> PRE-OPENING BUDGET (SUMMARY) The Hotel | N1: Opening Date: | O1: =Manning!R1 -> 43997
A3: ='Pre-Opening_Expenses_DEPARTMENT'!D8 -> ITEM | E3: ='Pre-Opening_Expenses_DEPARTMENT'!E8 -> 43631 | F3: ='Pre-Opening_Expenses_DEPARTMENT'!F8 -> 43661 | G3: ='Pre-Opening_Expenses_DEPARTMENT'!G8 -> 43692 | H3: ='Pre-Opening_Expenses_DEPARTMENT'!H8 -> 43723 | I3: ='Pre-Opening_Expenses_DEPARTMENT'!I8 -> 43753 | J3: ='Pre-Opening_Expenses_DEPARTMENT'!J8 -> 43784 | K3: ='Pre-Opening_Expenses_DEPARTMENT'!K8 -> 43814 | L3: ='Pre-Opening_Expenses_DEPARTMENT'!L8 -> 43845 | ... R3: ='Pre-Opening_Expenses_DEPARTMENT'!R8 -> TOTAL
A4: ='Pre-Opening_Expenses_DEPARTMENT'!B9 -> ADMINISTRATIVE & GENERAL
B5: ='Pre-Opening_Expenses_DEPARTMENT'!D14 -> TOTAL EXECUTIVE OFFICE PAYROLL | E5: ='Pre-Opening_Expenses_DEPARTMENT'!E14 -> 0 | F5: ='Pre-Opening_Expenses_DEPARTMENT'!F14 -> 0 | G5: ='Pre-Opening_Expenses_DEPARTMENT'!G14 -> 0 | H5: ='Pre-Opening_Expenses_DEPARTMENT'!H14 -> 0 | I5: ='Pre-Opening_Expenses_DEPARTMENT'!I14 -> 0 | J5: ='Pre-Opening_Expenses_DEPARTMENT'!J14 -> 0 | K5: ='Pre-Opening_Expenses_DEPARTMENT'!K14 -> 0 | L5: ='Pre-Opening_Expenses_DEPARTMENT'!L14 -> 82360 | ... R5: ='Pre-Opening_Expenses_DEPARTMENT'!R14 -> 1047960
B6: ='Pre-Opening_Expenses_DEPARTMENT'!D37 -> TOTAL NON-PAYROLL | E6: ='Pre-Opening_Expenses_DEPARTMENT'!E37 -> 0 | F6: ='Pre-Opening_Expenses_DEPARTMENT'!F37 -> 0 | G6: ='Pre-Opening_Expenses_DEPARTMENT'!G37 -> 0 | H6: ='Pre-Opening_Expenses_DEPARTMENT'!H37 -> 0 | I6: ='Pre-Opening_Expenses_DEPARTMENT'!I37 -> 0 | J6: ='Pre-Opening_Expenses_DEPARTMENT'!J37 -> 0 | K6: ='Pre-Opening_Expenses_DEPARTMENT'!K37 -> 0 | L6: ='Pre-Opening_Expenses_DEPARTMENT'!L37 -> 30500 | ... R6: ='Pre-Opening_Expenses_DEPARTMENT'!R37 -> 263950
A7: ='Pre-Opening_Expenses_DEPARTMENT'!B38 -> TOTAL ADMINISTRATIVE & GENERAL | E7: ='Pre-Opening_Expenses_DEPARTMENT'!E38 -> 0 | F7: ='Pre-Opening_Expenses_DEPARTMENT'!F38 -> 0 | G7: ='Pre-Opening_Expenses_DEPARTMENT'!G38 -> 0 | H7: ='Pre-Opening_Expenses_DEPARTMENT'!H38 -> 0 | I7: ='Pre-Opening_Expenses_DEPARTMENT'!I38 -> 0 | J7: ='Pre-Opening_Expenses_DEPARTMENT'!J38 -> 0 | K7: ='Pre-Opening_Expenses_DEPARTMENT'!K38 -> 0 | L7: ='Pre-Opening_Expenses_DEPARTMENT'!L38 -> 112860 | ... R7: ='Pre-Opening_Expenses_DEPARTMENT'!R38 -> 1311910
A9: ='Pre-Opening_Expenses_DEPARTMENT'!B40 -> ROOMS DIVISION
B10: ='Pre-Opening_Expenses_DEPARTMENT'!D49 -> TOTAL ROOMS DIVISION PAYROLL | E10: ='Pre-Opening_Expenses_DEPARTMENT'!E49 -> 0 | F10: ='Pre-Opening_Expenses_DEPARTMENT'!F49 -> 0 | G10: ='Pre-Opening_Expenses_DEPARTMENT'!G49 -> 0 | H10: ='Pre-Opening_Expenses_DEPARTMENT'!H49 -> 0 | I10: ='Pre-Opening_Expenses_DEPARTMENT'!I49 -> 0 | J10: ='Pre-Opening_Expenses_DEPARTMENT'!J49 -> 0 | K10: ='Pre-Opening_Expenses_DEPARTMENT'!K49 -> 0 | L10: ='Pre-Opening_Expenses_DEPARTMENT'!L49 -> 2485 | ... R10: ='Pre-Opening_Expenses_DEPARTMENT'!R49 -> 1440235
B11: ='Pre-Opening_Expenses_DEPARTMENT'!D74 -> TOTAL NON-PAYROLL | E11: ='Pre-Opening_Expenses_DEPARTMENT'!E74 -> 0 | F11: ='Pre-Opening_Expenses_DEPARTMENT'!F74 -> 0 | G11: ='Pre-Opening_Expenses_DEPARTMENT'!G74 -> 0 | H11: ='Pre-Opening_Expenses_DEPARTMENT'!H74 -> 0 | I11: ='Pre-Opening_Expenses_DEPARTMENT'!I74 -> 0 | J11: ='Pre-Opening_Expenses_DEPARTMENT'!J74 -> 0 | K11: ='Pre-Opening_Expenses_DEPARTMENT'!K74 -> 0 | L11: ='Pre-Opening_Expenses_DEPARTMENT'!L74 -> 0 | ... R11: ='Pre-Opening_Expenses_DEPARTMENT'!R74 -> 458050
A12: ='Pre-Opening_Expenses_DEPARTMENT'!B75 -> TOTAL ROOMS DIVISION | E12: ='Pre-Opening_Expenses_DEPARTMENT'!E75 -> 0 | F12: ='Pre-Opening_Expenses_DEPARTMENT'!F75 -> 0 | G12: ='Pre-Opening_Expenses_DEPARTMENT'!G75 -> 0 | H12: ='Pre-Opening_Expenses_DEPARTMENT'!H75 -> 0 | I12: ='Pre-Opening_Expenses_DEPARTMENT'!I75 -> 0 | J12: ='Pre-Opening_Expenses_DEPARTMENT'!J75 -> 0 | K12: ='Pre-Opening_Expenses_DEPARTMENT'!K75 -> 0 | L12: ='Pre-Opening_Expenses_DEPARTMENT'!L75 -> 2485 | ... R12: ='Pre-Opening_Expenses_DEPARTMENT'!R75 -> 1898285
A14: ='Pre-Opening_Expenses_DEPARTMENT'!B77 -> FOOD & BEVERAGE DIVISION
B15: ='Pre-Opening_Expenses_DEPARTMENT'!D85 -> TOTAL FOOD & BEVERAGE DIVISION PAYROLL | E15: ='Pre-Opening_Expenses_DEPARTMENT'!E85 -> 0 | F15: ='Pre-Opening_Expenses_DEPARTMENT'!F85 -> 0 | G15: ='Pre-Opening_Expenses_DEPARTMENT'!G85 -> 0 | H15: ='Pre-Opening_Expenses_DEPARTMENT'!H85 -> 0 | I15: ='Pre-Opening_Expenses_DEPARTMENT'!I85 -> 0 | J15: ='Pre-Opening_Expenses_DEPARTMENT'!J85 -> 0 | K15: ='Pre-Opening_Expenses_DEPARTMENT'!K85 -> 0 | L15: ='Pre-Opening_Expenses_DEPARTMENT'!L85 -> 0 | ... R15: ='Pre-Opening_Expenses_DEPARTMENT'!R85 -> 2467250
B16: ='Pre-Opening_Expenses_DEPARTMENT'!D112 -> TOTAL NON-PAYROLL | E16: ='Pre-Opening_Expenses_DEPARTMENT'!E112 -> 0 | F16: ='Pre-Opening_Expenses_DEPARTMENT'!F112 -> 0 | G16: ='Pre-Opening_Expenses_DEPARTMENT'!G112 -> 0 | H16: ='Pre-Opening_Expenses_DEPARTMENT'!H112 -> 0 | I16: ='Pre-Opening_Expenses_DEPARTMENT'!I112 -> 0 | J16: ='Pre-Opening_Expenses_DEPARTMENT'!J112 -> 0 | K16: ='Pre-Opening_Expenses_DEPARTMENT'!K112 -> 0 | L16: ='Pre-Opening_Expenses_DEPARTMENT'!L112 -> 0 | ... R16: ='Pre-Opening_Expenses_DEPARTMENT'!R112 -> 1419750
A17: ='Pre-Opening_Expenses_DEPARTMENT'!B113 -> TOTAL FOOD & BEVERAGE DIVISION | E17: ='Pre-Opening_Expenses_DEPARTMENT'!E113 -> 0 | F17: ='Pre-Opening_Expenses_DEPARTMENT'!F113 -> 0 | G17: ='Pre-Opening_Expenses_DEPARTMENT'!G113 -> 0 | H17: ='Pre-Opening_Expenses_DEPARTMENT'!H113 -> 0 | I17: ='Pre-Opening_Expenses_DEPARTMENT'!I113 -> 0 | J17: ='Pre-Opening_Expenses_DEPARTMENT'!J113 -> 0 | K17: ='Pre-Opening_Expenses_DEPARTMENT'!K113 -> 0 | L17: ='Pre-Opening_Expenses_DEPARTMENT'!L113 -> 0 | ... R17: ='Pre-Opening_Expenses_DEPARTMENT'!R113 -> 3887000
A19: ='Pre-Opening_Expenses_DEPARTMENT'!B115 -> FINANCE DIVISION
B20: ='Pre-Opening_Expenses_DEPARTMENT'!D123 -> TOTAL FINANCE DIVISION PAYROLL | E20: ='Pre-Opening_Expenses_DEPARTMENT'!E123 -> 0 | F20: ='Pre-Opening_Expenses_DEPARTMENT'!F123 -> 0 | G20: ='Pre-Opening_Expenses_DEPARTMENT'!G123 -> 0 | H20: ='Pre-Opening_Expenses_DEPARTMENT'!H123 -> 0 | I20: ='Pre-Opening_Expenses_DEPARTMENT'!I123 -> 0 | J20: ='Pre-Opening_Expenses_DEPARTMENT'!J123 -> 0 | K20: ='Pre-Opening_Expenses_DEPARTMENT'!K123 -> 10650 | L20: ='Pre-Opening_Expenses_DEPARTMENT'!L123 -> 46150 | ... R20: ='Pre-Opening_Expenses_DEPARTMENT'!R123 -> 1099790
B21: ='Pre-Opening_Expenses_DEPARTMENT'!D167 -> TOTAL NON-PAYROLL | E21: ='Pre-Opening_Expenses_DEPARTMENT'!E167 -> 0 | F21: ='Pre-Opening_Expenses_DEPARTMENT'!F167 -> 0 | G21: ='Pre-Opening_Expenses_DEPARTMENT'!G167 -> 0 | H21: ='Pre-Opening_Expenses_DEPARTMENT'!H167 -> 0 | I21: ='Pre-Opening_Expenses_DEPARTMENT'!I167 -> 0 | J21: ='Pre-Opening_Expenses_DEPARTMENT'!J167 -> 0 | K21: ='Pre-Opening_Expenses_DEPARTMENT'!K167 -> 0 | L21: ='Pre-Opening_Expenses_DEPARTMENT'!L167 -> 17006 | ... R21: ='Pre-Opening_Expenses_DEPARTMENT'!R167 -> 252256
A22: ='Pre-Opening_Expenses_DEPARTMENT'!B168 -> TOTAL FINANCE DIVISION | E22: ='Pre-Opening_Expenses_DEPARTMENT'!E168 -> 0 | F22: ='Pre-Opening_Expenses_DEPARTMENT'!F168 -> 0 | G22: ='Pre-Opening_Expenses_DEPARTMENT'!G168 -> 0 | H22: ='Pre-Opening_Expenses_DEPARTMENT'!H168 -> 0 | I22: ='Pre-Opening_Expenses_DEPARTMENT'!I168 -> 0 | J22: ='Pre-Opening_Expenses_DEPARTMENT'!J168 -> 0 | K22: ='Pre-Opening_Expenses_DEPARTMENT'!K168 -> 10650 | L22: ='Pre-Opening_Expenses_DEPARTMENT'!L168 -> 63156 | ... R22: ='Pre-Opening_Expenses_DEPARTMENT'!R168 -> 1352046
A24: ='Pre-Opening_Expenses_DEPARTMENT'!B170 -> SALES AND MARKETING DIVISION
B25: ='Pre-Opening_Expenses_DEPARTMENT'!D178 -> TOTAL SALES AND MARKETING DIVISION PAYROLL | E25: ='Pre-Opening_Expenses_DEPARTMENT'!E178 -> 0 | F25: ='Pre-Opening_Expenses_DEPARTMENT'!F178 -> 0 | G25: ='Pre-Opening_Expenses_DEPARTMENT'!G178 -> 0 | H25: ='Pre-Opening_Expenses_DEPARTMENT'!H178 -> 0 | I25: ='Pre-Opening_Expenses_DEPARTMENT'!I178 -> 0 | J25: ='Pre-Opening_Expenses_DEPARTMENT'!J178 -> 0 | K25: ='Pre-Opening_Expenses_DEPARTMENT'!K178 -> 0 | L25: ='Pre-Opening_Expenses_DEPARTMENT'!L178 -> 0 | ... R25: ='Pre-Opening_Expenses_DEPARTMENT'!R178 -> 716390
C26: ='Pre-Opening_Expenses_DEPARTMENT'!D201 -> TOTAL SALES GENERAL EXPENSES | E26: ='Pre-Opening_Expenses_DEPARTMENT'!E201 -> 0 | F26: ='Pre-Opening_Expenses_DEPARTMENT'!F201 -> 0 | G26: ='Pre-Opening_Expenses_DEPARTMENT'!G201 -> 0 | H26: ='Pre-Opening_Expenses_DEPARTMENT'!H201 -> 0 | I26: ='Pre-Opening_Expenses_DEPARTMENT'!I201 -> 0 | J26: ='Pre-Opening_Expenses_DEPARTMENT'!J201 -> 0 | K26: ='Pre-Opening_Expenses_DEPARTMENT'!K201 -> 0 | L26: ='Pre-Opening_Expenses_DEPARTMENT'!L201 -> 0 | ... R26: ='Pre-Opening_Expenses_DEPARTMENT'!R201 -> 910500
C27: ='Pre-Opening_Expenses_DEPARTMENT'!D216 -> TOTAL PUBLIC RELATIONS GENERAL EXPENSES | E27: ='Pre-Opening_Expenses_DEPARTMENT'!E216 -> 0 | F27: ='Pre-Opening_Expenses_DEPARTMENT'!F216 -> 0 | G27: ='Pre-Opening_Expenses_DEPARTMENT'!G216 -> 0 | H27: ='Pre-Opening_Expenses_DEPARTMENT'!H216 -> 0 | I27: ='Pre-Opening_Expenses_DEPARTMENT'!I216 -> 0 | J27: ='Pre-Opening_Expenses_DEPARTMENT'!J216 -> 0 | K27: ='Pre-Opening_Expenses_DEPARTMENT'!K216 -> 0 | L27: ='Pre-Opening_Expenses_DEPARTMENT'!L216 -> 4500 | ... R27: ='Pre-Opening_Expenses_DEPARTMENT'!R216 -> 249500
C28: ='Pre-Opening_Expenses_DEPARTMENT'!C300 -> TOTAL MARKETING EXPENSES | E28: ='Pre-Opening_Expenses_DEPARTMENT'!E300 -> 0 | F28: ='Pre-Opening_Expenses_DEPARTMENT'!F300 -> 0 | G28: ='Pre-Opening_Expenses_DEPARTMENT'!G300 -> 0 | H28: ='Pre-Opening_Expenses_DEPARTMENT'!H300 -> 0 | I28: ='Pre-Opening_Expenses_DEPARTMENT'!I300 -> 0 | J28: ='Pre-Opening_Expenses_DEPARTMENT'!J300 -> 0 | K28: ='Pre-Opening_Expenses_DEPARTMENT'!K300 -> 0 | L28: ='Pre-Opening_Expenses_DEPARTMENT'!L300 -> 0 | ... R28: ='Pre-Opening_Expenses_DEPARTMENT'!R300 -> 2351150
B29: ='Pre-Opening_Expenses_DEPARTMENT'!D301 -> TOTAL NON-PAYROLL | E29: ='Pre-Opening_Expenses_DEPARTMENT'!E301 -> 0 | F29: ='Pre-Opening_Expenses_DEPARTMENT'!F301 -> 0 | G29: ='Pre-Opening_Expenses_DEPARTMENT'!G301 -> 0 | H29: ='Pre-Opening_Expenses_DEPARTMENT'!H301 -> 0 | I29: ='Pre-Opening_Expenses_DEPARTMENT'!I301 -> 0 | J29: ='Pre-Opening_Expenses_DEPARTMENT'!J301 -> 0 | K29: ='Pre-Opening_Expenses_DEPARTMENT'!K301 -> 0 | L29: ='Pre-Opening_Expenses_DEPARTMENT'!L301 -> 4500 | ... R29: ='Pre-Opening_Expenses_DEPARTMENT'!R301 -> 3511150
A30: ='Pre-Opening_Expenses_DEPARTMENT'!B302 -> TOTAL SALES AND MARKETING DIVISION | E30: ='Pre-Opening_Expenses_DEPARTMENT'!E302 -> 0 | F30: ='Pre-Opening_Expenses_DEPARTMENT'!F302 -> 0 | G30: ='Pre-Opening_Expenses_DEPARTMENT'!G302 -> 0 | H30: ='Pre-Opening_Expenses_DEPARTMENT'!H302 -> 0 | I30: ='Pre-Opening_Expenses_DEPARTMENT'!I302 -> 0 | J30: ='Pre-Opening_Expenses_DEPARTMENT'!J302 -> 0 | K30: ='Pre-Opening_Expenses_DEPARTMENT'!K302 -> 0 | L30: ='Pre-Opening_Expenses_DEPARTMENT'!L302 -> 4500 | ... R30: ='Pre-Opening_Expenses_DEPARTMENT'!R302 -> 4227540
A32: ='Pre-Opening_Expenses_DEPARTMENT'!B304 -> POMEC DIVISION
B33: ='Pre-Opening_Expenses_DEPARTMENT'!D309 -> TOTAL POMEC DIVISION PAYROLL | E33: ='Pre-Opening_Expenses_DEPARTMENT'!E309 -> 0 | F33: ='Pre-Opening_Expenses_DEPARTMENT'!F309 -> 0 | G33: ='Pre-Opening_Expenses_DEPARTMENT'!G309 -> 0 | H33: ='Pre-Opening_Expenses_DEPARTMENT'!H309 -> 0 | I33: ='Pre-Opening_Expenses_DEPARTMENT'!I309 -> 0 | J33: ='Pre-Opening_Expenses_DEPARTMENT'!J309 -> 0 | K33: ='Pre-Opening_Expenses_DEPARTMENT'!K309 -> 0 | L33: ='Pre-Opening_Expenses_DEPARTMENT'!L309 -> 0 | ... R33: ='Pre-Opening_Expenses_DEPARTMENT'!R309 -> 296070
B34: ='Pre-Opening_Expenses_DEPARTMENT'!D334 -> TOTAL NON-PAYROLL | E34: ='Pre-Opening_Expenses_DEPARTMENT'!E334 -> 0 | F34: ='Pre-Opening_Expenses_DEPARTMENT'!F334 -> 0 | G34: ='Pre-Opening_Expenses_DEPARTMENT'!G334 -> 0 | H34: ='Pre-Opening_Expenses_DEPARTMENT'!H334 -> 0 | I34: ='Pre-Opening_Expenses_DEPARTMENT'!I334 -> 0 | J34: ='Pre-Opening_Expenses_DEPARTMENT'!J334 -> 0 | K34: ='Pre-Opening_Expenses_DEPARTMENT'!K334 -> 0 | L34: ='Pre-Opening_Expenses_DEPARTMENT'!L334 -> 0 | ... R34: ='Pre-Opening_Expenses_DEPARTMENT'!R334 -> 135525
A35: ='Pre-Opening_Expenses_DEPARTMENT'!B335 -> TOTAL POMEC DIVISION | E35: ='Pre-Opening_Expenses_DEPARTMENT'!E335 -> 0 | F35: ='Pre-Opening_Expenses_DEPARTMENT'!F335 -> 0 | G35: ='Pre-Opening_Expenses_DEPARTMENT'!G335 -> 0 | H35: ='Pre-Opening_Expenses_DEPARTMENT'!H335 -> 0 | I35: ='Pre-Opening_Expenses_DEPARTMENT'!I335 -> 0 | J35: ='Pre-Opening_Expenses_DEPARTMENT'!J335 -> 0 | K35: ='Pre-Opening_Expenses_DEPARTMENT'!K335 -> 0 | L35: ='Pre-Opening_Expenses_DEPARTMENT'!L335 -> 0 | ... R35: ='Pre-Opening_Expenses_DEPARTMENT'!R335 -> 431595
A37: ='Pre-Opening_Expenses_DEPARTMENT'!B337 -> HUMAN RESOURCES DIVISION
B38: ='Pre-Opening_Expenses_DEPARTMENT'!D342 -> TOTAL HUMAN RESOURCES DIVISION PAYROLL | E38: ='Pre-Opening_Expenses_DEPARTMENT'!E342 -> 0 | F38: ='Pre-Opening_Expenses_DEPARTMENT'!F342 -> 0 | G38: ='Pre-Opening_Expenses_DEPARTMENT'!G342 -> 0 | H38: ='Pre-Opening_Expenses_DEPARTMENT'!H342 -> 0 | I38: ='Pre-Opening_Expenses_DEPARTMENT'!I342 -> 0 | J38: ='Pre-Opening_Expenses_DEPARTMENT'!J342 -> 0 | K38: ='Pre-Opening_Expenses_DEPARTMENT'!K342 -> 24140 | L38: ='Pre-Opening_Expenses_DEPARTMENT'!L342 -> 27335 | ... R38: ='Pre-Opening_Expenses_DEPARTMENT'!R342 -> 488125
B39: ='Pre-Opening_Expenses_DEPARTMENT'!D407 -> TOTAL NON-PAYROLL | E39: ='Pre-Opening_Expenses_DEPARTMENT'!E407 -> 0 | F39: ='Pre-Opening_Expenses_DEPARTMENT'!F407 -> 0 | G39: ='Pre-Opening_Expenses_DEPARTMENT'!G407 -> 0 | H39: ='Pre-Opening_Expenses_DEPARTMENT'!H407 -> 0 | I39: ='Pre-Opening_Expenses_DEPARTMENT'!I407 -> 0 | J39: ='Pre-Opening_Expenses_DEPARTMENT'!J407 -> 0 | K39: ='Pre-Opening_Expenses_DEPARTMENT'!K407 -> 0 | L39: ='Pre-Opening_Expenses_DEPARTMENT'!L407 -> 21300 | ... R39: ='Pre-Opening_Expenses_DEPARTMENT'!R407 -> 864875
A40: ='Pre-Opening_Expenses_DEPARTMENT'!B408 -> TOTAL HUMAN RESOURCES DIVISION | E40: ='Pre-Opening_Expenses_DEPARTMENT'!E408 -> 0 | F40: ='Pre-Opening_Expenses_DEPARTMENT'!F408 -> 0 | G40: ='Pre-Opening_Expenses_DEPARTMENT'!G408 -> 0 | H40: ='Pre-Opening_Expenses_DEPARTMENT'!H408 -> 0 | I40: ='Pre-Opening_Expenses_DEPARTMENT'!I408 -> 0 | J40: ='Pre-Opening_Expenses_DEPARTMENT'!J408 -> 0 | K40: ='Pre-Opening_Expenses_DEPARTMENT'!K408 -> 24140 | L40: ='Pre-Opening_Expenses_DEPARTMENT'!L408 -> 48635 | ... R40: ='Pre-Opening_Expenses_DEPARTMENT'!R408 -> 1353000
A42: ='Pre-Opening_Expenses_DEPARTMENT'!D410 -> TOTAL PAYROLL | E42: ='Pre-Opening_Expenses_DEPARTMENT'!E410 -> 0 | F42: ='Pre-Opening_Expenses_DEPARTMENT'!F410 -> 0 | G42: ='Pre-Opening_Expenses_DEPARTMENT'!G410 -> 0 | H42: ='Pre-Opening_Expenses_DEPARTMENT'!H410 -> 0 | I42: ='Pre-Opening_Expenses_DEPARTMENT'!I410 -> 0 | J42: ='Pre-Opening_Expenses_DEPARTMENT'!J410 -> 0 | K42: ='Pre-Opening_Expenses_DEPARTMENT'!K410 -> 34790 | L42: ='Pre-Opening_Expenses_DEPARTMENT'!L410 -> 158330 | ... R42: ='Pre-Opening_Expenses_DEPARTMENT'!R410 -> 7555820
A43: ='Pre-Opening_Expenses_DEPARTMENT'!D411 -> TOTAL NON PAYROLL | E43: ='Pre-Opening_Expenses_DEPARTMENT'!E411 -> 0 | F43: ='Pre-Opening_Expenses_DEPARTMENT'!F411 -> 0 | G43: ='Pre-Opening_Expenses_DEPARTMENT'!G411 -> 0 | H43: ='Pre-Opening_Expenses_DEPARTMENT'!H411 -> 0 | I43: ='Pre-Opening_Expenses_DEPARTMENT'!I411 -> 0 | J43: ='Pre-Opening_Expenses_DEPARTMENT'!J411 -> 0 | K43: ='Pre-Opening_Expenses_DEPARTMENT'!K411 -> 0 | L43: ='Pre-Opening_Expenses_DEPARTMENT'!L411 -> 73306 | ... R43: ='Pre-Opening_Expenses_DEPARTMENT'!R411 -> 6905556
A44: ='Pre-Opening_Expenses_DEPARTMENT'!D412 -> TOTAL PREOPENING EXPENSE | E44: ='Pre-Opening_Expenses_DEPARTMENT'!E412 -> #REF! | F44: ='Pre-Opening_Expenses_DEPARTMENT'!F412 -> #REF! | G44: ='Pre-Opening_Expenses_DEPARTMENT'!G412 -> #REF! | H44: ='Pre-Opening_Expenses_DEPARTMENT'!H412 -> #REF! | I44: ='Pre-Opening_Expenses_DEPARTMENT'!I412 -> #REF! | J44: ='Pre-Opening_Expenses_DEPARTMENT'!J412 -> #REF! | K44: ='Pre-Opening_Expenses_DEPARTMENT'!K412 -> 34790 | L44: ='Pre-Opening_Expenses_DEPARTMENT'!L412 -> 231636 | ... R44: ='Pre-Opening_Expenses_DEPARTMENT'!R412 -> 14461376

Sheet Pre-Opening_Expenses_DEPARTMENT
A1: ="PRE-OPENING BUDGET (BY DEPARTMENT) "&SUMMARY!B7 -> PRE-OPENING BUDGET (BY DEPARTMENT) The Hotel | O1: Opening Date: | Q1: =Manning!R1 -> 43997
A2: Instructions:
A3: NAME and ALL DATES are automatically updated according to the SUMMARY sheet
A4: DO NOT ADJUST THE PAYROLL RELATED EXPENSES, THESE WILL AUTOMATICALLY UPDATE ACCORDING TO THE MANNING SHEETS.
A5: Adjust the names of the Items by clicking on the cell
A6: Add, delete or adjust the numbers by clicking on the cell
A7: DO NOT ADD NEW LINES (this could damage formulas on other sheets), Should you need to add a new item, either delete another ITEM or use one of the ADDITIONAL ITEMS and rename it
D8: ITEM | E8: =Manning!K9 -> 43631 | F8: =Manning!L9 -> 43661 | G8: =Manning!M9 -> 43692 | H8: =Manning!N9 -> 43723 | I8: =Manning!O9 -> 43753 | J8: =Manning!P9 -> 43784 | K8: =Manning!Q9 -> 43814 | L8: =Manning!R9 -> 43845 | ... Q8: =Manning!W9 -> 43997 | R8: TOTAL
B9: ADMINISTRATIVE & GENERAL
D10: ='Salary Summary'!C6&" PAYROLL" -> EXECUTIVE OFFICE PAYROLL
D12: ='Salary Summary'!C18&" PAYROLL" -> TOTAL EXECUTIVE OFFICE PAYROLL | E12: ='Salary Summary'!X17 -> 0 | F12: ='Salary Summary'!Y17 -> 0 | G12: ='Salary Summary'!Z17 -> 0 | H12: ='Salary Summary'!AA17 -> 0 | I12: ='Salary Summary'!AB17 -> 0 | J12: ='Salary Summary'!AC17 -> 0 | L12: ='Salary Summary'!AE17 -> 82360 | M12: ='Salary Summary'!AF17 -> 193120 | N12: ='Salary Summary'!AG17 -> 193120 | O12: ='Salary Summary'!AH17 -> 193120 | P12: ='Salary Summary'!AI17 -> 193120 | Q12: ='Salary Summary'!AJ17 -> 193120 | R12: =SUM(E12:Q12) -> 1047960
D14: ='Salary Summary'!C18&" PAYROLL" -> TOTAL EXECUTIVE OFFICE PAYROLL | E14: =SUM(E12) -> 0 | F14: =SUM(F12) -> 0 | G14: =SUM(G12) -> 0 | H14: =SUM(H12) -> 0 | I14: =SUM(I12) -> 0 | J14: =SUM(J12) -> 0 | K14: =SUM(K12) -> 0 | L14: =SUM(L12) -> 82360 | ... Q14: =SUM(Q12) -> 193120 | R14: =SUM(E14:Q14) -> 1047960
D16: A & G GENERAL EXPENSES
D18: Postage, Telegrams, Courier | K18: 0 | L18: 500 | M18: 500 | N18: 500 | O18: 1500 | P18: 1500 | Q18: 2000 | R18: =SUM(K18:Q18) -> 6500
D19: Telephone, Telex, Fax and E-mail | K19: 0 | L19: 450 | M19: 650 | N19: 1350 | O19: 1450 | P19: 1550 | Q19: 1550 | R19: =SUM(K19:Q19) -> 7000
D20: Printing & Stationery | K20: 0 | L20: 5000 | M20: 1000 | N20: 1000 | O20: 1000 | P20: 1000 | Q20: 1000 | R20: =SUM(K20:Q20) -> 10000
D21: Travelling Expenses/Relocation Expenses | K21: 0 | L21: 11000 | M21: 13500 | N21: 20500 | O21: 0 | P21: 0 | Q21: 0 | R21: =SUM(K21:Q21) -> 45000
D22: Entertainment | K22: 0 | L22: 2250 | M22: 2250 | N22: 4250 | O22: 4250 | P22: 4250 | Q22: 4250 | R22: =SUM(K22:Q22) -> 21500
D23: Pre-Opening Office -Rental | K23: 0 | L23: 0 | M23: 0 | N23: 0 | O23: 0 | P23: 0 | Q23: 0 | R23: =SUM(K23:Q23) -> 0
D24: General Insurance | K24: 0 | L24: 0 | M24: 0 | N24: 0 | O24: 0 | P24: 0 | Q24: 0 | R24: =SUM(K24:Q24) -> 0
D25: Legal Fees | K25: 0 | L25: 0 | M25: 0 | N25: 0 | O25: 0 | P25: 0 | Q25: 0 | R25: 0
D26: Licenses & Fees | K26: 0 | L26: 0 | M26: 0 | N26: 0 | O26: 0 | P26: 0 | Q26: 0 | R26: =SUM(K26:Q26) -> 0
D27: Bank Charges | K27: 0 | L27: 0 | M27: 0 | N27: 0 | O27: 0 | P27: 0 | Q27: 0 | R27: 0
D28: Transportation(Taxi, Fuel etc.) | K28: 0 | L28: 500 | M28: 750 | N28: 1000 | O28: 1250 | P28: 1500 | Q28: 1500 | R28: =SUM(K28:Q28) -> 6500
D29: Accomodation | K29: 0 | L29: 7500 | M29: 11450 | N29: 30350 | O29: 33500 | P29: 34550 | Q29: 2000 | R29: =SUM(K29:Q29) -> 119350
D30: Food & Beverage Allowance | K30: 0 | R30: =SUM(K30:Q30) -> 0
D31: Laundry | K31: 0 | L31: 300 | M31: 600 | N31: 1800 | O31: 1800 | P31: 1800 | Q31: 1800 | R31: =SUM(K31:Q31) -> 8100
D32: General Expenses | K32: 0 | L32: 500 | M32: 750 | N32: 2250 | O32: 3000 | P32: 3000 | Q32: 3000 | R32: =SUM(K32:Q32) -> 12500
D33: Car/Vehicle Expenses | K33: 0 | L33: 0 | M33: 1000 | N33: 1000 | O33: 1000 | P33: 1000 | Q33: 1000 | R33: =SUM(K33:Q33) -> 5000
D34: Miscellaneous | K34: 0 | L34: 2500 | M34: 2500 | N34: 2500 | O34: 5000 | P34: 5000 | Q34: 5000 | R34: =SUM(K34:Q34) -> 22500
D36: ="TOTAL "&D16 -> TOTAL A & G GENERAL EXPENSES | E36: =SUM(E17:E35) -> 0 | F36: =SUM(F17:F35) -> 0 | G36: =SUM(G17:G35) -> 0 | H36: =SUM(H17:H35) -> 0 | I36: =SUM(I17:I35) -> 0 | J36: =SUM(J17:J35) -> 0 | K36: =SUM(K17:K35) -> 0 | L36: =SUM(L17:L35) -> 30500 | ... R36: =SUM(R17:R35) -> 263950
D37: TOTAL NON-PAYROLL | E37: =E36 -> 0 | F37: =F36 -> 0 | G37: =G36 -> 0 | H37: =H36 -> 0 | I37: =I36 -> 0 | J37: =J36 -> 0 | K37: =K36 -> 0 | L37: =L36 -> 30500 | ... R37: =R36 -> 263950
B38: ="TOTAL "&B9 -> TOTAL ADMINISTRATIVE & GENERAL | E38: =E37+E14 -> 0 | F38: =F37+F14 -> 0 | G38: =G37+G14 -> 0 | H38: =H37+H14 -> 0 | I38: =I37+I14 -> 0 | J38: =J37+J14 -> 0 | K38: =K37+K14 -> 0 | L38: =L37+L14 -> 112860 | ... R38: =R37+R14 -> 1311910
B40: ='Salary Summary'!C20 -> ROOMS DIVISION
D41: ROOMS DIVISION PAYROLL
D43: ='Salary Summary'!E28&" PAYROLL" -> TOTAL ROOMS DIVISION ADMINISTRATION PAYROLL | E43: ='Salary Summary'!X28 -> 0 | F43: ='Salary Summary'!Y28 -> 0 | G43: ='Salary Summary'!Z28 -> 0 | H43: ='Salary Summary'!AA28 -> 0 | I43: ='Salary Summary'!AB28 -> 0 | J43: ='Salary Summary'!AC28 -> 0 | K43: ='Salary Summary'!AD28 -> 0 | L43: ='Salary Summary'!AE28 -> 0 | ... Q43: ='Salary Summary'!AJ28 -> 0 | R43: =SUM(E43:Q43) -> 0
D44: ='Salary Summary'!D91&" PAYROLL" -> TOTAL FRONT DESK PAYROLL | E44: ='Salary Summary'!X91 -> 0 | F44: ='Salary Summary'!Y91 -> 0 | G44: ='Salary Summary'!Z91 -> 0 | H44: ='Salary Summary'!AA91 -> 0 | I44: ='Salary Summary'!AB91 -> 0 | J44: ='Salary Summary'!AC91 -> 0 | K44: ='Salary Summary'!AD91 -> 0 | L44: ='Salary Summary'!AE91 -> 0 | ... Q44: ='Salary Summary'!AJ91 -> 188505 | R44: =SUM(E44:Q44) -> 482445
D45: ='Salary Summary'!D126&" PAYROLL" -> TOTAL HOUSEKEEPING PAYROLL | E45: ='Salary Summary'!X126 -> 0 | F45: ='Salary Summary'!Y126 -> 0 | G45: ='Salary Summary'!Z126 -> 0 | H45: ='Salary Summary'!AA126 -> 0 | I45: ='Salary Summary'!AB126 -> 0 | J45: ='Salary Summary'!AC126 -> 0 | K45: ='Salary Summary'!AD126 -> 0 | L45: ='Salary Summary'!AE126 -> 2485 | ... Q45: ='Salary Summary'!AJ126 -> 297490 | R45: =SUM(E45:Q45) -> 757215
D46: ='Salary Summary'!E139&" PAYROLL" -> TOTAL LAUNDRY / LINEN / UNIFORM PAYROLL | E46: ='Salary Summary'!X139 -> 0 | F46: ='Salary Summary'!Y139 -> 0 | G46: ='Salary Summary'!Z139 -> 0 | H46: ='Salary Summary'!AA139 -> 0 | I46: ='Salary Summary'!AB139 -> 0 | J46: ='Salary Summary'!AC139 -> 0 | K46: ='Salary Summary'!AD139 -> 0 | L46: ='Salary Summary'!AE139 -> 0 | ... Q46: ='Salary Summary'!AJ139 -> 36920 | R46: =SUM(E46:Q46) -> 91945
D47: ='Salary Summary'!E154&" PAYROLL" -> TOTAL HEALTH CLUB & RECREATION PAYROLL | E47: ='Salary Summary'!X154 -> 0 | F47: ='Salary Summary'!Y154 -> 0 | G47: ='Salary Summary'!Z154 -> 0 | H47: ='Salary Summary'!AA154 -> 0 | I47: ='Salary Summary'!AB154 -> 0 | J47: ='Salary Summary'!AC154 -> 0 | K47: ='Salary Summary'!AD154 -> 0 | L47: ='Salary Summary'!AE154 -> 0 | ... Q47: ='Salary Summary'!AJ154 -> 47215 | R47: =SUM(E47:Q47) -> 108630
D49: ='Salary Summary'!C155&" PAYROLL" -> TOTAL ROOMS DIVISION PAYROLL | E49: =SUM(E42:E48) -> 0 | F49: =SUM(F42:F48) -> 0 | G49: =SUM(G42:G48) -> 0 | H49: =SUM(H42:H48) -> 0 | I49: =SUM(I42:I48) -> 0 | J49: =SUM(J42:J48) -> 0 | K49: =SUM(K42:K48) -> 0 | L49: =SUM(L42:L48) -> 2485 | ... R49: =SUM(R42:R48) -> 1440235
D51: ROOMS GENERAL EXPENSES
D53: Postage, Telegrams, Courier | K53: 0 | L53: 0 | M53: 0 | N53: 0 | O53: 250 | P53: 500 | Q53: 500 | R53: =SUM(K53:Q53) -> 1250
D54: Telephone, Telex, Fax and E-mail | K54: 0 | L54: 0 | M54: 100 | N54: 550 | O54: 950 | P54: 950 | Q54: 950 | R54: =SUM(K54:Q54) -> 3500
D55: Printing & Stationery | K55: 0 | L55: 0 | M55: 250 | N55: 500 | O55: 750 | P55: 1000 | Q55: 1500 | R55: =SUM(K55:Q55) -> 4000
D56: Travelling Expenses/Relocation Expenses | K56: 0 | L56: 0 | M56: 5000 | N56: 4500 | O56: 7500 | P56: 10000 | Q56: 10000 | R56: =SUM(K56:Q56) -> 37000
D57: Accomodation | K57: 0 | L57: 0 | M57: 5600 | N57: 11300 | O57: 18800 | P57: 44000 | Q57: 59000 | R57: =SUM(K57:Q57) -> 138700
D58: Transportation(Taxi, Fuel etc.) | K58: 0 | L58: 0 | M58: 250 | N58: 500 | O58: 750 | P58: 1000 | Q58: 1000 | R58: =SUM(K58:Q58) -> 3500
D59: Laundry | K59: 0 | L59: 0 | M59: 0 | N59: 300 | O59: 700 | P59: 1000 | Q59: 0 | R59: =SUM(E59:Q59) -> 2000
D60: General Expenses | K60: 0 | L60: 0 | M60: 1000 | N60: 1750 | O60: 23850 | P60: 8750 | Q60: 9750 | R60: =SUM(E60:Q60) -> 45100
D61: Entertainment | K61: 0 | L61: 0 | M61: 250 | N61: 500 | O61: 500 | P61: 750 | Q61: 1000 | R61: =SUM(E61:Q61) -> 3000
D62: Miscellaneous | K62: 0 | L62: 0 | M62: 5000 | N62: 5000 | O62: 5000 | P62: 5000 | Q62: 5000 | R62: =SUM(E62:Q62) -> 25000
D63: VI / Form Sheet design & printing | K63: 0 | L63: 0 | M63: 5000 | N63: 0 | O63: 20000 | P63: 0 | Q63: 0 | R63: =SUM(E63:Q63) -> 25000
D64: Laundry Detergents & Supplies | K64: 0 | L64: 0 | M64: 0 | N64: 0 | O64: 5000 | P64: 5000 | Q64: 10000 | R64: =SUM(E64:Q64) -> 20000
K65: 0 | L65: 0 | M65: 0 | N65: 0 | O65: 0 | P65: 0 | Q65: 0 | R65: =SUM(E65:Q65) -> 0
D67: ="TOTAL "&D51 -> TOTAL ROOMS GENERAL EXPENSES | E67: =SUM(E52:E66) -> 0 | F67: =SUM(F52:F66) -> 0 | G67: =SUM(G52:G66) -> 0 | H67: =SUM(H52:H66) -> 0 | I67: =SUM(I52:I66) -> 0 | J67: =SUM(J52:J66) -> 0 | K67: =SUM(K52:K66) -> 0 | L67: =SUM(L52:L66) -> 0 | ... R67: =SUM(R52:R66) -> 308050
D69: OUTSOURCING
D71: CONTRACT CLEANING-WINDOW CLEANING | K71: 0 | L71: 0 | M71: 0 | N71: 0 | O71: 0 | P71: 0 | Q71: 150000 | R71: =SUM(K71:Q71) -> 150000
D73: ="TOTAL "&D69 -> TOTAL OUTSOURCING | E73: =SUM(E70:E72) -> 0 | F73: =SUM(F70:F72) -> 0 | G73: =SUM(G70:G72) -> 0 | H73: =SUM(H70:H72) -> 0 | I73: =SUM(I70:I72) -> 0 | J73: =SUM(J70:J72) -> 0 | K73: =SUM(K70:K72) -> 0 | L73: =SUM(L70:L72) -> 0 | ... R73: =SUM(R70:R72) -> 150000
D74: TOTAL NON-PAYROLL | E74: =E73+E67 -> 0 | F74: =F73+F67 -> 0 | G74: =G73+G67 -> 0 | H74: =H73+H67 -> 0 | I74: =I73+I67 -> 0 | J74: =J73+J67 -> 0 | K74: =K73+K67 -> 0 | L74: =L73+L67 -> 0 | ... R74: =R73+R67 -> 458050
B75: ='Salary Summary'!C155 -> TOTAL ROOMS DIVISION | E75: =E74+E49 -> 0 | F75: =F74+F49 -> 0 | G75: =G74+G49 -> 0 | H75: =H74+H49 -> 0 | I75: =I74+I49 -> 0 | J75: =J74+J49 -> 0 | K75: =K74+K49 -> 0 | L75: =L74+L49 -> 2485 | ... R75: =R74+R49 -> 1898285
B77: ='Salary Summary'!C157 -> FOOD & BEVERAGE DIVISION
D78: FOOD AND BEVERAGE PAYROLL
D80: ='Salary Summary'!E169&" PAYROLL" -> TOTAL F & B ADMINISTRATION PAYROLL | E80: ='Salary Summary'!X169 -> 0 | F80: ='Salary Summary'!Y169 -> 0 | G80: ='Salary Summary'!Z169 -> 0 | H80: ='Salary Summary'!AA169 -> 0 | I80: ='Salary Summary'!AB169 -> 0 | J80: ='Salary Summary'!AC169 -> 0 | K80: ='Salary Summary'!AD169 -> 0 | L80: ='Salary Summary'!AE169 -> 0 | ... Q80: ='Salary Summary'!AJ169 -> 95850 | R80: =SUM(E80:Q80) -> 438780
D81: ='Salary Summary'!D294&" PAYROLL" -> TOTAL FOOD & BEVEVERAGE SERVICE PAYROLL | E81: ='Salary Summary'!X294 -> 0 | F81: ='Salary Summary'!Y294 -> 0 | G81: ='Salary Summary'!Z294 -> 0 | H81: ='Salary Summary'!AA294 -> 0 | I81: ='Salary Summary'!AB294 -> 0 | J81: ='Salary Summary'!AC294 -> 0 | K81: ='Salary Summary'!AD294 -> 0 | L81: ='Salary Summary'!AE294 -> 0 | ... Q81: ='Salary Summary'!AJ294 -> 392275 | R81: =SUM(E81:Q81) -> 852000
D82: ='Salary Summary'!D429&" PAYROLL" -> TOTAL KITCHEN PAYROLL | E82: ='Salary Summary'!X429 -> 0 | F82: ='Salary Summary'!Y429 -> 0 | G82: ='Salary Summary'!Z429 -> 0 | H82: ='Salary Summary'!AA429 -> 0 | I82: ='Salary Summary'!AB429 -> 0 | J82: ='Salary Summary'!AC429 -> 0 | K82: ='Salary Summary'!AD429 -> 0 | L82: ='Salary Summary'!AE429 -> 0 | ... Q82: ='Salary Summary'!AJ429 -> 429550 | R82: =SUM(E82:Q82) -> 1018140
D83: ='Salary Summary'!E442&" PAYROLL" -> TOTAL STEWARDING PAYROLL | E83: ='Salary Summary'!X442 -> 0 | F83: ='Salary Summary'!Y442 -> 0 | G83: ='Salary Summary'!Z442 -> 0 | H83: ='Salary Summary'!AA442 -> 0 | I83: ='Salary Summary'!AB442 -> 0 | J83: ='Salary Summary'!AC442 -> 0 | K83: ='Salary Summary'!AD442 -> 0 | L83: ='Salary Summary'!AE442 -> 0 | ... Q83: ='Salary Summary'!AJ442 -> 64255 | R83: =SUM(E83:Q83) -> 158330
D85: TOTAL FOOD & BEVERAGE DIVISION PAYROLL | E85: =SUM(E80:E83) -> 0 | F85: =SUM(F80:F83) -> 0 | G85: =SUM(G80:G83) -> 0 | H85: =SUM(H80:H83) -> 0 | I85: =SUM(I80:I83) -> 0 | J85: =SUM(J80:J83) -> 0 | K85: =SUM(K80:K83) -> 0 | L85: =SUM(L80:L83) -> 0 | ... Q85: =SUM(Q80:Q83) -> 981930 | R85: =SUM(E85:Q85) -> 2467250
D87: F&B GENERAL EXPENSES
D89: Postage, Telegrams, Courier | K89: 0 | L89: 0 | M89: 100 | N89: 250 | O89: 250 | P89: 250 | Q89: 250 | R89: =SUM(K89:Q89) -> 1100
D90: Telephone, Telex, Fax and E-mail | K90: 0 | L90: 0 | M90: 100 | N90: 500 | O90: 800 | P90: 800 | Q90: 800 | R90: =SUM(K90:Q90) -> 3000
D91: Printing & Stationery | K91: 0 | L91: 0 | M91: 250 | N91: 500 | O91: 750 | P91: 1000 | Q91: 1500 | R91: =SUM(K91:Q91) -> 4000
D92: Travelling Expenses/Relocation Expenses | K92: 0 | L92: 0 | M92: 5000 | N92: 10000 | O92: 12500 | P92: 20000 | Q92: 20000 | R92: =SUM(K92:Q92) -> 67500
D93: Accomodation | K93: 0 | L93: 0 | M93: 9600 | N93: 9500 | O93: 8000 | P93: 49000 | Q93: 57000 | R93: =SUM(K93:Q93) -> 133100
D94: Laundry | K94: 0 | L94: 0 | M94: 450 | N94: 600 | O94: 950 | P94: 1550 | Q94: 0 | R94: =SUM(K94:Q94) -> 3550
D95: General Expenses | K95: 0 | L95: 0 | M95: 1000 | N95: 3750 | O95: 6000 | P95: 11000 | Q95: 16000 | R95: =SUM(K95:Q95) -> 37750
D96: Transportation(Taxi, Fuel etc.) | K96: 0 | L96: 0 | M96: 250 | N96: 500 | O96: 750 | P96: 1000 | Q96: 1000 | R96: =SUM(K96:Q96) -> 3500
D97: Entertainment | K97: 0 | L97: 0 | M97: 250 | N97: 500 | O97: 500 | P97: 750 | Q97: 1000 | R97: =SUM(K97:Q97) -> 3000
D98: Initial Inventory | K98: 0 | L98: 0 | M98: 0 | N98: 0 | O98: 0 | P98: 0 | Q98: 1000000 | R98: =SUM(K98:Q98) -> 1000000
D99: VI / Form Sheet design & printing | K99: 0 | L99: 0 | M99: 5000 | N99: 0 | O99: 20000 | P99: 0 | Q99: 0 | R99: =SUM(E99:Q99) -> 25000
D100: Miscellaneous | K100: 0 | L100: 0 | M100: 5000 | N100: 5000 | O100: 10000 | P100: 10000 | Q100: 10000 | R100: =SUM(K100:Q100) -> 40000
D102: ="TOTAL "&D87 -> TOTAL F&B GENERAL EXPENSES | E102: =SUM(E88:E101) -> 0 | F102: =SUM(F88:F101) -> 0 | G102: =SUM(G88:G101) -> 0 | H102: =SUM(H88:H101) -> 0 | I102: =SUM(I88:I101) -> 0 | J102: =SUM(J88:J101) -> 0 | K102: =SUM(K88:K101) -> 0 | L102: =SUM(L88:L101) -> 0 | ... R102: =SUM(R88:R101) -> 1321500
D104: INITIAL SETUP
D106: Kitchen Fuel | K106: 0 | L106: 0 | M106: 0 | N106: 0 | O106: 10000 | P106: 15000 | Q106: 20000 | R106: =SUM(E106:Q106) -> 45000
D107: Cleaning Materials | K107: 0 | L107: 0 | M107: 250 | N107: 500 | O107: 2500 | P107: 5000 | Q107: 5000 | R107: =SUM(K107:Q107) -> 13250
D108: Trial Run - F&B | K108: 0 | L108: 0 | M108: 0 | N108: 0 | O108: 0 | P108: 20000 | Q108: 20000 | R108: =SUM(K108:Q108) -> 40000
D109: Decoration | K109: 0 | L109: 0 | M109: 0 | N109: 0 | O109: 0 | P109: 0 | Q109: 0 | R109: =SUM(E109:Q109) -> 0
D111: ="TOTAL "&D104 -> TOTAL INITIAL SETUP | E111: =SUM(E105:E110) -> 0 | F111: =SUM(F105:F110) -> 0 | G111: =SUM(G105:G110) -> 0 | H111: =SUM(H105:H110) -> 0 | I111: =SUM(I105:I110) -> 0 | J111: =SUM(J105:J110) -> 0 | K111: =SUM(K105:K110) -> 0 | L111: =SUM(L105:L110) -> 0 | ... R111: =SUM(R105:R110) -> 98250
D112: TOTAL NON-PAYROLL | E112: =E111+E102 -> 0 | F112: =F111+F102 -> 0 | G112: =G111+G102 -> 0 | H112: =H111+H102 -> 0 | I112: =I111+I102 -> 0 | J112: =J111+J102 -> 0 | K112: =K111+K102 -> 0 | L112: =L111+L102 -> 0 | ... R112: =R111+R102 -> 1419750
B113: ="TOTAL "&B77 -> TOTAL FOOD & BEVERAGE DIVISION | E113: =E112+E85 -> 0 | F113: =F112+F85 -> 0 | G113: =G112+G85 -> 0 | H113: =H112+H85 -> 0 | I113: =I112+I85 -> 0 | J113: =J112+J85 -> 0 | K113: =K112+K85 -> 0 | L113: =L112+L85 -> 0 | ... Q113: =Q112+Q85 -> 2134480 | R113: =SUM(E113:Q113) -> 3887000
B115: ='Salary Summary'!C445 -> FINANCE DIVISION
D116: ='Salary Summary'!C445&" PAYROLL" -> FINANCE DIVISION PAYROLL
D118: ='Salary Summary'!E474&" PAYROLL" -> TOTAL FINANCE DEPARTMENT PAYROLL | E118: ='Salary Summary'!X474 -> 0 | F118: ='Salary Summary'!Y474 -> 0 | G118: ='Salary Summary'!Z474 -> 0 | H118: ='Salary Summary'!AA474 -> 0 | I118: ='Salary Summary'!AB474 -> 0 | J118: ='Salary Summary'!AC474 -> 0 | K118: ='Salary Summary'!AD474 -> 10650 | L118: ='Salary Summary'!AE474 -> 46150 | ... R118: ='Salary Summary'!AK474 -> 666690
D119: ='Salary Summary'!E484&" PAYROLL" -> TOTAL PURCHASING DEPARTMENT PAYROLL | E119: ='Salary Summary'!X484 -> 0 | F119: ='Salary Summary'!Y484 -> 0 | G119: ='Salary Summary'!Z484 -> 0 | H119: ='Salary Summary'!AA484 -> 0 | I119: ='Salary Summary'!AB484 -> 0 | J119: ='Salary Summary'!AC484 -> 0 | K119: ='Salary Summary'!AD484 -> 0 | L119: ='Salary Summary'!AE484 -> 0 | ... R119: ='Salary Summary'!AK484 -> 138450
D120: ='Salary Summary'!E494&" PAYROLL" -> TOTAL IT DEPARTMENT PAYROLL | E120: ='Salary Summary'!X494 -> 0 | F120: ='Salary Summary'!Y494 -> 0 | G120: ='Salary Summary'!Z494 -> 0 | H120: ='Salary Summary'!AA494 -> 0 | I120: ='Salary Summary'!AB494 -> 0 | J120: ='Salary Summary'!AC494 -> 0 | K120: ='Salary Summary'!AD494 -> 0 | L120: ='Salary Summary'!AE494 -> 0 | ... R120: ='Salary Summary'!AK494 -> 85910
D121: ='Salary Summary'!E509&" PAYROLL" -> TOTAL SECURITY PAYROLL | E121: ='Salary Summary'!X509 -> 0 | F121: ='Salary Summary'!Y509 -> 0 | G121: ='Salary Summary'!Z509 -> 0 | H121: ='Salary Summary'!AA509 -> 0 | I121: ='Salary Summary'!AB509 -> 0 | J121: ='Salary Summary'!AC509 -> 0 | K121: ='Salary Summary'!AD509 -> 0 | L121: ='Salary Summary'!AE509 -> 0 | ... R121: ='Salary Summary'!AK509 -> 208740
D123: ='Salary Summary'!C510&" PAYROLL" -> TOTAL FINANCE DIVISION PAYROLL | E123: =SUM(E117:E122) -> 0 | F123: =SUM(F117:F122) -> 0 | G123: =SUM(G117:G122) -> 0 | H123: =SUM(H117:H122) -> 0 | I123: =SUM(I117:I122) -> 0 | J123: =SUM(J117:J122) -> 0 | K123: =SUM(K117:K122) -> 10650 | L123: =SUM(L117:L122) -> 46150 | ... R123: =SUM(R117:R122) -> 1099790
D125: FINANCE GENERAL EXPENSES
D127: Postage, Telegrams, Courier | K127: 0 | L127: 150 | M127: 250 | N127: 500 | O127: 500 | P127: 750 | Q127: 750 | R127: =SUM(E127:Q127) -> 2900
D128: Telephone, Telex, Fax and E-mail | K128: 0 | L128: 100 | M128: 500 | N128: 800 | O128: 1100 | P128: 1200 | Q128: 1200 | R128: =SUM(E128:Q128) -> 4900
...

Sheet Manning
A1: ="MANNING "&SUMMARY!B7 -> MANNING The Hotel | Q1: Opening date: | R1: =SUMMARY!D8 -> 43997
E9: TITLE | G9: English Level | H9: Head count | I9: Status | J9: Level | K9: =DATE(YEAR($R$1)-1,MONTH($R$1),DAY($R$1)) -> 43631 | L9: =DATE(YEAR(K9),MONTH(K9)+1,DAY(K9)) -> 43661 | M9: =DATE(YEAR(L9),MONTH(L9)+1,DAY(L9)) -> 43692 | N9: =DATE(YEAR(M9),MONTH(M9)+1,DAY(M9)) -> 43723 | O9: =DATE(YEAR(N9),MONTH(N9)+1,DAY(N9)) -> 43753 | P9: =DATE(YEAR(O9),MONTH(O9)+1,DAY(O9)) -> 43784 | Q9: =DATE(YEAR(P9),MONTH(P9)+1,DAY(P9)) -> 43814 | R9: =DATE(YEAR(Q9),MONTH(Q9)+1,DAY(Q9)) -> 43845 | S9: =DATE(YEAR(R9),MONTH(R9)+1,DAY(R9)) -> 43876 | ... W9: =DATE(YEAR(V9),MONTH(V9)+1,DAY(V9)) -> 43997
B11: =SUMMARY!B7 -> The Hotel | V11: Training | W11: Soft Opening | Y11: 41609 | Z11: 12月
C12: EXECUTIVE OFFICE | Y12: 41640 | Z12: 1月
E13: EXECUTIVE OFFICE | Y13: 41671 | Z13: 2月
Y14: 41699 | Z14: 3月
E15: GENERAL MANAGER | G15: Fluent | H15: =MAX(K15:W15) -> 1 | I15: FEX | J15: ExCom/L1 | R15: 1 | S15: 1 | T15: 1 | U15: 1 | V15: 1 | W15: 1 | Y15: 41730 | Z15: 4月
E16: GENERAL MANAGERS' PERSONAL ASSISTANT | G16: Fluent | H16: =MAX(K16:W16) -> 1 | I16: L | J16: L4 | S16: 1 | T16: 1 | U16: 1 | V16: 1 | W16: 1 | Y16: 41760 | Z16: 5月
E17: EXECUTIVE ASSISTANT MANAGER / ROOMS DIVISION | G17: Fluent | H17: =MAX(K17:W17) -> 1 | I17: L | J17: ExCom/L2 | S17: 1 | T17: 1 | U17: 1 | V17: 1 | W17: 1 | Y17: 41791 | Z17: 6月
E18: EXECUTIVE ASSISTANT MANAGER / FOOD & BEVERAGE | G18: Fluent | H18: =MAX(K18:W18) -> 1 | I18: L | J18: ExCom/L2 | S18: 1 | T18: 1 | U18: 1 | V18: 1 | W18: 1 | Y18: 41821 | Z18: 7月
E19: ADDITIONAL POSITION | G19: Fluent | H19: =MAX(K19:W19) -> 0 | Y19: 41852 | Z19: 8月
E20: MANAGEMENT SECRETARY | G20: Fluent | H20: =MAX(K20:W20) -> 1 | I20: L | J20: L4 | S20: 1 | T20: 1 | U20: 1 | V20: 1 | W20: 1 | Y20: 41883 | Z20: 9月
E21: MANAGEMENT DRIVER | G21: Common | H21: =MAX(K21:W21) -> 1 | J21: L7 | S21: 1 | T21: 1 | U21: 1 | V21: 1 | W21: 1 | Y21: 41913 | Z21: 10月
Y22: 41944 | Z22: 11月
E23: ="TOTAL "&E13 -> TOTAL EXECUTIVE OFFICE | H23: =SUM(H14:H22) -> 6 | K23: =SUM(K14:K22) -> 0 | L23: =SUM(L14:L22) -> 0 | M23: =SUM(M14:M22) -> 0 | N23: =SUM(N14:N22) -> 0 | O23: =SUM(O14:O22) -> 0 | P23: =SUM(P14:P22) -> 0 | Q23: =SUM(Q14:Q22) -> 0 | R23: =SUM(R14:R22) -> 1 | ... W23: =SUM(W14:W22) -> 6 | Y23: 41974 | Z23: 12月
C24: ="TOTAL "&C12 -> TOTAL EXECUTIVE OFFICE | H24: =H23 -> 6 | K24: =K23 -> 0 | L24: =L23 -> 0 | M24: =M23 -> 0 | N24: =N23 -> 0 | O24: =O23 -> 0 | P24: =P23 -> 0 | Q24: =Q23 -> 0 | R24: =R23 -> 1 | ... W24: =W23 -> 6
C26: ROOMS DIVISION
E27: ROOMS DIVISION ADMINISTRATION
E29: ROOMS DIVISION DIRECTOR | G29: Fluent | H29: =MAX(K29:W29) -> 0 | I29: L
E30: SECRETARY | G30: Fluent | H30: =MAX(K30:W30) -> 0 | I30: L
E31: ADDITIONAL POSITION 1 | G31: Fluent | H31: =MAX(K31:W31) -> 0 | I31: L
E32: ADDITIONAL POSITION 2 | G32: Fluent | H32: =MAX(K32:W32) -> 0 | I32: L
E34: ="TOTAL "&E27 -> TOTAL ROOMS DIVISION ADMINISTRATION | H34: =SUM(H28:H33) -> 0 | K34: =SUM(K28:K33) -> 0 | L34: =SUM(L28:L33) -> 0 | M34: =SUM(M28:M33) -> 0 | N34: =SUM(N28:N33) -> 0 | O34: =SUM(O28:O33) -> 0 | P34: =SUM(P28:P33) -> 0 | Q34: =SUM(Q28:Q33) -> 0 | R34: =SUM(R28:R33) -> 0 | ... W34: =SUM(W28:W33) -> 0
D36: FRONT DESK
E37: FRONT OFFICE
E39: FRONT OFFICE MANAGER | G39: Fluent | H39: =MAX(K39:W39) -> 1 | I39: L | J39: L3 | S39: 1 | T39: 1 | U39: 1 | V39: 1 | W39: 1
E40: ASSISTANT F/O MANAGER | G40: Fluent | H40: =MAX(K40:W40) -> 1 | I40: L | J40: L4 | T40: 1 | U40: 1 | V40: 1 | W40: 1
E41: GUEST SERVICES MANAGER / NIGHT MANAGER | G41: Fluent | H41: =MAX(K41:W41) -> 1 | I41: L | J41: L4 | V41: 1 | W41: 1
E42: GUEST RELATIONS MANAGER | G42: Fluent | H42: =MAX(K42:W42) -> 1 | I42: L | J42: L6 | V42: 1 | W42: 1
E43: GUEST RELATION OFFICER | G43: Fluent | H43: =MAX(K43:W43) -> 1 | I43: L | J43: L7 | V43: 1 | W43: 1
E44: FRONT OFFICE SUPERVISOR | G44: Fluent | H44: =MAX(K44:W44) -> 2 | I44: L | J44: L5 | V44: 2 | W44: 2
E45: RECEPTIONIST | G45: Fluent | H45: =MAX(K45:W45) -> 6 | I45: L | J45: L7 | V45: 3 | W45: 6
E46: ADDITIONAL POSITION 1 | H46: =MAX(K46:W46) -> 0 | I46: L
E47: ADDITIONAL POSITION 2 | H47: =MAX(K47:W47) -> 0 | I47: L
E49: ="TOTAL "&E37 -> TOTAL FRONT OFFICE | H49: =SUM(H38:H48) -> 13 | K49: =SUM(K38:K48) -> 0 | L49: =SUM(L38:L48) -> 0 | M49: =SUM(M38:M48) -> 0 | N49: =SUM(N38:N48) -> 0 | O49: =SUM(O38:O48) -> 0 | P49: =SUM(P38:P48) -> 0 | Q49: =SUM(Q38:Q48) -> 0 | R49: =SUM(R38:R48) -> 0 | ... W49: =SUM(W38:W48) -> 13
E51: EXECUTIVE FLOOR
E53: EXECUTIVE FLOOR MANAGER | G53: Fluent | H53: =MAX(K53:W53) -> 1 | I53: L | J53: L4 | T53: 1 | U53: 1 | V53: 1 | W53: 1
E54: EXECUTIVE FLOOR ASSISTANT MANAGER | G54: Fluent | H54: =MAX(K54:W54) -> 1 | I54: L | J54: L5 | U54: 1 | V54: 1 | W54: 1
E55: EXECUTIVE FLOOR OFFICER | G55: Fluent | H55: =MAX(K55:W55) -> 3 | I55: L | J55: L7 | V55: 3 | W55: 3
E56: EXECUTIVE FLOOR BUTLER | G56: Fluent | H56: =MAX(K56:W56) -> 0 | I56: L
E57: ADDITIONAL POSITION 1 | G57: Fluent | H57: =MAX(K57:W57) -> 0 | I57: L
E58: ADDITIONAL POSITION 2 | G58: Fluent | H58: =MAX(K58:W58) -> 0 | I58: L
E60: ="TOTAL "&E51 -> TOTAL EXECUTIVE FLOOR | H60: =SUM(H52:H59) -> 5 | K60: =SUM(K52:K59) -> 0 | L60: =SUM(L52:L59) -> 0 | M60: =SUM(M52:M59) -> 0 | N60: =SUM(N52:N59) -> 0 | O60: =SUM(O52:O59) -> 0 | P60: =SUM(P52:P59) -> 0 | Q60: =SUM(Q52:Q59) -> 0 | R60: =SUM(R52:R59) -> 0 | ... W60: =SUM(W52:W59) -> 5
E62: CONGIERGE
E64: HEAD CONCIERGE | G64: Fluent | H64: =MAX(K64:W64) -> 1 | I64: L | J64: L5 | T64: 1 | U64: 1 | V64: 1 | W64: 1
E65: ASSISTANT CHIEF CONCIERGE | G65: Fluent | H65: =MAX(K65:W65) -> 1 | I65: L | J65: L5 | V65: 1 | W65: 1
E66: BELL BOY / PORTER | G66: Fluent | H66: =MAX(K66:W66) -> 0 | I66: L | J66: L7
E67: DOOR MAN/LADY | G67: Fluent | H67: =MAX(K67:W67) -> 3 | I67: L | J67: L7 | V67: 1 | W67: 3
E68: DOOR MAN/LADY | G68: Fluent | H68: =MAX(K68:W68) -> 3 | I68: L | J68: L7 | V68: 1 | W68: 3
E69: LIMOSINE DRIVER | G69: Fluent | H69: =MAX(K69:W69) -> 1 | I69: L | J69: L7 | V69: 1 | W69: 1
E70: TRANSPORT DRIVER | G70: Fluent | H70: =MAX(K70:W70) -> 1 | I70: L | U70: 1 | V70: 1 | W70: 1
E71: AIRPORT REPRESENTITIVE | G71: Fluent | H71: =MAX(K71:W71) -> 0 | I71: L
E72: ADDITIONAL POSITION 1 | G72: Fluent | H72: =MAX(K72:W72) -> 0 | I72: L
E73: ADDITIONAL POSITION 2 | G73: Fluent | H73: =MAX(K73:W73) -> 0 | I73: L
E75: ="TOTAL "&E62 -> TOTAL CONGIERGE | H75: =SUM(H63:H74) -> 10 | K75: =SUM(K63:K74) -> 0 | L75: =SUM(L63:L74) -> 0 | M75: =SUM(M63:M74) -> 0 | N75: =SUM(N63:N74) -> 0 | O75: =SUM(O63:O74) -> 0 | P75: =SUM(P63:P74) -> 0 | Q75: =SUM(Q63:Q74) -> 0 | R75: =SUM(R63:R74) -> 0 | ... W75: =SUM(W63:W74) -> 10
E77: P.A.B.X.
E79: TELEPHONE SUPERVISOR | G79: Fluent | H79: =MAX(K79:W79) -> 1 | I79: L | J79: L5 | U79: 1 | V79: 1 | W79: 1
E80: TELEPHONE CAPTAIN | G80: Fluent | H80: =MAX(K80:W80) -> 0 | I80: L
E81: TELEPHONE OPERATOR | G81: Fluent | H81: =MAX(K81:W81) -> 3 | I81: L | J81: L7 | U81: 1 | V81: 1 | W81: 3
E82: ADDITIONAL POSITION 1 | G82: Fluent | H82: =MAX(K82:W82) -> 0 | I82: L
E83: ADDITIONAL POSITION 2 | G83: Fluent | H83: =MAX(K83:W83) -> 0 | I83: L
E85: ="TOTAL "&E77 -> TOTAL P.A.B.X. | H85: =SUM(H78:H84) -> 4 | K85: =SUM(K78:K84) -> 0 | L85: =SUM(L78:L84) -> 0 | M85: =SUM(M78:M84) -> 0 | N85: =SUM(N78:N84) -> 0 | O85: =SUM(O78:O84) -> 0 | P85: =SUM(P78:P84) -> 0 | Q85: =SUM(Q78:Q84) -> 0 | R85: =SUM(R78:R84) -> 0 | ... W85: =SUM(W78:W84) -> 4
E87: BUSINESS CENTRE
E89: BUSINESS CENTRE SUPERVISOR | G89: Fluent | H89: =MAX(K89:W89) -> 1 | I89: L | J89: L5 | U89: 1 | V89: 1 | W89: 1
E90: BUSINESS CENTRE CAPTAIN | G90: Fluent | H90: =MAX(K90:W90) -> 1 | I90: L | J90: L6 | V90: 1 | W90: 1
E91: BUSINESS CENTRE CLERK | G91: Fluent | H91: =MAX(K91:W91) -> 2 | I91: L | J91: L7 | W91: 2
E92: ADDITIONAL POSITION 1 | G92: Fluent | H92: =MAX(K92:W92) -> 0 | I92: L
E93: ADDITIONAL POSITION 2 | G93: Fluent | H93: =MAX(K93:W93) -> 0 | I93: L
E95: ="TOTAL "&E87 -> TOTAL BUSINESS CENTRE | H95: =SUM(H88:H94) -> 4 | K95: =SUM(K88:K94) -> 0 | L95: =SUM(L88:L94) -> 0 | M95: =SUM(M88:M94) -> 0 | N95: =SUM(N88:N94) -> 0 | O95: =SUM(O88:O94) -> 0 | P95: =SUM(P88:P94) -> 0 | Q95: =SUM(Q88:Q94) -> 0 | R95: =SUM(R88:R94) -> 0 | ... W95: =SUM(W88:W94) -> 4
D96: ="TOTAL "&D36 -> TOTAL FRONT DESK | H96: =+H95+H85+H75+H60+H49 -> 36 | K96: =+K95+K85+K75+K60+K49 -> 0 | L96: =+L95+L85+L75+L60+L49 -> 0 | M96: =+M95+M85+M75+M60+M49 -> 0 | N96: =+N95+N85+N75+N60+N49 -> 0 | O96: =+O95+O85+O75+O60+O49 -> 0 | P96: =+P95+P85+P75+P60+P49 -> 0 | Q96: =+Q95+Q85+Q75+Q60+Q49 -> 0 | R96: =+R95+R85+R75+R60+R49 -> 0 | ... W96: =+W95+W85+W75+W60+W49 -> 36
D98: HOUSEKEEPING
E99: HOUSEKEEPING ADMINISTRATION
E101: EXECUTIVE HOUSEKEEPER | G101: Fluent | H101: =MAX(K101:W101) -> 1 | I101: L | J101: L3 | S101: 1 | T101: 1 | U101: 1 | V101: 1 | W101: 1
E102: ASSISTANT EXECUTIVE HOUSEKEEPER | G102: Fluent | H102: =MAX(K102:W102) -> 1 | I102: L | J102: L3 | T102: 1 | U102: 1 | V102: 1 | W102: 1
E103: SECRETARY | G103: Fluent | H103: =MAX(K103:W103) -> 0 | I103: L
E104: ADDITIONAL POSITION 1 | G104: Fluent | H104: =MAX(K104:W104) -> 0 | I104: L
E105: ADDITIONAL POSITION 2 | G105: Fluent | H105: =MAX(K105:W105) -> 0 | I105: L
E107: ="TOTAL "&E99 -> TOTAL HOUSEKEEPING ADMINISTRATION | H107: =SUM(H100:H106) -> 2 | K107: =SUM(K100:K106) -> 0 | L107: =SUM(L100:L106) -> 0 | M107: =SUM(M100:M106) -> 0 | N107: =SUM(N100:N106) -> 0 | O107: =SUM(O100:O106) -> 0 | P107: =SUM(P100:P106) -> 0 | Q107: =SUM(Q100:Q106) -> 0 | R107: =SUM(R100:R106) -> 0 | ... W107: =SUM(W100:W106) -> 2
E109: HOUSEKEEPERS
E111: Srevice Centre (COORDINATOR / ORDER TAKER) | G111: Fluent | H111: =MAX(K111:W111) -> 3 | I111: L | J111: L7 | U111: 1 | V111: 1 | W111: 3
E112: SENIOR FLOOR SUPERVISOR | G112: Fluent | H112: =MAX(K112:W112) -> 0 | I112: L
E113: FLOOR SUPERVISOR | G113: Fluent | H113: =MAX(K113:W113) -> 8 | I113: L | J113: L5 | U113: 1 | V113: 3 | W113: 8
E114: FLOOR CAPTAIN | G114: Common | H114: =MAX(K114:W114) -> 11 | I114: L | J114: L6 | U114: 1 | V114: 3 | W114: 11
E115: MINIBAR ATTENDANT | G115: Fluent | H115: =MAX(K115:W115) -> 8 | I115: L | J115: L7 | W115: 8
E116: ROOM ATTENDANT | G116: Common | H116: =MAX(K116:W116) -> 34 | I116: L | J116: L7 | U116: 5 | V116: 17 | W116: 34
E117: Night Service | G117: Common | H117: =MAX(K117:W117) -> 3 | I117: L | J117: L7 | V117: 1 | W117: 3
E118: ADDITIONAL POSITION 2 | G118: Common | H118: =MAX(K118:W118) -> 0 | I118: L
E120: ="TOTAL "&E109 -> TOTAL HOUSEKEEPERS | H120: =SUM(H110:H119) -> 67 | K120: =SUM(K110:K119) -> 0 | L120: =SUM(L110:L119) -> 0 | M120: =SUM(M110:M119) -> 0 | N120: =SUM(N110:N119) -> 0 | O120: =SUM(O110:O119) -> 0 | P120: =SUM(P110:P119) -> 0 | Q120: =SUM(Q110:Q119) -> 0 | R120: =SUM(R110:R119) -> 0 | ... W120: =SUM(W110:W119) -> 67
E122: PUBLIC AREA
E124: PUBLIC AREA MANAGER | G124: Fluent | H124: =MAX(K124:W124) -> 1 | I124: L | J124: L4 | S124: 1 | T124: 1 | U124: 1 | V124: 1 | W124: 1
E125: PUBLIC AREA SUPERVISOR | G125: Common | H125: =MAX(K125:W125) -> 2 | I125: L | J125: L5 | T125: 2 | U125: 2 | V125: 2 | W125: 2
E126: PUBLIC AREA ATTENDANT | G126: Common | H126: =MAX(K126:W126) -> 16 | I126: L | J126: L7 | R126: 1 | S126: 1 | T126: 1 | U126: 4 | V126: 8 | W126: 16
E127: ADDITIONAL POSITION 1 | G127: Common | H127: =MAX(K127:W127) -> 0 | I127: L
E128: ADDITIONAL POSITION 2 | G128: Common | H128: =MAX(K128:W128) -> 0 | I128: L
E130: ="TOTAL "&E122 -> TOTAL PUBLIC AREA | H130: =SUM(H123:H129) -> 19 | K130: =SUM(K123:K129) -> 0 | L130: =SUM(L123:L129) -> 0 | M130: =SUM(M123:M129) -> 0 | N130: =SUM(N123:N129) -> 0 | O130: =SUM(O123:O129) -> 0 | P130: =SUM(P123:P129) -> 0 | Q130: =SUM(Q123:Q129) -> 0 | R130: =SUM(R123:R129) -> 1 | ... W130: =SUM(W123:W129) -> 19
D131: ="TOTAL "&D98 -> TOTAL HOUSEKEEPING | H131: =SUM(H107,H120,H130) -> 88 | K131: =K130+K120+K107 -> 0 | L131: =L130+L120+L107 -> 0 | M131: =M130+M120+M107 -> 0 | N131: =N130+N120+N107 -> 0 | O131: =O130+O120+O107 -> 0 | P131: =P130+P120+P107 -> 0 | Q131: =Q130+Q120+Q107 -> 0 | R131: =R130+R120+R107 -> 1 | ... W131: =W130+W120+W107 -> 88
E133: LAUNDRY / LINEN / UNIFORM
E135: LAUNDRY MANAGER | G135: Common | H135: =MAX(K135:W135) -> 1 | I135: L | J135: L4 | U135: 1 | V135: 1 | W135: 1
E136: LAUNDRY SUPERVISOR | G136: Common | H136: =MAX(K136:W136) -> 1 | I136: L | J136: L5 | U136: 1 | V136: 1 | W136: 1
E137: LAUNDRY ATTENDANT | G137: Common | H137: =MAX(K137:W137) -> 3 | I137: L | J137: L7 | U137: 1 | V137: 1 | W137: 3
...

Sheet Salary Level
A1: ="SALARY LEVEL "&SUMMARY!B7 -> SALARY LEVEL The Hotel | M1: Opening Date: | N1: =Manning!R1 -> 43997
E9: =Manning!E9 -> TITLE
G10: Head count | H10: Status | I10: Level | J10: Basic salary | K10: Growth up | L10: Growth Up (Benefits & Taxes) | M10: Total payroll cost per staff per month | N10: Total payroll cost per staff per year | O10: Total payroll cost total staff per month | P10: Total payroll cost total staff per year
B11: =Manning!B11 -> The Hotel
C12: =Manning!C12 -> EXECUTIVE OFFICE
E13: =Manning!E13 -> EXECUTIVE OFFICE | F13: =Manning!F13 -> 0
E15: =Manning!E15 -> GENERAL MANAGER | F15: =Manning!F15 -> 0 | G15: =Manning!H15 -> 1 | H15: =Manning!I15 -> FEX | I15: =Manning!J15 -> ExCom/L1 | J15: 58000 | K15: 0.42 | L15: =J15*K15 -> 24360 | M15: =IF(G15=0,0,J15+L15) -> 82360 | N15: =IF(G15=0,0,M15*12) -> 988320 | O15: =IF(G15=0,0,G15*M15) -> 82360 | P15: =IF(G15=0,0,G15*N15) -> 988320
E16: =Manning!E16 -> GENERAL MANAGERS' PERSONAL ASSISTANT | F16: =Manning!F16 -> 0 | G16: =Manning!H16 -> 1 | H16: =Manning!I16 -> L | I16: =Manning!J16 -> L4 | J16: 7000 | K16: 0.42 | L16: =J16*K16 -> 2940 | M16: =IF(G16=0,0,J16+L16) -> 9940 | N16: =IF(G16=0,0,M16*12) -> 119280 | O16: =IF(G16=0,0,G16*M16) -> 9940 | P16: =IF(G16=0,0,G16*N16) -> 119280
E17: =Manning!E17 -> EXECUTIVE ASSISTANT MANAGER / ROOMS DIVISION | F17: =Manning!F17 -> 0 | G17: =Manning!H17 -> 1 | H17: =Manning!I17 -> L | I17: =Manning!J17 -> ExCom/L2 | J17: 27500 | K17: 0.42 | L17: =J17*K17 -> 11550 | M17: =IF(G17=0,0,J17+L17) -> 39050 | N17: =IF(G17=0,0,M17*12) -> 468600 | O17: =IF(G17=0,0,G17*M17) -> 39050 | P17: =IF(G17=0,0,G17*N17) -> 468600
E18: =Manning!E18 -> EXECUTIVE ASSISTANT MANAGER / FOOD & BEVERAGE | F18: =Manning!F18 -> 0 | G18: =Manning!H18 -> 1 | H18: =Manning!I18 -> L | I18: =Manning!J18 -> ExCom/L2 | J18: 36000 | K18: 0.42 | L18: =J18*K18 -> 15120 | M18: =IF(G18=0,0,J18+L18) -> 51120 | N18: =IF(G18=0,0,M18*12) -> 613440 | O18: =IF(G18=0,0,G18*M18) -> 51120 | P18: =IF(G18=0,0,G18*N18) -> 613440
E19: =Manning!E19 -> ADDITIONAL POSITION | F19: =Manning!F19 -> 0 | G19: =Manning!H19 -> 0 | H19: =Manning!I19 -> 0 | I19: =Manning!J19 -> 0 | K19: 0 | L19: =J19*K19 -> 0 | M19: =IF(G19=0,0,J19+L19) -> 0 | N19: =IF(G19=0,0,M19*12) -> 0 | O19: =IF(G19=0,0,G19*M19) -> 0 | P19: =IF(G19=0,0,G19*N19) -> 0
E20: =Manning!E20 -> MANAGEMENT SECRETARY | F20: =Manning!F20 -> 0 | G20: =Manning!H20 -> 1 | H20: =Manning!I20 -> L | I20: =Manning!J20 -> L4 | J20: 5000 | K20: 0.42 | L20: =J20*K20 -> 2100 | M20: =IF(G20=0,0,J20+L20) -> 7100 | N20: =IF(G20=0,0,M20*12) -> 85200 | O20: =IF(G20=0,0,G20*M20) -> 7100 | P20: =IF(G20=0,0,G20*N20) -> 85200
E21: =Manning!E21 -> MANAGEMENT DRIVER | G21: =Manning!H21 -> 1 | H21: =Manning!I21 -> 0 | I21: =Manning!J21 -> L7 | J21: 2500 | K21: 0.42 | L21: =J21*K21 -> 1050 | M21: =IF(G21=0,0,J21+L21) -> 3550 | N21: =IF(G21=0,0,M21*12) -> 42600 | O21: =IF(G21=0,0,G21*M21) -> 3550 | P21: =IF(G21=0,0,G21*N21) -> 42600
E23: ="TOTAL "&E13 -> TOTAL EXECUTIVE OFFICE | G23: =SUM(G14:G22) -> 6 | J23: =SUM(J14:J22) -> 136000 | L23: =SUM(L14:L22) -> 57120 | M23: =SUM(M14:M22) -> 193120 | N23: =SUM(N14:N22) -> 2317440 | O23: =SUM(O14:O22) -> 193120 | P23: =SUM(P14:P22) -> 2317440
C24: ="TOTAL "&C12 -> TOTAL EXECUTIVE OFFICE | G24: =G23 -> 6 | J24: =J23 -> 136000 | L24: =L23 -> 57120 | M24: =M23 -> 193120 | N24: =N23 -> 2317440 | O24: =O23 -> 193120 | P24: =P23 -> 2317440
C26: =Manning!C26 -> ROOMS DIVISION
E27: =Manning!E27 -> ROOMS DIVISION ADMINISTRATION
E29: =Manning!E29 -> ROOMS DIVISION DIRECTOR | G29: =Manning!H29 -> 0 | H29: =Manning!I29 -> L | I29: =Manning!J29 -> 0 | J29: 0 | L29: =J29*K29 -> 0 | M29: =IF(G29=0,0,J29+L29) -> 0 | N29: =IF(G29=0,0,M29*12) -> 0 | O29: =IF(G29=0,0,G29*M29) -> 0 | P29: =IF(G29=0,0,G29*N29) -> 0
E30: =Manning!E30 -> SECRETARY | G30: =Manning!H30 -> 0 | H30: =Manning!I30 -> L | I30: =Manning!J30 -> 0 | L30: =J30*K30 -> 0 | M30: =IF(G30=0,0,J30+L30) -> 0 | N30: =IF(G30=0,0,M30*12) -> 0 | O30: =IF(G30=0,0,G30*M30) -> 0 | P30: =IF(G30=0,0,G30*N30) -> 0
E31: =Manning!E31 -> ADDITIONAL POSITION 1 | G31: =Manning!H31 -> 0 | H31: =Manning!I31 -> L | I31: =Manning!J31 -> 0 | L31: =J31*K31 -> 0 | M31: =IF(G31=0,0,J31+L31) -> 0 | N31: =IF(G31=0,0,M31*12) -> 0 | O31: =IF(G31=0,0,G31*M31) -> 0 | P31: =IF(G31=0,0,G31*N31) -> 0
E32: =Manning!E32 -> ADDITIONAL POSITION 2 | G32: =Manning!H32 -> 0 | H32: =Manning!I32 -> L | I32: =Manning!J32 -> 0 | L32: =J32*K32 -> 0 | M32: =IF(G32=0,0,J32+L32) -> 0 | N32: =IF(G32=0,0,M32*12) -> 0 | O32: =IF(G32=0,0,G32*M32) -> 0 | P32: =IF(G32=0,0,G32*N32) -> 0
E34: ="TOTAL "&E27 -> TOTAL ROOMS DIVISION ADMINISTRATION | G34: =SUM(G28:G33) -> 0 | J34: =SUM(J25:J33) -> 0 | L34: =SUM(L28:L33) -> 0 | M34: =SUM(M28:M33) -> 0 | N34: =SUM(N28:N33) -> 0 | O34: =SUM(O28:O33) -> 0 | P34: =SUM(P28:P33) -> 0
D36: =Manning!D36 -> FRONT DESK
E37: =Manning!E37 -> FRONT OFFICE | F37: =Manning!F37 -> 0
E39: =Manning!E39 -> FRONT OFFICE MANAGER | F39: =Manning!F39 -> 0 | G39: =Manning!H39 -> 1 | H39: =Manning!I39 -> L | I39: =Manning!J39 -> L3 | J39: 12000 | K39: 0.42 | L39: =J39*K39 -> 5040 | M39: =IF(G39=0,0,J39+L39) -> 17040 | N39: =IF(G39=0,0,M39*12) -> 204480 | O39: =IF(G39=0,0,G39*M39) -> 17040 | P39: =IF(G39=0,0,G39*N39) -> 204480
E40: =Manning!E40 -> ASSISTANT F/O MANAGER | F40: =Manning!F40 -> 0 | G40: =Manning!H40 -> 1 | H40: =Manning!I40 -> L | I40: =Manning!J40 -> L4 | J40: 7000 | K40: 0.42 | L40: =J40*K40 -> 2940 | M40: =IF(G40=0,0,J40+L40) -> 9940 | N40: =IF(G40=0,0,M40*12) -> 119280 | O40: =IF(G40=0,0,G40*M40) -> 9940 | P40: =IF(G40=0,0,G40*N40) -> 119280
E41: =Manning!E41 -> GUEST SERVICES MANAGER / NIGHT MANAGER | F41: =Manning!F41 -> 0 | G41: =Manning!H41 -> 1 | H41: =Manning!I41 -> L | I41: =Manning!J41 -> L4 | J41: 5000 | K41: 0.42 | L41: =J41*K41 -> 2100 | M41: =IF(G41=0,0,J41+L41) -> 7100 | N41: =IF(G41=0,0,M41*12) -> 85200 | O41: =IF(G41=0,0,G41*M41) -> 7100 | P41: =IF(G41=0,0,G41*N41) -> 85200
E42: =Manning!E42 -> GUEST RELATIONS MANAGER | F42: =Manning!F42 -> 0 | G42: =Manning!H42 -> 1 | H42: =Manning!I42 -> L | I42: =Manning!J42 -> L6 | J42: 5000 | K42: 0.42 | L42: =J42*K42 -> 2100 | M42: =IF(G42=0,0,J42+L42) -> 7100 | N42: =IF(G42=0,0,M42*12) -> 85200 | O42: =IF(G42=0,0,G42*M42) -> 7100 | P42: =IF(G42=0,0,G42*N42) -> 85200
E43: =Manning!E43 -> GUEST RELATION OFFICER | F43: =Manning!F43 -> 0 | G43: =Manning!H43 -> 1 | H43: =Manning!I43 -> L | I43: =Manning!J43 -> L7 | J43: 3000 | K43: 0.42 | L43: =J43*K43 -> 1260 | M43: =IF(G43=0,0,J43+L43) -> 4260 | N43: =IF(G43=0,0,M43*12) -> 51120 | O43: =IF(G43=0,0,G43*M43) -> 4260 | P43: =IF(G43=0,0,G43*N43) -> 51120
E44: =Manning!E44 -> FRONT OFFICE SUPERVISOR | F44: =Manning!F44 -> 0 | G44: =Manning!H44 -> 2 | H44: =Manning!I44 -> L | I44: =Manning!J44 -> L5 | J44: 4000 | K44: 0.42 | L44: =J44*K44 -> 1680 | M44: =IF(G44=0,0,J44+L44) -> 5680 | N44: =IF(G44=0,0,M44*12) -> 68160 | O44: =IF(G44=0,0,G44*M44) -> 11360 | P44: =IF(G44=0,0,G44*N44) -> 136320
E45: =Manning!E45 -> RECEPTIONIST | F45: =Manning!F45 -> 0 | G45: =Manning!H45 -> 6 | H45: =Manning!I45 -> L | I45: =Manning!J45 -> L7 | J45: 3000 | K45: 0.42 | L45: =J45*K45 -> 1260 | M45: =IF(G45=0,0,J45+L45) -> 4260 | N45: =IF(G45=0,0,M45*12) -> 51120 | O45: =IF(G45=0,0,G45*M45) -> 25560 | P45: =IF(G45=0,0,G45*N45) -> 306720
E46: =Manning!E46 -> ADDITIONAL POSITION 1 | G46: =Manning!H46 -> 0 | H46: =Manning!I46 -> L | I46: =Manning!J46 -> 0 | L46: =J46*K46 -> 0 | M46: =IF(G46=0,0,J46+L46) -> 0 | N46: =IF(G46=0,0,M46*12) -> 0 | O46: =IF(G46=0,0,G46*M46) -> 0 | P46: =IF(G46=0,0,G46*N46) -> 0
E47: =Manning!E47 -> ADDITIONAL POSITION 2 | G47: =Manning!H47 -> 0 | H47: =Manning!I47 -> L | I47: =Manning!J47 -> 0 | L47: =J47*K47 -> 0 | M47: =IF(G47=0,0,J47+L47) -> 0 | N47: =IF(G47=0,0,M47*12) -> 0 | O47: =IF(G47=0,0,G47*M47) -> 0 | P47: =IF(G47=0,0,G47*N47) -> 0
E49: ="TOTAL "&E37 -> TOTAL FRONT OFFICE | G49: =SUM(G38:G48) -> 13 | J49: =SUM(J38:J48) -> 39000 | L49: =SUM(L38:L48) -> 16380 | M49: =SUM(M38:M48) -> 55380 | N49: =SUM(N38:N48) -> 664560 | O49: =SUM(O38:O48) -> 82360 | P49: =SUM(P38:P48) -> 988320
E51: =Manning!E51 -> EXECUTIVE FLOOR
E53: =Manning!E53 -> EXECUTIVE FLOOR MANAGER | G53: =Manning!H53 -> 1 | H53: =Manning!I53 -> L | I53: =Manning!J53 -> L4 | J53: 5000 | K53: 0.42 | L53: =J53*K53 -> 2100 | M53: =IF(G53=0,0,J53+L53) -> 7100 | N53: =IF(G53=0,0,M53*12) -> 85200 | O53: =IF(G53=0,0,G53*M53) -> 7100 | P53: =IF(G53=0,0,G53*N53) -> 85200
E54: =Manning!E54 -> EXECUTIVE FLOOR ASSISTANT MANAGER | G54: =Manning!H54 -> 1 | H54: =Manning!I54 -> L | I54: =Manning!J54 -> L5 | J54: 4000 | K54: 0.42 | L54: =J54*K54 -> 1680 | M54: =IF(G54=0,0,J54+L54) -> 5680 | N54: =IF(G54=0,0,M54*12) -> 68160 | O54: =IF(G54=0,0,G54*M54) -> 5680 | P54: =IF(G54=0,0,G54*N54) -> 68160
E55: =Manning!E55 -> EXECUTIVE FLOOR OFFICER | G55: =Manning!H55 -> 3 | H55: =Manning!I55 -> L | I55: =Manning!J55 -> L7 | J55: 3000 | K55: 0.42 | L55: =J55*K55 -> 1260 | M55: =IF(G55=0,0,J55+L55) -> 4260 | N55: =IF(G55=0,0,M55*12) -> 51120 | O55: =IF(G55=0,0,G55*M55) -> 12780 | P55: =IF(G55=0,0,G55*N55) -> 153360
E56: =Manning!E56 -> EXECUTIVE FLOOR BUTLER | G56: =Manning!H56 -> 0 | H56: =Manning!I56 -> L | L56: =J56*K56 -> 0 | M56: =IF(G56=0,0,J56+L56) -> 0 | N56: =IF(G56=0,0,M56*12) -> 0 | O56: =IF(G56=0,0,G56*M56) -> 0 | P56: =IF(G56=0,0,G56*N56) -> 0
E57: =Manning!E57 -> ADDITIONAL POSITION 1 | G57: =Manning!H57 -> 0 | H57: =Manning!I57 -> L | L57: =J57*K57 -> 0 | M57: =IF(G57=0,0,J57+L57) -> 0 | N57: =IF(G57=0,0,M57*12) -> 0 | O57: =IF(G57=0,0,G57*M57) -> 0 | P57: =IF(G57=0,0,G57*N57) -> 0
E58: =Manning!E58 -> ADDITIONAL POSITION 2 | G58: =Manning!H58 -> 0 | H58: =Manning!I58 -> L | L58: =J58*K58 -> 0 | M58: =IF(G58=0,0,J58+L58) -> 0 | N58: =IF(G58=0,0,M58*12) -> 0 | O58: =IF(G58=0,0,G58*M58) -> 0 | P58: =IF(G58=0,0,G58*N58) -> 0
E60: ="TOTAL "&E51 -> TOTAL EXECUTIVE FLOOR | G60: =SUM(G52:G59) -> 5 | J60: =SUM(J52:J59) -> 12000 | L60: =SUM(L52:L59) -> 5040 | M60: =SUM(M52:M59) -> 17040 | N60: =SUM(N52:N59) -> 204480 | O60: =SUM(O52:O59) -> 25560 | P60: =SUM(P52:P59) -> 306720
E62: =Manning!E62 -> CONGIERGE
E64: =Manning!E64 -> HEAD CONCIERGE | F64: =Manning!F64 -> 0 | G64: =Manning!H64 -> 1 | H64: =Manning!I64 -> L | I64: =Manning!J64 -> L5 | J64: 7000 | K64: 0.42 | L64: =J64*K64 -> 2940 | M64: =IF(G64=0,0,J64+L64) -> 9940 | N64: =IF(G64=0,0,M64*12) -> 119280 | O64: =IF(G64=0,0,G64*M64) -> 9940 | P64: =IF(G64=0,0,G64*N64) -> 119280
E65: =Manning!E65 -> ASSISTANT CHIEF CONCIERGE | F65: =Manning!F65 -> 0 | G65: =Manning!H65 -> 1 | H65: =Manning!I65 -> L | I65: =Manning!J65 -> L5 | J65: 5000 | K65: 0.42 | L65: =J65*K65 -> 2100 | M65: =IF(G65=0,0,J65+L65) -> 7100 | N65: =IF(G65=0,0,M65*12) -> 85200 | O65: =IF(G65=0,0,G65*M65) -> 7100 | P65: =IF(G65=0,0,G65*N65) -> 85200
E66: =Manning!E66 -> BELL BOY / PORTER | G66: =Manning!H66 -> 0 | H66: =Manning!I66 -> L | I66: =Manning!J66 -> L7 | L66: =J66*K66 -> 0 | M66: =IF(G66=0,0,J66+L66) -> 0 | N66: =IF(G66=0,0,M66*12) -> 0 | O66: =IF(G66=0,0,G66*M66) -> 0 | P66: =IF(G66=0,0,G66*N66) -> 0
E67: =Manning!E67 -> DOOR MAN/LADY | F67: =Manning!F67 -> 0 | G67: =Manning!H67 -> 3 | H67: =Manning!I67 -> L | I67: =Manning!J67 -> L7 | J67: 1750 | K67: 0.42 | L67: =J67*K67 -> 735 | M67: =IF(G67=0,0,J67+L67) -> 2485 | N67: =IF(G67=0,0,M67*12) -> 29820 | O67: =IF(G67=0,0,G67*M67) -> 7455 | P67: =IF(G67=0,0,G67*N67) -> 89460
E68: =Manning!E68 -> DOOR MAN/LADY | F68: =Manning!F68 -> 0 | G68: =Manning!H68 -> 3 | H68: =Manning!I68 -> L | I68: =Manning!J68 -> L7 | J68: 1750 | K68: 0.42 | L68: =J68*K68 -> 735 | M68: =IF(G68=0,0,J68+L68) -> 2485 | N68: =IF(G68=0,0,M68*12) -> 29820 | O68: =IF(G68=0,0,G68*M68) -> 7455 | P68: =IF(G68=0,0,G68*N68) -> 89460
E69: =Manning!E69 -> LIMOSINE DRIVER | F69: =Manning!F69 -> 0 | G69: =Manning!H69 -> 1 | H69: =Manning!I69 -> L | I69: =Manning!J69 -> L7 | J69: 2000 | K69: 0.42 | L69: =J69*K69 -> 840 | M69: =IF(G69=0,0,J69+L69) -> 2840 | N69: =IF(G69=0,0,M69*12) -> 34080 | O69: =IF(G69=0,0,G69*M69) -> 2840 | P69: =IF(G69=0,0,G69*N69) -> 34080
E70: =Manning!E70 -> TRANSPORT DRIVER | G70: =Manning!H70 -> 1 | H70: =Manning!I70 -> L | I70: =Manning!J70 -> 0 | J70: 1750 | K70: 0.42 | L70: =J70*K70 -> 735 | M70: =IF(G70=0,0,J70+L70) -> 2485 | N70: =IF(G70=0,0,M70*12) -> 29820 | O70: =IF(G70=0,0,G70*M70) -> 2485 | P70: =IF(G70=0,0,G70*N70) -> 29820
E71: =Manning!E71 -> AIRPORT REPRESENTITIVE | G71: =Manning!H71 -> 0 | H71: =Manning!I71 -> L | L71: =J71*K71 -> 0 | M71: =IF(G71=0,0,J71+L71) -> 0 | N71: =IF(G71=0,0,M71*12) -> 0 | O71: =IF(G71=0,0,G71*M71) -> 0 | P71: =IF(G71=0,0,G71*N71) -> 0
E72: =Manning!E72 -> ADDITIONAL POSITION 1 | G72: =Manning!H72 -> 0 | H72: =Manning!I72 -> L | L72: =J72*K72 -> 0 | M72: =IF(G72=0,0,J72+L72) -> 0 | N72: =IF(G72=0,0,M72*12) -> 0 | O72: =IF(G72=0,0,G72*M72) -> 0 | P72: =IF(G72=0,0,G72*N72) -> 0
E73: =Manning!E73 -> ADDITIONAL POSITION 2 | G73: =Manning!H73 -> 0 | H73: =Manning!I73 -> L | L73: =J73*K73 -> 0 | M73: =IF(G73=0,0,J73+L73) -> 0 | N73: =IF(G73=0,0,M73*12) -> 0 | O73: =IF(G73=0,0,G73*M73) -> 0 | P73: =IF(G73=0,0,G73*N73) -> 0
E75: ="TOTAL "&E62 -> TOTAL CONGIERGE | G75: =SUM(G63:G74) -> 10 | J75: =SUM(J63:J74) -> 19250 | L75: =SUM(L63:L74) -> 8085 | M75: =SUM(M63:M74) -> 27335 | N75: =SUM(N63:N74) -> 328020 | O75: =SUM(O63:O74) -> 37275 | P75: =SUM(P63:P74) -> 447300
E77: =Manning!E77 -> P.A.B.X.
E79: =Manning!E79 -> TELEPHONE SUPERVISOR | F79: =Manning!F79 -> 0 | G79: =Manning!H79 -> 1 | H79: =Manning!I79 -> L | I79: =Manning!J79 -> L5 | J79: 4000 | K79: 0.42 | L79: =J79*K79 -> 1680 | M79: =IF(G79=0,0,J79+L79) -> 5680 | N79: =IF(G79=0,0,M79*12) -> 68160 | O79: =IF(G79=0,0,G79*M79) -> 5680 | P79: =IF(G79=0,0,G79*N79) -> 68160
E80: =Manning!E80 -> TELEPHONE CAPTAIN | F80: =Manning!F80 -> 0 | G80: =Manning!H80 -> 0 | H80: =Manning!I80 -> L | L80: =J80*K80 -> 0 | M80: =IF(G80=0,0,J80+L80) -> 0 | N80: =IF(G80=0,0,M80*12) -> 0 | O80: =IF(G80=0,0,G80*M80) -> 0 | P80: =IF(G80=0,0,G80*N80) -> 0
E81: =Manning!E81 -> TELEPHONE OPERATOR | F81: =Manning!F81 -> 0 | G81: =Manning!H81 -> 3 | H81: =Manning!I81 -> L | I81: =Manning!J81 -> L7 | J81: 2500 | K81: 0.42 | L81: =J81*K81 -> 1050 | M81: =IF(G81=0,0,J81+L81) -> 3550 | N81: =IF(G81=0,0,M81*12) -> 42600 | O81: =IF(G81=0,0,G81*M81) -> 10650 | P81: =IF(G81=0,0,G81*N81) -> 127800
E82: =Manning!E82 -> ADDITIONAL POSITION 1 | G82: =Manning!H82 -> 0 | H82: =Manning!I82 -> L | L82: =J82*K82 -> 0 | M82: =IF(G82=0,0,J82+L82) -> 0 | N82: =IF(G82=0,0,M82*12) -> 0 | O82: =IF(G82=0,0,G82*M82) -> 0 | P82: =IF(G82=0,0,G82*N82) -> 0
E83: =Manning!E83 -> ADDITIONAL POSITION 2 | G83: =Manning!H83 -> 0 | H83: =Manning!I83 -> L | L83: =J83*K83 -> 0 | M83: =IF(G83=0,0,J83+L83) -> 0 | N83: =IF(G83=0,0,M83*12) -> 0 | O83: =IF(G83=0,0,G83*M83) -> 0 | P83: =IF(G83=0,0,G83*N83) -> 0
E85: ="TOTAL "&E77 -> TOTAL P.A.B.X. | G85: =SUM(G78:G84) -> 4 | J85: =SUM(J78:J84) -> 6500 | L85: =SUM(L78:L84) -> 2730 | M85: =SUM(M78:M84) -> 9230 | N85: =SUM(N78:N84) -> 110760 | O85: =SUM(O78:O84) -> 16330 | P85: =SUM(P78:P84) -> 195960
E87: =Manning!E87 -> BUSINESS CENTRE
E89: =Manning!E89 -> BUSINESS CENTRE SUPERVISOR | F89: =Manning!F89 -> 0 | G89: =Manning!H89 -> 1 | H89: =Manning!I89 -> L | I89: =Manning!J89 -> L5 | J89: 4000 | K89: 0.42 | L89: =J89*K89 -> 1680 | M89: =IF(G89=0,0,J89+L89) -> 5680 | N89: =IF(G89=0,0,M89*12) -> 68160 | O89: =IF(G89=0,0,G89*M89) -> 5680 | P89: =IF(G89=0,0,G89*N89) -> 68160
E90: =Manning!E90 -> BUSINESS CENTRE CAPTAIN | G90: =Manning!H90 -> 1 | H90: =Manning!I90 -> L | I90: =Manning!J90 -> L6 | J90: 3000 | K90: 0.42 | L90: =J90*K90 -> 1260 | M90: =IF(G90=0,0,J90+L90) -> 4260 | N90: =IF(G90=0,0,M90*12) -> 51120 | O90: =IF(G90=0,0,G90*M90) -> 4260 | P90: =IF(G90=0,0,G90*N90) -> 51120
E91: =Manning!E91 -> BUSINESS CENTRE CLERK | F91: =Manning!F91 -> 0 | G91: =Manning!H91 -> 2 | H91: =Manning!I91 -> L | I91: =Manning!J91 -> L7 | J91: 2500 | K91: 0.42 | L91: =J91*K91 -> 1050 | M91: =IF(G91=0,0,J91+L91) -> 3550 | N91: =IF(G91=0,0,M91*12) -> 42600 | O91: =IF(G91=0,0,G91*M91) -> 7100 | P91: =IF(G91=0,0,G91*N91) -> 85200
E92: =Manning!E92 -> ADDITIONAL POSITION 1 | G92: =Manning!H92 -> 0 | H92: =Manning!I92 -> L | L92: =J92*K92 -> 0 | M92: =IF(G92=0,0,J92+L92) -> 0 | N92: =IF(G92=0,0,M92*12) -> 0 | O92: =IF(G92=0,0,G92*M92) -> 0 | P92: =IF(G92=0,0,G92*N92) -> 0
E93: =Manning!E93 -> ADDITIONAL POSITION 2 | G93: =Manning!H93 -> 0 | H93: =Manning!I93 -> L | L93: =J93*K93 -> 0 | M93: =IF(G93=0,0,J93+L93) -> 0 | N93: =IF(G93=0,0,M93*12) -> 0 | O93: =IF(G93=0,0,G93*M93) -> 0 | P93: =IF(G93=0,0,G93*N93) -> 0
E95: ="TOTAL "&E87 -> TOTAL BUSINESS CENTRE | G95: =SUM(G88:G94) -> 4 | J95: =SUM(J88:J94) -> 9500 | L95: =SUM(L88:L94) -> 3990 | M95: =SUM(M88:M94) -> 13490 | N95: =SUM(N88:N94) -> 161880 | O95: =SUM(O88:O94) -> 17040 | P95: =SUM(P88:P94) -> 204480
D96: ="TOTAL "&D36 -> TOTAL FRONT DESK | G96: =+G95+G85+G75+G60+G49 -> 36 | J96: =+J95+J85+J75+J60+J49 -> 86250 | L96: =+L95+L85+L75+L60+L49 -> 36225 | M96: =+M95+M85+M75+M60+M49 -> 122475 | N96: =+N95+N85+N75+N60+N49 -> 1469700 | O96: =+O95+O85+O75+O60+O49 -> 178565 | P96: =+P95+P85+P75+P60+P49 -> 2142780
D98: =Manning!D98 -> HOUSEKEEPING
E99: =Manning!E99 -> HOUSEKEEPING ADMINISTRATION | F99: =Manning!F99 -> 0
E101: =Manning!E101 -> EXECUTIVE HOUSEKEEPER | F101: =Manning!F101 -> 0 | G101: =Manning!H101 -> 1 | H101: =Manning!I101 -> L | I101: =Manning!J101 -> L3 | J101: 15000 | K101: 0.42 | L101: =J101*K101 -> 6300 | M101: =IF(G101=0,0,J101+L101) -> 21300 | N101: =IF(G101=0,0,M101*12) -> 255600 | O101: =IF(G101=0,0,G101*M101) -> 21300 | P101: =IF(G101=0,0,G101*N101) -> 255600
E102: =Manning!E102 -> ASSISTANT EXECUTIVE HOUSEKEEPER | F102: =Manning!F102 -> 0 | G102: =Manning!H102 -> 1 | H102: =Manning!I102 -> L | I102: =Manning!J102 -> L3 | J102: 7500 | K102: 0.42 | L102: =J102*K102 -> 3150 | M102: =IF(G102=0,0,J102+L102) -> 10650 | N102: =IF(G102=0,0,M102*12) -> 127800 | O102: =IF(G102=0,0,G102*M102) -> 10650 | P102: =IF(G102=0,0,G102*N102) -> 127800
E103: =Manning!E103 -> SECRETARY | F103: =Manning!F103 -> 0 | G103: =Manning!H103 -> 0 | H103: =Manning!I103 -> L | L103: =J103*K103 -> 0 | M103: =IF(G103=0,0,J103+L103) -> 0 | N103: =IF(G103=0,0,M103*12) -> 0 | O103: =IF(G103=0,0,G103*M103) -> 0 | P103: =IF(G103=0,0,G103*N103) -> 0
E104: =Manning!E104 -> ADDITIONAL POSITION 1 | G104: =Manning!H104 -> 0 | H104: =Manning!I104 -> L | L104: =J104*K104 -> 0 | M104: =IF(G104=0,0,J104+L104) -> 0 | N104: =IF(G104=0,0,M104*12) -> 0 | O104: =IF(G104=0,0,G104*M104) -> 0 | P104: =IF(G104=0,0,G104*N104) -> 0
E105: =Manning!E105 -> ADDITIONAL POSITION 2 | G105: =Manning!H105 -> 0 | H105: =Manning!I105 -> L | L105: =J105*K105 -> 0 | M105: =IF(G105=0,0,J105+L105) -> 0 | N105: =IF(G105=0,0,M105*12) -> 0 | O105: =IF(G105=0,0,G105*M105) -> 0 | P105: =IF(G105=0,0,G105*N105) -> 0
E107: ="TOTAL "&E99 -> TOTAL HOUSEKEEPING ADMINISTRATION | G107: =SUM(G100:G106) -> 2 | J107: =SUM(J100:J106) -> 22500 | L107: =SUM(L100:L106) -> 9450 | M107: =SUM(M100:M106) -> 31950 | N107: =SUM(N100:N106) -> 383400 | O107: =SUM(O100:O106) -> 31950 | P107: =SUM(P100:P106) -> 383400
E109: =Manning!E109 -> HOUSEKEEPERS
E111: =Manning!E111 -> Srevice Centre (COORDINATOR / ORDER TAKER) | F111: =Manning!F111 -> 0 | G111: =Manning!H111 -> 3 | H111: =Manning!I111 -> L | I111: =Manning!J111 -> L7 | J111: 2500 | K111: 0.42 | L111: =J111*K111 -> 1050 | M111: =IF(G111=0,0,J111+L111) -> 3550 | N111: =IF(G111=0,0,M111*12) -> 42600 | O111: =IF(G111=0,0,G111*M111) -> 10650 | P111: =IF(G111=0,0,G111*N111) -> 127800
E112: =Manning!E112 -> SENIOR FLOOR SUPERVISOR | F112: =Manning!F112 -> 0 | G112: =Manning!H112 -> 0 | H112: =Manning!I112 -> L | L112: =J112*K112 -> 0 | M112: =IF(G112=0,0,J112+L112) -> 0 | N112: =IF(G112=0,0,M112*12) -> 0 | O112: =IF(G112=0,0,G112*M112) -> 0 | P112: =IF(G112=0,0,G112*N112) -> 0
E113: =Manning!E113 -> FLOOR SUPERVISOR | F113: =Manning!F113 -> 0 | G113: =Manning!H113 -> 8 | H113: =Manning!I113 -> L | I113: =Manning!J113 -> L5 | J113: 3000 | K113: 0.42 | L113: =J113*K113 -> 1260 | M113: =IF(G113=0,0,J113+L113) -> 4260 | N113: =IF(G113=0,0,M113*12) -> 51120 | O113: =IF(G113=0,0,G113*M113) -> 34080 | P113: =IF(G113=0,0,G113*N113) -> 408960
E114: =Manning!E114 -> FLOOR CAPTAIN | F114: =Manning!F114 -> 0 | G114: =Manning!H114 -> 11 | H114: =Manning!I114 -> L | I114: =Manning!J114 -> L6 | J114: 2500 | K114: 0.42 | L114: =J114*K114 -> 1050 | M114: =IF(G114=0,0,J114+L114) -> 3550 | N114: =IF(G114=0,0,M114*12) -> 42600 | O114: =IF(G114=0,0,G114*M114) -> 39050 | P114: =IF(G114=0,0,G114*N114) -> 468600
E115: =Manning!E115 -> MINIBAR ATTENDANT | F115: =Manning!F115 -> 0 | G115: =Manning!H115 -> 8 | H115: =Manning!I115 -> L | I115: =Manning!J115 -> L7 | J115: 2000 | K115: 0.42 | L115: =J115*K115 -> 840 | M115: =IF(G115=0,0,J115+L115) -> 2840 | N115: =IF(G115=0,0,M115*12) -> 34080 | O115: =IF(G115=0,0,G115*M115) -> 22720 | P115: =IF(G115=0,0,G115*N115) -> 272640
E116: =Manning!E116 -> ROOM ATTENDANT | F116: =Manning!F116 -> 0 | G116: =Manning!H116 -> 34 | H116: =Manning!I116 -> L | I116: =Manning!J116 -> L7 | J116: 2000 | K116: 0.42 | L116: =J116*K116 -> 840 | M116: =IF(G116=0,0,J116+L116) -> 2840 | N116: =IF(G116=0,0,M116*12) -> 34080 | O116: =IF(G116=0,0,G116*M116) -> 96560 | P116: =IF(G116=0,0,G116*N116) -> 1158720
E117: =Manning!E117 -> Night Service | G117: =Manning!H117 -> 3 | H117: =Manning!I117 -> L | I117: =Manning!J117 -> L7 | J117: 2000 | K117: 0.42 | L117: =J117*K117 -> 840 | M117: =IF(G117=0,0,J117+L117) -> 2840 | N117: =IF(G117=0,0,M117*12) -> 34080 | O117: =IF(G117=0,0,G117*M117) -> 8520 | P117: =IF(G117=0,0,G117*N117) -> 102240
E118: =Manning!E118 -> ADDITIONAL POSITION 2 | G118: =Manning!H118 -> 0 | H118: =Manning!I118 -> L | L118: =J118*K118 -> 0 | M118: =IF(G118=0,0,J118+L118) -> 0 | N118: =IF(G118=0,0,M118*12) -> 0 | O118: =IF(G118=0,0,G118*M118) -> 0 | P118: =IF(G118=0,0,G118*N118) -> 0
E120: ="TOTAL "&E109 -> TOTAL HOUSEKEEPERS | G120: =SUM(G110:G119) -> 67 | J120: =SUM(J110:J119) -> 14000 | L120: =SUM(L110:L119) -> 5880 | M120: =SUM(M110:M119) -> 19880 | N120: =SUM(N110:N119) -> 238560 | O120: =SUM(O110:O119) -> 211580 | P120: =SUM(P110:P119) -> 2538960
E122: =Manning!E122 -> PUBLIC AREA
E124: =Manning!E124 -> PUBLIC AREA MANAGER | F124: =Manning!F124 -> 0 | G124: =Manning!H124 -> 1 | H124: =Manning!I124 -> L | I124: =Manning!J124 -> L4 | J124: 4000 | K124: 0.42 | L124: =J124*K124 -> 1680 | M124: =IF(G124=0,0,J124+L124) -> 5680 | N124: =IF(G124=0,0,M124*12) -> 68160 | O124: =IF(G124=0,0,G124*M124) -> 5680 | P124: =IF(G124=0,0,G124*N124) -> 68160
E125: =Manning!E125 -> PUBLIC AREA SUPERVISOR | F125: =Manning!F125 -> 0 | G125: =Manning!H125 -> 2 | H125: =Manning!I125 -> L | I125: =Manning!J125 -> L5 | J125: 3000 | K125: 0.42 | L125: =J125*K125 -> 1260 | M125: =IF(G125=0,0,J125+L125) -> 4260 | N125: =IF(G125=0,0,M125*12) -> 51120 | O125: =IF(G125=0,0,G125*M125) -> 8520 | P125: =IF(G125=0,0,G125*N125) -> 102240
E126: =Manning!E126 -> PUBLIC AREA ATTENDANT | F126: =Manning!F126 -> 0 | G126: =Manning!H126 -> 16 | H126: =Manning!I126 -> L | I126: =Manning!J126 -> L7 | J126: 1750 | K126: 0.42 | L126: =J126*K126 -> 735 | M126: =IF(G126=0,0,J126+L126) -> 2485 | N126: =IF(G126=0,0,M126*12) -> 29820 | O126: =IF(G126=0,0,G126*M126) -> 39760 | P126: =IF(G126=0,0,G126*N126) -> 477120
E127: =Manning!E127 -> ADDITIONAL POSITION 1 | G127: =Manning!H127 -> 0 | H127: =Manning!I127 -> L | L127: =J127*K127 -> 0 | M127: =IF(G127=0,0,J127+L127) -> 0 | N127: =IF(G127=0,0,M127*12) -> 0 | O127: =IF(G127=0,0,G127*M127) -> 0 | P127: =IF(G127=0,0,G127*N127) -> 0
E128: =Manning!E128 -> ADDITIONAL POSITION 2 | G128: =Manning!H128 -> 0 | H128: =Manning!I128 -> L | L128: =J128*K128 -> 0 | M128: =IF(G128=0,0,J128+L128) -> 0 | N128: =IF(G128=0,0,M128*12) -> 0 | O128: =IF(G128=0,0,G128*M128) -> 0 | P128: =IF(G128=0,0,G128*N128) -> 0
E130: ="TOTAL "&E122 -> TOTAL PUBLIC AREA | G130: =SUM(G123:G129) -> 19 | J130: =SUM(J123:J129) -> 8750 | L130: =SUM(L123:L129) -> 3675 | M130: =SUM(M123:M129) -> 12425 | N130: =SUM(N123:N129) -> 149100 | O130: =SUM(O123:O129) -> 53960 | P130: =SUM(P123:P129) -> 647520
D131: ="TOTAL "&D98 -> TOTAL HOUSEKEEPING | G131: =G130+G120+G107 -> 88 | J131: =J130+J120+J107 -> 45250 | L131: =L130+L120+L107 -> 19005 | M131: =M130+M120+M107 -> 64255 | N131: =N130+N120+N107 -> 771060 | O131: =O130+O120+O107 -> 297490 | P131: =P130+P120+P107 -> 3569880
E133: =Manning!E133 -> LAUNDRY / LINEN / UNIFORM | F133: =Manning!F133 -> 0
E135: =Manning!E135 -> LAUNDRY MANAGER | F135: =Manning!F135 -> 0 | G135: =Manning!H135 -> 1 | H135: =Manning!I135 -> L | I135: =Manning!J135 -> L4 | J135: 8000 | K135: 0.42 | L135: =J135*K135 -> 3360 | M135: =IF(G135=0,0,J135+L135) -> 11360 | N135: =IF(G135=0,0,M135*12) -> 136320 | O135: =IF(G135=0,0,G135*M135) -> 11360 | P135: =IF(G135=0,0,G135*N135) -> 136320
E136: =Manning!E136 -> LAUNDRY SUPERVISOR | F136: =Manning!F136 -> 0 | G136: =Manning!H136 -> 1 | H136: =Manning!I136 -> L | I136: =Manning!J136 -> L5 | J136: 3000 | K136: 0.42 | L136: =J136*K136 -> 1260 | M136: =IF(G136=0,0,J136+L136) -> 4260 | N136: =IF(G136=0,0,M136*12) -> 51120 | O136: =IF(G136=0,0,G136*M136) -> 4260 | P136: =IF(G136=0,0,G136*N136) -> 51120
E137: =Manning!E137 -> LAUNDRY ATTENDANT | F137: =Manning!F137 -> 0 | G137: =Manning!H137 -> 3 | H137: =Manning!I137 -> L | I137: =Manning!J137 -> L7 | J137: 1750 | K137: 0.42 | L137: =J137*K137 -> 735 | M137: =IF(G137=0,0,J137+L137) -> 2485 | N137: =IF(G137=0,0,M137*12) -> 29820 | O137: =IF(G137=0,0,G137*M137) -> 7455 | P137: =IF(G137=0,0,G137*N137) -> 89460
E138: =Manning!E138 -> UNIFORM SUPERVISOR | F138: =Manning!F138 -> 0 | G138: =Manning!H138 -> 1 | H138: =Manning!I138 -> L | I138: =Manning!J138 -> L5 | J138: 2000 | K138: 0.42 | L138: =J138*K138 -> 840 | M138: =IF(G138=0,0,J138+L138) -> 2840 | N138: =IF(G138=0,0,M138*12) -> 34080 | O138: =IF(G138=0,0,G138*M138) -> 2840 | P138: =IF(G138=0,0,G138*N138) -> 34080
...

Sheet Salary Summary
A1: ="SALARY SUMMARY "&SUMMARY!B7 -> SALARY SUMMARY The Hotel
E3: =Manning!E9 -> TITLE | K3: =Manning!K9 -> 43631 | L3: =Manning!L9 -> 43661 | M3: =Manning!M9 -> 43692 | N3: =Manning!N9 -> 43723 | O3: =Manning!O9 -> 43753 | P3: =Manning!P9 -> 43784 | Q3: =Manning!Q9 -> 43814 | R3: =Manning!R9 -> 43845 | ... U3: =Manning!U9 -> 43936 | V3: =Manning!W9 -> 43997 | X3: =Manning!K9 -> 43631 | Y3: =Manning!L9 -> 43661 | Z3: =Manning!M9 -> 43692 | AA3: =Manning!N9 -> 43723 | AB3: =Manning!O9 -> 43753 | AC3: =Manning!P9 -> 43784 | AD3: =Manning!Q9 -> 43814 | AE3: =Manning!R9 -> 43845 | ... AJ3: =Manning!W9 -> 43997
G4: Head count | H4: Status | I4: Level | K4: =Manning!K10 -> 0 | L4: =Manning!L10 -> 0 | M4: =Manning!M10 -> 0 | N4: =Manning!N10 -> 0 | O4: =Manning!O10 -> 0 | P4: =Manning!P10 -> 0 | Q4: =Manning!Q10 -> 0 | R4: =Manning!R10 -> 0 | ... U4: =Manning!U10 -> 0 | V4: =Manning!W10 -> 0 | X4: =Manning!K10 -> 0 | Y4: =Manning!L10 -> 0 | Z4: =Manning!M10 -> 0 | AA4: =Manning!N10 -> 0 | AB4: =Manning!O10 -> 0 | AC4: =Manning!P10 -> 0 | AD4: =Manning!Q10 -> 0 | AE4: =Manning!R10 -> 0 | ... AJ4: =Manning!W10 -> 0
B5: =Manning!B11 -> The Hotel
C6: =Manning!C12 -> EXECUTIVE OFFICE
E7: =Manning!E13 -> EXECUTIVE OFFICE | F7: =Manning!F13 -> 0
E9: =Manning!E15 -> GENERAL MANAGER | F9: =Manning!F15 -> 0 | G9: 1 | H9: =Manning!I15 -> FEX | I9: =Manning!J15 -> ExCom/L1 | K9: =Manning!K15 -> 0 | L9: =Manning!L15 -> 0 | M9: =Manning!M15 -> 0 | N9: =Manning!N15 -> 0 | O9: =Manning!O15 -> 0 | P9: =Manning!P15 -> 0 | Q9: =Manning!Q15 -> 0 | R9: =Manning!R15 -> 1 | ... U9: =Manning!U15 -> 1 | V9: =Manning!W15 -> 1 | X9: =K9*'Salary Level'!$M15 -> 0 | Y9: =L9*'Salary Level'!$M15 -> 0 | Z9: =M9*'Salary Level'!$M15 -> 0 | AA9: =N9*'Salary Level'!$M15 -> 0 | AB9: =O9*'Salary Level'!$M15 -> 0 | AC9: =P9*'Salary Level'!$M15 -> 0 | AD9: =Q9*'Salary Level'!$M15 -> 0 | AE9: =R9*'Salary Level'!$M15 -> 82360 | ... AI9: =V9*'Salary Level'!$M15 -> 82360 | AJ9: =V9*'Salary Level'!$M15 -> 82360 | AK9: =SUM(X9:AJ9) -> 494160
E10: =Manning!E16 -> GENERAL MANAGERS' PERSONAL ASSISTANT | F10: =Manning!F16 -> 0 | G10: =Manning!H16 -> 1 | H10: =Manning!I16 -> L | I10: =Manning!J16 -> L4 | K10: =Manning!K16 -> 0 | L10: =Manning!L16 -> 0 | M10: =Manning!M16 -> 0 | N10: =Manning!N16 -> 0 | O10: =Manning!O16 -> 0 | P10: =Manning!P16 -> 0 | Q10: =Manning!Q16 -> 0 | R10: =Manning!R16 -> 0 | ... U10: =Manning!U16 -> 1 | V10: =Manning!W16 -> 1 | X10: =K10*'Salary Level'!$M16 -> 0 | Y10: =L10*'Salary Level'!$M16 -> 0 | Z10: =M10*'Salary Level'!$M16 -> 0 | AA10: =N10*'Salary Level'!$M16 -> 0 | AB10: =O10*'Salary Level'!$M16 -> 0 | AC10: =P10*'Salary Level'!$M16 -> 0 | AD10: =Q10*'Salary Level'!$M16 -> 0 | AE10: =R10*'Salary Level'!$M16 -> 0 | ... AI10: =V10*'Salary Level'!$M16 -> 9940 | AJ10: =V10*'Salary Level'!$M16 -> 9940 | AK10: =SUM(X10:AJ10) -> 49700
E11: =Manning!E17 -> EXECUTIVE ASSISTANT MANAGER / ROOMS DIVISION | F11: =Manning!F17 -> 0 | G11: =Manning!H17 -> 1 | H11: =Manning!I17 -> L | I11: =Manning!J17 -> ExCom/L2 | K11: =Manning!K17 -> 0 | L11: =Manning!L17 -> 0 | M11: =Manning!M17 -> 0 | N11: =Manning!N17 -> 0 | O11: =Manning!O17 -> 0 | P11: =Manning!P17 -> 0 | Q11: =Manning!Q17 -> 0 | R11: =Manning!R17 -> 0 | ... U11: =Manning!U17 -> 1 | V11: =Manning!W17 -> 1 | X11: =K11*'Salary Level'!$M17 -> 0 | Y11: =L11*'Salary Level'!$M17 -> 0 | Z11: =M11*'Salary Level'!$M17 -> 0 | AA11: =N11*'Salary Level'!$M17 -> 0 | AB11: =O11*'Salary Level'!$M17 -> 0 | AC11: =P11*'Salary Level'!$M17 -> 0 | AD11: =Q11*'Salary Level'!$M17 -> 0 | AE11: =R11*'Salary Level'!$M17 -> 0 | ... AI11: =V11*'Salary Level'!$M17 -> 39050 | AJ11: =V11*'Salary Level'!$M17 -> 39050 | AK11: =SUM(X11:AJ11) -> 195250
E12: =Manning!E18 -> EXECUTIVE ASSISTANT MANAGER / FOOD & BEVERAGE | F12: =Manning!F18 -> 0 | G12: =Manning!H18 -> 1 | H12: =Manning!I18 -> L | I12: =Manning!J18 -> ExCom/L2 | K12: =Manning!K18 -> 0 | L12: =Manning!L18 -> 0 | M12: =Manning!M18 -> 0 | N12: =Manning!N18 -> 0 | O12: =Manning!O18 -> 0 | P12: =Manning!P18 -> 0 | Q12: =Manning!Q18 -> 0 | R12: =Manning!R18 -> 0 | ... U12: =Manning!U18 -> 1 | V12: =Manning!W18 -> 1 | X12: =K12*'Salary Level'!$M18 -> 0 | Y12: =L12*'Salary Level'!$M18 -> 0 | Z12: =M12*'Salary Level'!$M18 -> 0 | AA12: =N12*'Salary Level'!$M18 -> 0 | AB12: =O12*'Salary Level'!$M18 -> 0 | AC12: =P12*'Salary Level'!$M18 -> 0 | AD12: =Q12*'Salary Level'!$M18 -> 0 | AE12: =R12*'Salary Level'!$M18 -> 0 | ... AI12: =V12*'Salary Level'!$M18 -> 51120 | AJ12: =V12*'Salary Level'!$M18 -> 51120 | AK12: =SUM(X12:AJ12) -> 255600
E13: =Manning!E19 -> ADDITIONAL POSITION | F13: =Manning!F19 -> 0 | G13: =Manning!H19 -> 0 | H13: =Manning!I19 -> 0 | I13: =Manning!J19 -> 0 | K13: =Manning!K19 -> 0 | L13: =Manning!L19 -> 0 | M13: =Manning!M19 -> 0 | N13: =Manning!N19 -> 0 | O13: =Manning!O19 -> 0 | P13: =Manning!P19 -> 0 | Q13: =Manning!Q19 -> 0 | R13: =Manning!R19 -> 0 | ... U13: =Manning!U19 -> 0 | V13: =Manning!W19 -> 0 | X13: =K13*'Salary Level'!$M19 -> 0 | Y13: =L13*'Salary Level'!$M19 -> 0 | Z13: =M13*'Salary Level'!$M19 -> 0 | AA13: =N13*'Salary Level'!$M19 -> 0 | AB13: =O13*'Salary Level'!$M19 -> 0 | AC13: =P13*'Salary Level'!$M19 -> 0 | AD13: =Q13*'Salary Level'!$M19 -> 0 | AE13: =R13*'Salary Level'!$M19 -> 0 | ... AI13: =V13*'Salary Level'!$M19 -> 0 | AJ13: =V13*'Salary Level'!$M19 -> 0 | AK13: =SUM(X13:AJ13) -> 0
E14: =Manning!E20 -> MANAGEMENT SECRETARY | F14: =Manning!F20 -> 0 | G14: =Manning!H20 -> 1 | H14: =Manning!I20 -> L | I14: =Manning!J20 -> L4 | K14: =Manning!K20 -> 0 | L14: =Manning!L20 -> 0 | M14: =Manning!M20 -> 0 | N14: =Manning!N20 -> 0 | O14: =Manning!O20 -> 0 | P14: =Manning!P20 -> 0 | Q14: =Manning!Q20 -> 0 | R14: =Manning!R20 -> 0 | ... U14: =Manning!U20 -> 1 | V14: =Manning!W20 -> 1 | X14: =K14*'Salary Level'!$M20 -> 0 | Y14: =L14*'Salary Level'!$M20 -> 0 | Z14: =M14*'Salary Level'!$M20 -> 0 | AA14: =N14*'Salary Level'!$M20 -> 0 | AB14: =O14*'Salary Level'!$M20 -> 0 | AC14: =P14*'Salary Level'!$M20 -> 0 | AD14: =Q14*'Salary Level'!$M20 -> 0 | AE14: =R14*'Salary Level'!$M20 -> 0 | ... AI14: =V14*'Salary Level'!$M20 -> 7100 | AJ14: =V14*'Salary Level'!$M20 -> 7100 | AK14: =SUM(X14:AJ14) -> 35500
E15: =Manning!E21 -> MANAGEMENT DRIVER | G15: =Manning!H21 -> 1 | H15: =Manning!I21 -> 0 | I15: =Manning!J21 -> L7 | K15: =Manning!K21 -> 0 | L15: =Manning!L21 -> 0 | M15: =Manning!M21 -> 0 | N15: =Manning!N21 -> 0 | O15: =Manning!O21 -> 0 | P15: =Manning!P21 -> 0 | Q15: =Manning!Q21 -> 0 | R15: =Manning!R21 -> 0 | ... U15: =Manning!U21 -> 1 | V15: =Manning!W21 -> 1 | X15: =K15*'Salary Level'!$M21 -> 0 | Y15: =L15*'Salary Level'!$M21 -> 0 | Z15: =M15*'Salary Level'!$M21 -> 0 | AA15: =N15*'Salary Level'!$M21 -> 0 | AB15: =O15*'Salary Level'!$M21 -> 0 | AC15: =P15*'Salary Level'!$M21 -> 0 | AD15: =Q15*'Salary Level'!$M21 -> 0 | AE15: =R15*'Salary Level'!$M21 -> 0 | ... AI15: =V15*'Salary Level'!$M21 -> 3550 | AJ15: =V15*'Salary Level'!$M21 -> 3550 | AK15: =SUM(X15:AJ15) -> 17750
AK16: =SUM(X16:AJ16) -> 0
E17: ="TOTAL "&E7 -> TOTAL EXECUTIVE OFFICE | G17: =SUM(G8:G16) -> 6 | K17: =Manning!K23 -> 0 | L17: =Manning!L23 -> 0 | M17: =Manning!M23 -> 0 | N17: =Manning!N23 -> 0 | O17: =Manning!O23 -> 0 | P17: =Manning!P23 -> 0 | Q17: =Manning!Q23 -> 0 | R17: =Manning!R23 -> 1 | ... U17: =Manning!U23 -> 6 | V17: =Manning!W23 -> 6 | X17: =SUM(X8:X16) -> 0 | Y17: =SUM(Y8:Y16) -> 0 | Z17: =SUM(Z8:Z16) -> 0 | AA17: =SUM(AA8:AA16) -> 0 | AB17: =SUM(AB8:AB16) -> 0 | AC17: =SUM(AC8:AC16) -> 0 | AD17: =SUM(AD8:AD16) -> 0 | AE17: =SUM(AE8:AE16) -> 82360 | ... AJ17: =SUM(AJ8:AJ16) -> 193120 | AK17: =SUM(X17:AJ17) -> 1047960
C18: ="TOTAL "&C6 -> TOTAL EXECUTIVE OFFICE | G18: =G17 -> 6 | K18: =Manning!K24 -> 0 | L18: =Manning!L24 -> 0 | M18: =Manning!M24 -> 0 | N18: =Manning!N24 -> 0 | O18: =Manning!O24 -> 0 | P18: =Manning!P24 -> 0 | Q18: =Manning!Q24 -> 0 | R18: =Manning!R24 -> 1 | ... U18: =Manning!U24 -> 6 | V18: =Manning!W24 -> 6 | X18: =X17 -> 0 | Y18: =Y17 -> 0 | Z18: =Z17 -> 0 | AA18: =AA17 -> 0 | AB18: =AB17 -> 0 | AC18: =AC17 -> 0 | AD18: =AD17 -> 0 | AE18: =AE17 -> 82360 | ... AJ18: =AJ17 -> 193120 | AK18: =SUM(X18:AJ18) -> 1047960
AK19: =SUM(X19:AJ19) -> 0
C20: =Manning!C26 -> ROOMS DIVISION | AK20: =SUM(X20:AJ20) -> 0
E21: =Manning!E27 -> ROOMS DIVISION ADMINISTRATION | AK21: =SUM(X21:AJ21) -> 0
AK22: =SUM(X22:AJ22) -> 0
E23: =Manning!E29 -> ROOMS DIVISION DIRECTOR | G23: =Manning!H29 -> 0 | H23: =Manning!I29 -> L | I23: =Manning!J29 -> 0 | K23: =Manning!K29 -> 0 | L23: =Manning!L29 -> 0 | M23: =Manning!M29 -> 0 | N23: =Manning!N29 -> 0 | O23: =Manning!O29 -> 0 | P23: =Manning!P29 -> 0 | Q23: =Manning!Q29 -> 0 | R23: =Manning!R29 -> 0 | ... U23: =Manning!U29 -> 0 | V23: =Manning!W29 -> 0 | X23: =K23*'Salary Level'!$M29 -> 0 | Y23: =L23*'Salary Level'!$M29 -> 0 | Z23: =M23*'Salary Level'!$M29 -> 0 | AA23: =N23*'Salary Level'!$M29 -> 0 | AB23: =O23*'Salary Level'!$M29 -> 0 | AC23: =P23*'Salary Level'!$M29 -> 0 | AD23: =Q23*'Salary Level'!$M29 -> 0 | AE23: =R23*'Salary Level'!$M29 -> 0 | ... AH23: =U23*'Salary Level'!$M29 -> 0 | AJ23: =V23*'Salary Level'!$M29 -> 0 | AK23: =SUM(X23:AJ23) -> 0
E24: =Manning!E30 -> SECRETARY | G24: =Manning!H30 -> 0 | H24: =Manning!I30 -> L | I24: =Manning!J30 -> 0 | K24: =Manning!K30 -> 0 | L24: =Manning!L30 -> 0 | M24: =Manning!M30 -> 0 | N24: =Manning!N30 -> 0 | O24: =Manning!O30 -> 0 | P24: =Manning!P30 -> 0 | Q24: =Manning!Q30 -> 0 | R24: =Manning!R30 -> 0 | ... U24: =Manning!U30 -> 0 | V24: =Manning!W30 -> 0 | X24: =K24*'Salary Level'!$M30 -> 0 | Y24: =L24*'Salary Level'!$M30 -> 0 | Z24: =M24*'Salary Level'!$M30 -> 0 | AA24: =N24*'Salary Level'!$M30 -> 0 | AB24: =O24*'Salary Level'!$M30 -> 0 | AC24: =P24*'Salary Level'!$M30 -> 0 | AD24: =Q24*'Salary Level'!$M30 -> 0 | AE24: =R24*'Salary Level'!$M30 -> 0 | ... AH24: =U24*'Salary Level'!$M30 -> 0 | AJ24: =V24*'Salary Level'!$M30 -> 0 | AK24: =SUM(X24:AJ24) -> 0
E25: =Manning!E31 -> ADDITIONAL POSITION 1 | G25: =Manning!H31 -> 0 | H25: =Manning!I31 -> L | I25: =Manning!J31 -> 0 | K25: =Manning!K31 -> 0 | L25: =Manning!L31 -> 0 | M25: =Manning!M31 -> 0 | N25: =Manning!N31 -> 0 | O25: =Manning!O31 -> 0 | P25: =Manning!P31 -> 0 | Q25: =Manning!Q31 -> 0 | R25: =Manning!R31 -> 0 | ... U25: =Manning!U31 -> 0 | V25: =Manning!W31 -> 0 | X25: =K25*'Salary Level'!$M31 -> 0 | Y25: =L25*'Salary Level'!$M31 -> 0 | Z25: =M25*'Salary Level'!$M31 -> 0 | AA25: =N25*'Salary Level'!$M31 -> 0 | AB25: =O25*'Salary Level'!$M31 -> 0 | AC25: =P25*'Salary Level'!$M31 -> 0 | AD25: =Q25*'Salary Level'!$M31 -> 0 | AE25: =R25*'Salary Level'!$M31 -> 0 | ... AH25: =U25*'Salary Level'!$M31 -> 0 | AJ25: =V25*'Salary Level'!$M31 -> 0 | AK25: =SUM(X25:AJ25) -> 0
E26: =Manning!E32 -> ADDITIONAL POSITION 2 | G26: =Manning!H32 -> 0 | H26: =Manning!I32 -> L | I26: =Manning!J32 -> 0 | K26: =Manning!K32 -> 0 | L26: =Manning!L32 -> 0 | M26: =Manning!M32 -> 0 | N26: =Manning!N32 -> 0 | O26: =Manning!O32 -> 0 | P26: =Manning!P32 -> 0 | Q26: =Manning!Q32 -> 0 | R26: =Manning!R32 -> 0 | ... U26: =Manning!U32 -> 0 | V26: =Manning!W32 -> 0 | X26: =K26*'Salary Level'!$M32 -> 0 | Y26: =L26*'Salary Level'!$M32 -> 0 | Z26: =M26*'Salary Level'!$M32 -> 0 | AA26: =N26*'Salary Level'!$M32 -> 0 | AB26: =O26*'Salary Level'!$M32 -> 0 | AC26: =P26*'Salary Level'!$M32 -> 0 | AD26: =Q26*'Salary Level'!$M32 -> 0 | AE26: =R26*'Salary Level'!$M32 -> 0 | ... AH26: =U26*'Salary Level'!$M32 -> 0 | AJ26: =V26*'Salary Level'!$M32 -> 0 | AK26: =SUM(X26:AJ26) -> 0
AK27: =SUM(X27:AJ27) -> 0
E28: ="TOTAL "&E21 -> TOTAL ROOMS DIVISION ADMINISTRATION | G28: =SUM(G22:G27) -> 0 | K28: =Manning!K34 -> 0 | L28: =Manning!L34 -> 0 | M28: =Manning!M34 -> 0 | N28: =Manning!N34 -> 0 | O28: =Manning!O34 -> 0 | P28: =Manning!P34 -> 0 | Q28: =Manning!Q34 -> 0 | R28: =Manning!R34 -> 0 | ... U28: =Manning!U34 -> 0 | V28: =Manning!W34 -> 0 | X28: =SUM(X22:X27) -> 0 | Y28: =SUM(Y22:Y27) -> 0 | Z28: =SUM(Z22:Z27) -> 0 | AA28: =SUM(AA22:AA27) -> 0 | AB28: =SUM(AB22:AB27) -> 0 | AC28: =SUM(AC22:AC27) -> 0 | AD28: =SUM(AD22:AD27) -> 0 | AE28: =SUM(AE22:AE27) -> 0 | ... AH28: =SUM(AH22:AH27) -> 0 | AJ28: =SUM(AJ22:AJ27) -> 0 | AK28: =SUM(X28:AJ28) -> 0
AK29: =SUM(X29:AJ29) -> 0
D30: =Manning!D36 -> FRONT DESK | AK30: =SUM(X30:AJ30) -> 0
E31: =Manning!E37 -> FRONT OFFICE | F31: =Manning!F37 -> 0 | AK31: =SUM(X31:AJ31) -> 0
AK32: =SUM(X32:AJ32) -> 0
E33: =Manning!E39 -> FRONT OFFICE MANAGER | F33: =Manning!F39 -> 0 | G33: 2 | H33: =Manning!I39 -> L | I33: =Manning!J39 -> L3 | K33: =Manning!K39 -> 0 | L33: =Manning!L39 -> 0 | M33: =Manning!M39 -> 0 | N33: =Manning!N39 -> 0 | O33: =Manning!O39 -> 0 | P33: =Manning!P39 -> 0 | Q33: =Manning!Q39 -> 0 | R33: =Manning!R39 -> 0 | ... U33: =Manning!U39 -> 1 | V33: =Manning!W39 -> 1 | X33: =K33*'Salary Level'!$M39 -> 0 | Y33: =L33*'Salary Level'!$M39 -> 0 | Z33: =M33*'Salary Level'!$M39 -> 0 | AA33: =N33*'Salary Level'!$M39 -> 0 | AB33: =O33*'Salary Level'!$M39 -> 0 | AC33: =P33*'Salary Level'!$M39 -> 0 | AD33: =Q33*'Salary Level'!$M39 -> 0 | AE33: =R33*'Salary Level'!$M39 -> 0 | ... AI33: =V33*'Salary Level'!$M39 -> 17040 | AJ33: =V33*'Salary Level'!$M39 -> 17040 | AK33: =SUM(X33:AJ33) -> 85200
E34: =Manning!E40 -> ASSISTANT F/O MANAGER | F34: =Manning!F40 -> 0 | G34: =Manning!H40 -> 1 | H34: =Manning!I40 -> L | I34: =Manning!J40 -> L4 | K34: =Manning!K40 -> 0 | L34: =Manning!L40 -> 0 | M34: =Manning!M40 -> 0 | N34: =Manning!N40 -> 0 | O34: =Manning!O40 -> 0 | P34: =Manning!P40 -> 0 | Q34: =Manning!Q40 -> 0 | R34: =Manning!R40 -> 0 | ... U34: =Manning!U40 -> 1 | V34: =Manning!W40 -> 1 | X34: =K34*'Salary Level'!$M40 -> 0 | Y34: =L34*'Salary Level'!$M40 -> 0 | Z34: =M34*'Salary Level'!$M40 -> 0 | AA34: =N34*'Salary Level'!$M40 -> 0 | AB34: =O34*'Salary Level'!$M40 -> 0 | AC34: =P34*'Salary Level'!$M40 -> 0 | AD34: =Q34*'Salary Level'!$M40 -> 0 | AE34: =R34*'Salary Level'!$M40 -> 0 | ... AI34: =V34*'Salary Level'!$M40 -> 9940 | AJ34: =V34*'Salary Level'!$M40 -> 9940 | AK34: =SUM(X34:AJ34) -> 39760
E35: =Manning!E531 -> REVENUE MANAGER | F35: =Manning!F531 -> 0 | G35: =Manning!H531 -> 1 | H35: =Manning!I531 -> L | I35: =Manning!J531 -> L4 | K35: =Manning!K531 -> 0 | L35: =Manning!L531 -> 0 | M35: =Manning!M531 -> 0 | N35: =Manning!N531 -> 0 | O35: =Manning!O531 -> 0 | P35: =Manning!P531 -> 0 | Q35: =Manning!Q531 -> 0 | R35: =Manning!R531 -> 0 | ... U35: =Manning!U531 -> 1 | V35: =Manning!W531 -> 1 | X35: =K35*'Salary Level'!$M531 -> 0 | Y35: =L35*'Salary Level'!$M531 -> 0 | Z35: =M35*'Salary Level'!$M531 -> 0 | AA35: =N35*'Salary Level'!$M531 -> 0 | AB35: =O35*'Salary Level'!$M531 -> 0 | AC35: =P35*'Salary Level'!$M531 -> 0 | AD35: =Q35*'Salary Level'!$M531 -> 0 | AE35: =R35*'Salary Level'!$M531 -> 0 | ... AH35: =U35*'Salary Level'!$M531 -> 9940 | AI35: =V35*'Salary Level'!$M41 -> 7100 | AJ35: =V35*'Salary Level'!$M531 -> 9940 | AK35: =SUM(X35:AJ35) -> 26980
E36: =Manning!E41 -> GUEST SERVICES MANAGER / NIGHT MANAGER | F36: =Manning!F41 -> 0 | G36: =Manning!H41 -> 1 | H36: =Manning!I41 -> L | I36: =Manning!J41 -> L4 | K36: =Manning!K41 -> 0 | L36: =Manning!L41 -> 0 | M36: =Manning!M41 -> 0 | N36: =Manning!N41 -> 0 | O36: =Manning!O41 -> 0 | P36: =Manning!P41 -> 0 | Q36: =Manning!Q41 -> 0 | R36: =Manning!R41 -> 0 | ... U36: =Manning!U41 -> 0 | V36: =Manning!W41 -> 1 | X36: =K36*'Salary Level'!$M41 -> 0 | Y36: =L36*'Salary Level'!$M41 -> 0 | Z36: =M36*'Salary Level'!$M41 -> 0 | AA36: =N36*'Salary Level'!$M41 -> 0 | AB36: =O36*'Salary Level'!$M41 -> 0 | AC36: =P36*'Salary Level'!$M41 -> 0 | AD36: =Q36*'Salary Level'!$M41 -> 0 | AE36: =R36*'Salary Level'!$M41 -> 0 | ... AH36: =U36*'Salary Level'!$M41 -> 0 | AI36: =V36*'Salary Level'!$M42 -> 7100 | AJ36: =V36*'Salary Level'!$M41 -> 7100 | AK36: =SUM(X36:AJ36) -> 14200
E37: =Manning!E42 -> GUEST RELATIONS MANAGER | F37: =Manning!F42 -> 0 | G37: =Manning!H42 -> 1 | H37: =Manning!I42 -> L | I37: =Manning!J42 -> L6 | K37: =Manning!K42 -> 0 | L37: =Manning!L42 -> 0 | M37: =Manning!M42 -> 0 | N37: =Manning!N42 -> 0 | O37: =Manning!O42 -> 0 | P37: =Manning!P42 -> 0 | Q37: =Manning!Q42 -> 0 | R37: =Manning!R42 -> 0 | ... U37: =Manning!U42 -> 0 | V37: =Manning!W42 -> 1 | X37: =K37*'Salary Level'!$M42 -> 0 | Y37: =L37*'Salary Level'!$M42 -> 0 | Z37: =M37*'Salary Level'!$M42 -> 0 | AA37: =N37*'Salary Level'!$M42 -> 0 | AB37: =O37*'Salary Level'!$M42 -> 0 | AC37: =P37*'Salary Level'!$M42 -> 0 | AD37: =Q37*'Salary Level'!$M42 -> 0 | AE37: =R37*'Salary Level'!$M42 -> 0 | ... AH37: =U37*'Salary Level'!$M42 -> 0 | AI37: =V37*'Salary Level'!$M43 -> 4260 | AJ37: =V37*'Salary Level'!$M42 -> 7100 | AK37: =SUM(X37:AJ37) -> 11360
E38: =Manning!E43 -> GUEST RELATION OFFICER | F38: =Manning!F43 -> 0 | G38: =Manning!H43 -> 1 | H38: =Manning!I43 -> L | I38: =Manning!J43 -> L7 | K38: =Manning!K43 -> 0 | L38: =Manning!L43 -> 0 | M38: =Manning!M43 -> 0 | N38: =Manning!N43 -> 0 | O38: =Manning!O43 -> 0 | P38: =Manning!P43 -> 0 | Q38: =Manning!Q43 -> 0 | R38: =Manning!R43 -> 0 | ... U38: =Manning!U43 -> 0 | V38: =Manning!W43 -> 1 | X38: =K38*'Salary Level'!$M43 -> 0 | Y38: =L38*'Salary Level'!$M43 -> 0 | Z38: =M38*'Salary Level'!$M43 -> 0 | AA38: =N38*'Salary Level'!$M43 -> 0 | AB38: =O38*'Salary Level'!$M43 -> 0 | AC38: =P38*'Salary Level'!$M43 -> 0 | AD38: =Q38*'Salary Level'!$M43 -> 0 | AE38: =R38*'Salary Level'!$M43 -> 0 | ... AH38: =U38*'Salary Level'!$M43 -> 0 | AI38: =V38*'Salary Level'!$M44 -> 5680 | AJ38: =V38*'Salary Level'!$M43 -> 4260 | AK38: =SUM(X38:AJ38) -> 9940
E39: =Manning!E44 -> FRONT OFFICE SUPERVISOR | F39: =Manning!F44 -> 0 | G39: 0 | H39: =Manning!I44 -> L | I39: =Manning!J44 -> L5 | K39: =Manning!K44 -> 0 | L39: =Manning!L44 -> 0 | M39: =Manning!M44 -> 0 | N39: =Manning!N44 -> 0 | O39: =Manning!O44 -> 0 | P39: =Manning!P44 -> 0 | Q39: =Manning!Q44 -> 0 | R39: =Manning!R44 -> 0 | ... U39: =Manning!U44 -> 0 | V39: =Manning!W44 -> 2 | X39: =K39*'Salary Level'!$M44 -> 0 | Y39: =L39*'Salary Level'!$M44 -> 0 | Z39: =M39*'Salary Level'!$M44 -> 0 | AA39: =N39*'Salary Level'!$M44 -> 0 | AB39: =O39*'Salary Level'!$M44 -> 0 | AC39: =P39*'Salary Level'!$M44 -> 0 | AD39: =Q39*'Salary Level'!$M44 -> 0 | AE39: =R39*'Salary Level'!$M44 -> 0 | ... AH39: =U39*'Salary Level'!$M44 -> 0 | AI39: =V39*'Salary Level'!$M45 -> 8520 | AJ39: =V39*'Salary Level'!$M44 -> 11360 | AK39: =SUM(X39:AJ39) -> 19880
E40: =Manning!E45 -> RECEPTIONIST | F40: =Manning!F45 -> 0 | G40: =Manning!H45 -> 6 | H40: =Manning!I45 -> L | I40: =Manning!J45 -> L7 | K40: =Manning!K45 -> 0 | L40: =Manning!L45 -> 0 | M40: =Manning!M45 -> 0 | N40: =Manning!N45 -> 0 | O40: =Manning!O45 -> 0 | P40: =Manning!P45 -> 0 | Q40: =Manning!Q45 -> 0 | R40: =Manning!R45 -> 0 | ... U40: =Manning!U45 -> 0 | V40: =Manning!W45 -> 6 | X40: =K40*'Salary Level'!$M45 -> 0 | Y40: =L40*'Salary Level'!$M45 -> 0 | Z40: =M40*'Salary Level'!$M45 -> 0 | AA40: =N40*'Salary Level'!$M45 -> 0 | AB40: =O40*'Salary Level'!$M45 -> 0 | AC40: =P40*'Salary Level'!$M45 -> 0 | AD40: =Q40*'Salary Level'!$M45 -> 0 | AE40: =R40*'Salary Level'!$M45 -> 0 | ... AH40: =U40*'Salary Level'!$M45 -> 0 | AI40: =V40*'Salary Level'!$M46 -> 0 | AJ40: =V40*'Salary Level'!$M45 -> 25560 | AK40: =SUM(X40:AJ40) -> 25560
E41: =Manning!E46 -> ADDITIONAL POSITION 1 | G41: =Manning!H46 -> 0 | H41: =Manning!I46 -> L | I41: =Manning!J46 -> 0 | K41: =Manning!K46 -> 0 | L41: =Manning!L46 -> 0 | M41: =Manning!M46 -> 0 | N41: =Manning!N46 -> 0 | O41: =Manning!O46 -> 0 | P41: =Manning!P46 -> 0 | Q41: =Manning!Q46 -> 0 | R41: =Manning!R46 -> 0 | ... U41: =Manning!U46 -> 0 | V41: =Manning!W46 -> 0 | X41: =K41*'Salary Level'!$M46 -> 0 | Y41: =L41*'Salary Level'!$M46 -> 0 | Z41: =M41*'Salary Level'!$M46 -> 0 | AA41: =N41*'Salary Level'!$M46 -> 0 | AB41: =O41*'Salary Level'!$M46 -> 0 | AC41: =P41*'Salary Level'!$M46 -> 0 | AD41: =Q41*'Salary Level'!$M46 -> 0 | AE41: =R41*'Salary Level'!$M46 -> 0 | ... AH41: =U41*'Salary Level'!$M46 -> 0 | AI41: =V41*'Salary Level'!$M47 -> 0 | AJ41: =V41*'Salary Level'!$M46 -> 0 | AK41: =SUM(X41:AJ41) -> 0
E42: =Manning!E47 -> ADDITIONAL POSITION 2 | G42: =Manning!H47 -> 0 | H42: =Manning!I47 -> L | I42: =Manning!J47 -> 0 | K42: =Manning!K47 -> 0 | L42: =Manning!L47 -> 0 | M42: =Manning!M47 -> 0 | N42: =Manning!N47 -> 0 | O42: =Manning!O47 -> 0 | P42: =Manning!P47 -> 0 | Q42: =Manning!Q47 -> 0 | R42: =Manning!R47 -> 0 | ... U42: =Manning!U47 -> 0 | V42: =Manning!W47 -> 0 | X42: =K42*'Salary Level'!$M47 -> 0 | Y42: =L42*'Salary Level'!$M47 -> 0 | Z42: =M42*'Salary Level'!$M47 -> 0 | AA42: =N42*'Salary Level'!$M47 -> 0 | AB42: =O42*'Salary Level'!$M47 -> 0 | AC42: =P42*'Salary Level'!$M47 -> 0 | AD42: =Q42*'Salary Level'!$M47 -> 0 | AE42: =R42*'Salary Level'!$M47 -> 0 | ... AH42: =U42*'Salary Level'!$M47 -> 0 | AI42: =V42*'Salary Level'!$M48 -> 0 | AJ42: =V42*'Salary Level'!$M47 -> 0 | AK42: =SUM(X42:AJ42) -> 0
AK43: =SUM(X43:AJ43) -> 0
E44: ="TOTAL "&E31 -> TOTAL FRONT OFFICE | G44: =SUM(G32:G43) -> 13 | K44: =Manning!K49 -> 0 | L44: =Manning!L49 -> 0 | M44: =Manning!M49 -> 0 | N44: =Manning!N49 -> 0 | O44: =Manning!O49 -> 0 | P44: =Manning!P49 -> 0 | Q44: =Manning!Q49 -> 0 | R44: =Manning!R49 -> 0 | ... U44: =Manning!U49 -> 2 | V44: =Manning!W49 -> 13 | X44: =SUM(X32:X43) -> 0 | Y44: =SUM(Y32:Y43) -> 0 | Z44: =SUM(Z32:Z43) -> 0 | AA44: =SUM(AA32:AA43) -> 0 | AB44: =SUM(AB32:AB43) -> 0 | AC44: =SUM(AC32:AC43) -> 0 | AD44: =SUM(AD32:AD43) -> 0 | AE44: =SUM(AE32:AE43) -> 0 | ... AJ44: =SUM(AJ32:AJ43) -> 92300 | AK44: =SUM(X44:AJ44) -> 232880
AK45: =SUM(X45:AJ45) -> 0
E46: =Manning!E51 -> EXECUTIVE FLOOR | AK46: =SUM(X46:AJ46) -> 0
AK47: =SUM(X47:AJ47) -> 0
E48: =Manning!E53 -> EXECUTIVE FLOOR MANAGER | G48: 0 | H48: =Manning!I53 -> L | I48: =Manning!J53 -> L4 | K48: =Manning!K53 -> 0 | L48: =Manning!L53 -> 0 | M48: =Manning!M53 -> 0 | N48: =Manning!N53 -> 0 | O48: =Manning!O53 -> 0 | P48: =Manning!P53 -> 0 | Q48: =Manning!Q53 -> 0 | R48: =Manning!R53 -> 0 | ... U48: =Manning!U53 -> 1 | V48: =Manning!W53 -> 1 | X48: =K48*'Salary Level'!$M53 -> 0 | Y48: =L48*'Salary Level'!$M53 -> 0 | Z48: =M48*'Salary Level'!$M53 -> 0 | AA48: =N48*'Salary Level'!$M53 -> 0 | AB48: =O48*'Salary Level'!$M53 -> 0 | AC48: =P48*'Salary Level'!$M53 -> 0 | AD48: =Q48*'Salary Level'!$M53 -> 0 | AE48: =R48*'Salary Level'!$M53 -> 0 | ... AI48: =V48*'Salary Level'!$M53 -> 7100 | AJ48: =V48*'Salary Level'!$M53 -> 7100 | AK48: =SUM(X48:AJ48) -> 28400
E49: =Manning!E54 -> EXECUTIVE FLOOR ASSISTANT MANAGER | G49: =Manning!H54 -> 1 | H49: =Manning!I54 -> L | I49: =Manning!J54 -> L5 | K49: =Manning!K54 -> 0 | L49: =Manning!L54 -> 0 | M49: =Manning!M54 -> 0 | N49: =Manning!N54 -> 0 | O49: =Manning!O54 -> 0 | P49: =Manning!P54 -> 0 | Q49: =Manning!Q54 -> 0 | R49: =Manning!R54 -> 0 | ... U49: =Manning!U54 -> 1 | V49: =Manning!W54 -> 1 | X49: =K49*'Salary Level'!$M54 -> 0 | Y49: =L49*'Salary Level'!$M54 -> 0 | Z49: =M49*'Salary Level'!$M54 -> 0 | AA49: =N49*'Salary Level'!$M54 -> 0 | AB49: =O49*'Salary Level'!$M54 -> 0 | AC49: =P49*'Salary Level'!$M54 -> 0 | AD49: =Q49*'Salary Level'!$M54 -> 0 | AE49: =R49*'Salary Level'!$M54 -> 0 | ... AI49: =V49*'Salary Level'!$M54 -> 5680 | AJ49: =V49*'Salary Level'!$M54 -> 5680 | AK49: =SUM(X49:AJ49) -> 17040
E50: =Manning!E55 -> EXECUTIVE FLOOR OFFICER | G50: =Manning!H55 -> 3 | H50: =Manning!I55 -> L | I50: =Manning!J55 -> L7 | K50: =Manning!K55 -> 0 | L50: =Manning!L55 -> 0 | M50: =Manning!M55 -> 0 | N50: =Manning!N55 -> 0 | O50: =Manning!O55 -> 0 | P50: =Manning!P55 -> 0 | Q50: =Manning!Q55 -> 0 | R50: =Manning!R55 -> 0 | ... U50: =Manning!U55 -> 0 | V50: =Manning!W55 -> 3 | X50: =K50*'Salary Level'!$M55 -> 0 | Y50: =L50*'Salary Level'!$M55 -> 0 | Z50: =M50*'Salary Level'!$M55 -> 0 | AA50: =N50*'Salary Level'!$M55 -> 0 | AB50: =O50*'Salary Level'!$M55 -> 0 | AC50: =P50*'Salary Level'!$M55 -> 0 | AD50: =Q50*'Salary Level'!$M55 -> 0 | AE50: =R50*'Salary Level'!$M55 -> 0 | ... AI50: =V50*'Salary Level'!$M55 -> 12780 | AJ50: =V50*'Salary Level'!$M55 -> 12780 | AK50: =SUM(X50:AJ50) -> 25560
E51: =Manning!E56 -> EXECUTIVE FLOOR BUTLER | G51: 0 | H51: =Manning!I56 -> L | I51: =Manning!J56 -> 0 | K51: =Manning!K56 -> 0 | L51: =Manning!L56 -> 0 | M51: =Manning!M56 -> 0 | N51: =Manning!N56 -> 0 | O51: =Manning!O56 -> 0 | P51: =Manning!P56 -> 0 | Q51: =Manning!Q56 -> 0 | R51: =Manning!R56 -> 0 | ... U51: =Manning!U56 -> 0 | V51: =Manning!W56 -> 0 | X51: =K51*'Salary Level'!$M56 -> 0 | Y51: =L51*'Salary Level'!$M56 -> 0 | Z51: =M51*'Salary Level'!$M56 -> 0 | AA51: =N51*'Salary Level'!$M56 -> 0 | AB51: =O51*'Salary Level'!$M56 -> 0 | AC51: =P51*'Salary Level'!$M56 -> 0 | AD51: =Q51*'Salary Level'!$M56 -> 0 | AE51: =R51*'Salary Level'!$M56 -> 0 | ... AI51: =V51*'Salary Level'!$M56 -> 0 | AJ51: =V51*'Salary Level'!$M56 -> 0 | AK51: =SUM(X51:AJ51) -> 0
E52: =Manning!E57 -> ADDITIONAL POSITION 1 | G52: =Manning!H57 -> 0 | H52: =Manning!I57 -> L | I52: =Manning!J57 -> 0 | K52: =Manning!K57 -> 0 | L52: =Manning!L57 -> 0 | M52: =Manning!M57 -> 0 | N52: =Manning!N57 -> 0 | O52: =Manning!O57 -> 0 | P52: =Manning!P57 -> 0 | Q52: =Manning!Q57 -> 0 | R52: =Manning!R57 -> 0 | ... U52: =Manning!U57 -> 0 | V52: =Manning!W57 -> 0 | X52: =K52*'Salary Level'!$M57 -> 0 | Y52: =L52*'Salary Level'!$M57 -> 0 | Z52: =M52*'Salary Level'!$M57 -> 0 | AA52: =N52*'Salary Level'!$M57 -> 0 | AB52: =O52*'Salary Level'!$M57 -> 0 | AC52: =P52*'Salary Level'!$M57 -> 0 | AD52: =Q52*'Salary Level'!$M57 -> 0 | AE52: =R52*'Salary Level'!$M57 -> 0 | ... AI52: =V52*'Salary Level'!$M57 -> 0 | AJ52: =V52*'Salary Level'!$M57 -> 0 | AK52: =SUM(X52:AJ52) -> 0
E53: =Manning!E58 -> ADDITIONAL POSITION 2 | G53: =Manning!H58 -> 0 | H53: =Manning!I58 -> L | I53: =Manning!J58 -> 0 | K53: =Manning!K58 -> 0 | L53: =Manning!L58 -> 0 | M53: =Manning!M58 -> 0 | N53: =Manning!N58 -> 0 | O53: =Manning!O58 -> 0 | P53: =Manning!P58 -> 0 | Q53: =Manning!Q58 -> 0 | R53: =Manning!R58 -> 0 | ... U53: =Manning!U58 -> 0 | V53: =Manning!W58 -> 0 | X53: =K53*'Salary Level'!$M58 -> 0 | Y53: =L53*'Salary Level'!$M58 -> 0 | Z53: =M53*'Salary Level'!$M58 -> 0 | AA53: =N53*'Salary Level'!$M58 -> 0 | AB53: =O53*'Salary Level'!$M58 -> 0 | AC53: =P53*'Salary Level'!$M58 -> 0 | AD53: =Q53*'Salary Level'!$M58 -> 0 | AE53: =R53*'Salary Level'!$M58 -> 0 | ... AI53: =V53*'Salary Level'!$M58 -> 0 | AJ53: =V53*'Salary Level'!$M58 -> 0 | AK53: =SUM(X53:AJ53) -> 0
AK54: =SUM(X54:AJ54) -> 0
E55: ="TOTAL "&E46 -> TOTAL EXECUTIVE FLOOR | G55: =SUM(G47:G54) -> 4 | K55: =Manning!K60 -> 0 | L55: =Manning!L60 -> 0 | M55: =Manning!M60 -> 0 | N55: =Manning!N60 -> 0 | O55: =Manning!O60 -> 0 | P55: =Manning!P60 -> 0 | Q55: =Manning!Q60 -> 0 | R55: =Manning!R60 -> 0 | ... U55: =Manning!U60 -> 2 | V55: =Manning!W60 -> 5 | X55: =SUM(X47:X54) -> 0 | Y55: =SUM(Y47:Y54) -> 0 | Z55: =SUM(Z47:Z54) -> 0 | AA55: =SUM(AA47:AA54) -> 0 | AB55: =SUM(AB47:AB54) -> 0 | AC55: =SUM(AC47:AC54) -> 0 | AD55: =SUM(AD47:AD54) -> 0 | AE55: =SUM(AE47:AE54) -> 0 | ... AJ55: =SUM(AJ47:AJ54) -> 25560 | AK55: =SUM(X55:AJ55) -> 71000
AK56: =SUM(X56:AJ56) -> 0
E57: =Manning!E62 -> CONGIERGE | AK57: =SUM(X57:AJ57) -> 0
AK58: =SUM(X58:AJ58) -> 0
E59: =Manning!E64 -> HEAD CONCIERGE | F59: =Manning!F64 -> 0 | G59: =Manning!H64 -> 1 | H59: =Manning!I64 -> L | I59: =Manning!J64 -> L5 | K59: =Manning!K64 -> 0 | L59: =Manning!L64 -> 0 | M59: =Manning!M64 -> 0 | N59: =Manning!N64 -> 0 | O59: =Manning!O64 -> 0 | P59: =Manning!P64 -> 0 | Q59: =Manning!Q64 -> 0 | R59: =Manning!R64 -> 0 | ... U59: =Manning!U64 -> 1 | V59: =Manning!W64 -> 1 | X59: =K59*'Salary Level'!$M64 -> 0 | Y59: =L59*'Salary Level'!$M64 -> 0 | Z59: =M59*'Salary Level'!$M64 -> 0 | AA59: =N59*'Salary Level'!$M64 -> 0 | AB59: =O59*'Salary Level'!$M64 -> 0 | AC59: =P59*'Salary Level'!$M64 -> 0 | AD59: =Q59*'Salary Level'!$M64 -> 0 | AE59: =R59*'Salary Level'!$M64 -> 0 | ... AI59: =V59*'Salary Level'!$M64 -> 9940 | AJ59: =V59*'Salary Level'!$M64 -> 9940 | AK59: =SUM(X59:AJ59) -> 39760
E60: =Manning!E65 -> ASSISTANT CHIEF CONCIERGE | F60: =Manning!F65 -> 0 | G60: =Manning!H65 -> 1 | H60: =Manning!I65 -> L | I60: =Manning!J65 -> L5 | K60: =Manning!K65 -> 0 | L60: =Manning!L65 -> 0 | M60: =Manning!M65 -> 0 | N60: =Manning!N65 -> 0 | O60: =Manning!O65 -> 0 | P60: =Manning!P65 -> 0 | Q60: =Manning!Q65 -> 0 | R60: =Manning!R65 -> 0 | ... U60: =Manning!U65 -> 0 | V60: =Manning!W65 -> 1 | X60: =K60*'Salary Level'!$M65 -> 0 | Y60: =L60*'Salary Level'!$M65 -> 0 | Z60: =M60*'Salary Level'!$M65 -> 0 | AA60: =N60*'Salary Level'!$M65 -> 0 | AB60: =O60*'Salary Level'!$M65 -> 0 | AC60: =P60*'Salary Level'!$M65 -> 0 | AD60: =Q60*'Salary Level'!$M65 -> 0 | AE60: =R60*'Salary Level'!$M65 -> 0 | ... AI60: =V60*'Salary Level'!$M65 -> 7100 | AJ60: =V60*'Salary Level'!$M65 -> 7100 | AK60: =SUM(X60:AJ60) -> 14200
E61: =Manning!E66 -> BELL BOY / PORTER | G61: =Manning!H66 -> 0 | H61: =Manning!I66 -> L | I61: =Manning!J66 -> L7 | K61: =Manning!K66 -> 0 | L61: =Manning!L66 -> 0 | M61: =Manning!M66 -> 0 | N61: =Manning!N66 -> 0 | O61: =Manning!O66 -> 0 | P61: =Manning!P66 -> 0 | Q61: =Manning!Q66 -> 0 | R61: =Manning!R66 -> 0 | ... U61: =Manning!U66 -> 0 | V61: =Manning!W66 -> 0 | X61: =K61*'Salary Level'!$M66 -> 0 | Y61: =L61*'Salary Level'!$M66 -> 0 | Z61: =M61*'Salary Level'!$M66 -> 0 | AA61: =N61*'Salary Level'!$M66 -> 0 | AB61: =O61*'Salary Level'!$M66 -> 0 | AC61: =P61*'Salary Level'!$M66 -> 0 | AD61: =Q61*'Salary Level'!$M66 -> 0 | AE61: =R61*'Salary Level'!$M66 -> 0 | ... AI61: =V61*'Salary Level'!$M66 -> 0 | AJ61: =V61*'Salary Level'!$M66 -> 0 | AK61: =SUM(X61:AJ61) -> 0
E62: =Manning!E67 -> DOOR MAN/LADY | F62: =Manning!F67 -> 0 | G62: =Manning!H67 -> 3 | H62: =Manning!I67 -> L | I62: =Manning!J67 -> L7 | K62: =Manning!K67 -> 0 | L62: =Manning!L67 -> 0 | M62: =Manning!M67 -> 0 | N62: =Manning!N67 -> 0 | O62: =Manning!O67 -> 0 | P62: =Manning!P67 -> 0 | Q62: =Manning!Q67 -> 0 | R62: =Manning!R67 -> 0 | ... U62: =Manning!U67 -> 0 | V62: =Manning!W67 -> 3 | X62: =K62*'Salary Level'!$M67 -> 0 | Y62: =L62*'Salary Level'!$M67 -> 0 | Z62: =M62*'Salary Level'!$M67 -> 0 | AA62: =N62*'Salary Level'!$M67 -> 0 | AB62: =O62*'Salary Level'!$M67 -> 0 | AC62: =P62*'Salary Level'!$M67 -> 0 | AD62: =Q62*'Salary Level'!$M67 -> 0 | AE62: =R62*'Salary Level'!$M67 -> 0 | ... AI62: =V62*'Salary Level'!$M67 -> 7455 | AJ62: =V62*'Salary Level'!$M67 -> 7455 | AK62: =SUM(X62:AJ62) -> 14910
E63: =Manning!E68 -> DOOR MAN/LADY | F63: =Manning!F68 -> 0 | G63: =Manning!H68 -> 3 | H63: =Manning!I68 -> L | I63: =Manning!J68 -> L7 | K63: =Manning!K68 -> 0 | L63: =Manning!L68 -> 0 | M63: =Manning!M68 -> 0 | N63: =Manning!N68 -> 0 | O63: =Manning!O68 -> 0 | P63: =Manning!P68 -> 0 | Q63: =Manning!Q68 -> 0 | R63: =Manning!R68 -> 0 | ... U63: =Manning!U68 -> 0 | V63: =Manning!W68 -> 3 | X63: =K63*'Salary Level'!$M68 -> 0 | Y63: =L63*'Salary Level'!$M68 -> 0 | Z63: =M63*'Salary Level'!$M68 -> 0 | AA63: =N63*'Salary Level'!$M68 -> 0 | AB63: =O63*'Salary Level'!$M68 -> 0 | AC63: =P63*'Salary Level'!$M68 -> 0 | AD63: =Q63*'Salary Level'!$M68 -> 0 | AE63: =R63*'Salary Level'!$M68 -> 0 | ... AI63: =V63*'Salary Level'!$M68 -> 7455 | AJ63: =V63*'Salary Level'!$M68 -> 7455 | AK63: =SUM(X63:AJ63) -> 14910
E64: =Manning!E69 -> LIMOSINE DRIVER | F64: =Manning!F69 -> 0 | G64: =Manning!H69 -> 1 | H64: =Manning!I69 -> L | I64: =Manning!J69 -> L7 | K64: =Manning!K69 -> 0 | L64: =Manning!L69 -> 0 | M64: =Manning!M69 -> 0 | N64: =Manning!N69 -> 0 | O64: =Manning!O69 -> 0 | P64: =Manning!P69 -> 0 | Q64: =Manning!Q69 -> 0 | R64: =Manning!R69 -> 0 | ... U64: =Manning!U69 -> 0 | V64: =Manning!W69 -> 1 | X64: =K64*'Salary Level'!$M69 -> 0 | Y64: =L64*'Salary Level'!$M69 -> 0 | Z64: =M64*'Salary Level'!$M69 -> 0 | AA64: =N64*'Salary Level'!$M69 -> 0 | AB64: =O64*'Salary Level'!$M69 -> 0 | AC64: =P64*'Salary Level'!$M69 -> 0 | AD64: =Q64*'Salary Level'!$M69 -> 0 | AE64: =R64*'Salary Level'!$M69 -> 0 | ... AI64: =V64*'Salary Level'!$M69 -> 2840 | AJ64: =V64*'Salary Level'!$M69 -> 2840 | AK64: =SUM(X64:AJ64) -> 5680
E65: =Manning!E70 -> TRANSPORT DRIVER | G65: =Manning!H70 -> 1 | H65: =Manning!I70 -> L | I65: =Manning!J70 -> 0 | K65: =Manning!K70 -> 0 | L65: =Manning!L70 -> 0 | M65: =Manning!M70 -> 0 | N65: =Manning!N70 -> 0 | O65: =Manning!O70 -> 0 | P65: =Manning!P70 -> 0 | Q65: =Manning!Q70 -> 0 | R65: =Manning!R70 -> 0 | ... U65: =Manning!U70 -> 1 | V65: =Manning!W70 -> 1 | X65: =K65*'Salary Level'!$M70 -> 0 | Y65: =L65*'Salary Level'!$M70 -> 0 | Z65: =M65*'Salary Level'!$M70 -> 0 | AA65: =N65*'Salary Level'!$M70 -> 0 | AB65: =O65*'Salary Level'!$M70 -> 0 | AC65: =P65*'Salary Level'!$M70 -> 0 | AD65: =Q65*'Salary Level'!$M70 -> 0 | AE65: =R65*'Salary Level'!$M70 -> 0 | ... AI65: =V65*'Salary Level'!$M70 -> 2485 | AJ65: =V65*'Salary Level'!$M70 -> 2485 | AK65: =SUM(X65:AJ65) -> 7455
E66: =Manning!E71 -> AIRPORT REPRESENTITIVE | G66: =Manning!H71 -> 0 | H66: =Manning!I71 -> L | I66: =Manning!J71 -> 0 | K66: =Manning!K71 -> 0 | L66: =Manning!L71 -> 0 | M66: =Manning!M71 -> 0 | N66: =Manning!N71 -> 0 | O66: =Manning!O71 -> 0 | P66: =Manning!P71 -> 0 | Q66: =Manning!Q71 -> 0 | R66: =Manning!R71 -> 0 | ... U66: =Manning!U71 -> 0 | V66: =Manning!W71 -> 0 | X66: =K66*'Salary Level'!$M71 -> 0 | Y66: =L66*'Salary Level'!$M71 -> 0 | Z66: =M66*'Salary Level'!$M71 -> 0 | AA66: =N66*'Salary Level'!$M71 -> 0 | AB66: =O66*'Salary Level'!$M71 -> 0 | AC66: =P66*'Salary Level'!$M71 -> 0 | AD66: =Q66*'Salary Level'!$M71 -> 0 | AE66: =R66*'Salary Level'!$M71 -> 0 | ... AI66: =V66*'Salary Level'!$M71 -> 0 | AJ66: =V66*'Salary Level'!$M71 -> 0 | AK66: =SUM(X66:AJ66) -> 0
E67: =Manning!E72 -> ADDITIONAL POSITION 1 | G67: =Manning!H72 -> 0 | H67: =Manning!I72 -> L | I67: =Manning!J72 -> 0 | K67: =Manning!K72 -> 0 | L67: =Manning!L72 -> 0 | M67: =Manning!M72 -> 0 | N67: =Manning!N72 -> 0 | O67: =Manning!O72 -> 0 | P67: =Manning!P72 -> 0 | Q67: =Manning!Q72 -> 0 | R67: =Manning!R72 -> 0 | ... U67: =Manning!U72 -> 0 | V67: =Manning!W72 -> 0 | X67: =K67*'Salary Level'!$M72 -> 0 | Y67: =L67*'Salary Level'!$M72 -> 0 | Z67: =M67*'Salary Level'!$M72 -> 0 | AA67: =N67*'Salary Level'!$M72 -> 0 | AB67: =O67*'Salary Level'!$M72 -> 0 | AC67: =P67*'Salary Level'!$M72 -> 0 | AD67: =Q67*'Salary Level'!$M72 -> 0 | AE67: =R67*'Salary Level'!$M72 -> 0 | ... AI67: =V67*'Salary Level'!$M72 -> 0 | AJ67: =V67*'Salary Level'!$M72 -> 0 | AK67: =SUM(X67:AJ67) -> 0
E68: =Manning!E73 -> ADDITIONAL POSITION 2 | G68: =Manning!H73 -> 0 | H68: =Manning!I73 -> L | I68: =Manning!J73 -> 0 | K68: =Manning!K73 -> 0 | L68: =Manning!L73 -> 0 | M68: =Manning!M73 -> 0 | N68: =Manning!N73 -> 0 | O68: =Manning!O73 -> 0 | P68: =Manning!P73 -> 0 | Q68: =Manning!Q73 -> 0 | R68: =Manning!R73 -> 0 | ... U68: =Manning!U73 -> 0 | V68: =Manning!W73 -> 0 | X68: =K68*'Salary Level'!$M73 -> 0 | Y68: =L68*'Salary Level'!$M73 -> 0 | Z68: =M68*'Salary Level'!$M73 -> 0 | AA68: =N68*'Salary Level'!$M73 -> 0 | AB68: =O68*'Salary Level'!$M73 -> 0 | AC68: =P68*'Salary Level'!$M73 -> 0 | AD68: =Q68*'Salary Level'!$M73 -> 0 | AE68: =R68*'Salary Level'!$M73 -> 0 | ... AI68: =V68*'Salary Level'!$M73 -> 0 | AJ68: =V68*'Salary Level'!$M73 -> 0 | AK68: =SUM(X68:AJ68) -> 0
AK69: =SUM(X69:AJ69) -> 0
E70: ="TOTAL "&E57 -> TOTAL CONGIERGE | G70: =SUM(G58:G69) -> 10 | K70: =Manning!K75 -> 0 | L70: =Manning!L75 -> 0 | M70: =Manning!M75 -> 0 | N70: =Manning!N75 -> 0 | O70: =Manning!O75 -> 0 | P70: =Manning!P75 -> 0 | Q70: =Manning!Q75 -> 0 | R70: =Manning!R75 -> 0 | ... U70: =Manning!U75 -> 2 | V70: =Manning!W75 -> 10 | X70: =SUM(X58:X69) -> 0 | Y70: =SUM(Y58:Y69) -> 0 | Z70: =SUM(Z58:Z69) -> 0 | AA70: =SUM(AA58:AA69) -> 0 | AB70: =SUM(AB58:AB69) -> 0 | AC70: =SUM(AC58:AC69) -> 0 | AD70: =SUM(AD58:AD69) -> 0 | AE70: =SUM(AE58:AE69) -> 0 | ... AJ70: =SUM(AJ58:AJ69) -> 37275 | AK70: =SUM(X70:AJ70) -> 96915
AK71: =SUM(X71:AJ71) -> 0
E72: =Manning!E77 -> P.A.B.X. | AK72: =SUM(X72:AJ72) -> 0
AK73: =SUM(X73:AJ73) -> 0
E74: =Manning!E79 -> TELEPHONE SUPERVISOR | F74: =Manning!F79 -> 0 | G74: =Manning!H79 -> 1 | H74: =Manning!I79 -> L | I74: =Manning!J79 -> L5 | K74: =Manning!K79 -> 0 | L74: =Manning!L79 -> 0 | M74: =Manning!M79 -> 0 | N74: =Manning!N79 -> 0 | O74: =Manning!O79 -> 0 | P74: =Manning!P79 -> 0 | Q74: =Manning!Q79 -> 0 | R74: =Manning!R79 -> 0 | ... U74: =Manning!U79 -> 1 | V74: =Manning!W79 -> 1 | X74: =K74*'Salary Level'!$M79 -> 0 | Y74: =L74*'Salary Level'!$M79 -> 0 | Z74: =M74*'Salary Level'!$M79 -> 0 | AA74: =N74*'Salary Level'!$M79 -> 0 | AB74: =O74*'Salary Level'!$M79 -> 0 | AC74: =P74*'Salary Level'!$M79 -> 0 | AD74: =Q74*'Salary Level'!$M79 -> 0 | AE74: =R74*'Salary Level'!$M79 -> 0 | ... AI74: =V74*'Salary Level'!$M79 -> 5680 | AJ74: =V74*'Salary Level'!$M79 -> 5680 | AK74: =SUM(X74:AJ74) -> 17040
E75: =Manning!E80 -> TELEPHONE CAPTAIN | F75: =Manning!F80 -> 0 | G75: =Manning!H80 -> 0 | H75: =Manning!I80 -> L | I75: =Manning!J80 -> 0 | K75: =Manning!K80 -> 0 | L75: =Manning!L80 -> 0 | M75: =Manning!M80 -> 0 | N75: =Manning!N80 -> 0 | O75: =Manning!O80 -> 0 | P75: =Manning!P80 -> 0 | Q75: =Manning!Q80 -> 0 | R75: =Manning!R80 -> 0 | ... U75: =Manning!U80 -> 0 | V75: =Manning!W80 -> 0 | X75: =K75*'Salary Level'!$M80 -> 0 | Y75: =L75*'Salary Level'!$M80 -> 0 | Z75: =M75*'Salary Level'!$M80 -> 0 | AA75: =N75*'Salary Level'!$M80 -> 0 | AB75: =O75*'Salary Level'!$M80 -> 0 | AC75: =P75*'Salary Level'!$M80 -> 0 | AD75: =Q75*'Salary Level'!$M80 -> 0 | AE75: =R75*'Salary Level'!$M80 -> 0 | ... AI75: =V75*'Salary Level'!$M80 -> 0 | AJ75: =V75*'Salary Level'!$M80 -> 0 | AK75: =SUM(X75:AJ75) -> 0
E76: =Manning!E81 -> TELEPHONE OPERATOR | F76: =Manning!F81 -> 0 | G76: =Manning!H81 -> 3 | H76: =Manning!I81 -> L | I76: =Manning!J81 -> L7 | K76: =Manning!K81 -> 0 | L76: =Manning!L81 -> 0 | M76: =Manning!M81 -> 0 | N76: =Manning!N81 -> 0 | O76: =Manning!O81 -> 0 | P76: =Manning!P81 -> 0 | Q76: =Manning!Q81 -> 0 | R76: =Manning!R81 -> 0 | ... U76: =Manning!U81 -> 1 | V76: =Manning!W81 -> 3 | X76: =K76*'Salary Level'!$M81 -> 0 | Y76: =L76*'Salary Level'!$M81 -> 0 | Z76: =M76*'Salary Level'!$M81 -> 0 | AA76: =N76*'Salary Level'!$M81 -> 0 | AB76: =O76*'Salary Level'!$M81 -> 0 | AC76: =P76*'Salary Level'!$M81 -> 0 | AD76: =Q76*'Salary Level'!$M81 -> 0 | AE76: =R76*'Salary Level'!$M81 -> 0 | ... AI76: =V76*'Salary Level'!$M81 -> 10650 | AJ76: =V76*'Salary Level'!$M81 -> 10650 | AK76: =SUM(X76:AJ76) -> 24850
E77: =Manning!E82 -> ADDITIONAL POSITION 1 | G77: =Manning!H82 -> 0 | H77: =Manning!I82 -> L | I77: =Manning!J82 -> 0 | K77: =Manning!K82 -> 0 | L77: =Manning!L82 -> 0 | M77: =Manning!M82 -> 0 | N77: =Manning!N82 -> 0 | O77: =Manning!O82 -> 0 | P77: =Manning!P82 -> 0 | Q77: =Manning!Q82 -> 0 | R77: =Manning!R82 -> 0 | ... U77: =Manning!U82 -> 0 | V77: =Manning!W82 -> 0 | X77: =K77*'Salary Level'!$M82 -> 0 | Y77: =L77*'Salary Level'!$M82 -> 0 | Z77: =M77*'Salary Level'!$M82 -> 0 | AA77: =N77*'Salary Level'!$M82 -> 0 | AB77: =O77*'Salary Level'!$M82 -> 0 | AC77: =P77*'Salary Level'!$M82 -> 0 | AD77: =Q77*'Salary Level'!$M82 -> 0 | AE77: =R77*'Salary Level'!$M82 -> 0 | ... AI77: =V77*'Salary Level'!$M82 -> 0 | AJ77: =V77*'Salary Level'!$M82 -> 0 | AK77: =SUM(X77:AJ77) -> 0
E78: =Manning!E83 -> ADDITIONAL POSITION 2 | G78: =Manning!H83 -> 0 | H78: =Manning!I83 -> L | I78: =Manning!J83 -> 0 | K78: =Manning!K83 -> 0 | L78: =Manning!L83 -> 0 | M78: =Manning!M83 -> 0 | N78: =Manning!N83 -> 0 | O78: =Manning!O83 -> 0 | P78: =Manning!P83 -> 0 | Q78: =Manning!Q83 -> 0 | R78: =Manning!R83 -> 0 | ... U78: =Manning!U83 -> 0 | V78: =Manning!W83 -> 0 | X78: =K78*'Salary Level'!$M83 -> 0 | Y78: =L78*'Salary Level'!$M83 -> 0 | Z78: =M78*'Salary Level'!$M83 -> 0 | AA78: =N78*'Salary Level'!$M83 -> 0 | AB78: =O78*'Salary Level'!$M83 -> 0 | AC78: =P78*'Salary Level'!$M83 -> 0 | AD78: =Q78*'Salary Level'!$M83 -> 0 | AE78: =R78*'Salary Level'!$M83 -> 0 | ... AI78: =V78*'Salary Level'!$M83 -> 0 | AJ78: =V78*'Salary Level'!$M83 -> 0 | AK78: =SUM(X78:AJ78) -> 0
AK79: =SUM(X79:AJ79) -> 0
E80: ="TOTAL "&E72 -> TOTAL P.A.B.X. | G80: =SUM(G73:G79) -> 4 | K80: =Manning!K85 -> 0 | L80: =Manning!L85 -> 0 | M80: =Manning!M85 -> 0 | N80: =Manning!N85 -> 0 | O80: =Manning!O85 -> 0 | P80: =Manning!P85 -> 0 | Q80: =Manning!Q85 -> 0 | R80: =Manning!R85 -> 0 | ... U80: =Manning!U85 -> 2 | V80: =Manning!W85 -> 4 | X80: =SUM(X73:X79) -> 0 | Y80: =SUM(Y73:Y79) -> 0 | Z80: =SUM(Z73:Z79) -> 0 | AA80: =SUM(AA73:AA79) -> 0 | AB80: =SUM(AB73:AB79) -> 0 | AC80: =SUM(AC73:AC79) -> 0 | AD80: =SUM(AD73:AD79) -> 0 | AE80: =SUM(AE73:AE79) -> 0 | ... AJ80: =SUM(AJ73:AJ79) -> 16330 | AK80: =SUM(X80:AJ80) -> 41890
AK81: =SUM(X81:AJ81) -> 0
E82: =Manning!E87 -> BUSINESS CENTRE | AK82: =SUM(X82:AJ82) -> 0
AK83: =SUM(X83:AJ83) -> 0
E84: =Manning!E89 -> BUSINESS CENTRE SUPERVISOR | F84: =Manning!F89 -> 0 | G84: =Manning!H89 -> 1 | H84: =Manning!I89 -> L | I84: =Manning!J89 -> L5 | K84: =Manning!K89 -> 0 | L84: =Manning!L89 -> 0 | M84: =Manning!M89 -> 0 | N84: =Manning!N89 -> 0 | O84: =Manning!O89 -> 0 | P84: =Manning!P89 -> 0 | Q84: =Manning!Q89 -> 0 | R84: =Manning!R89 -> 0 | ... U84: =Manning!U89 -> 1 | V84: =Manning!W89 -> 1 | X84: =K84*'Salary Level'!$M89 -> 0 | Y84: =L84*'Salary Level'!$M89 -> 0 | Z84: =M84*'Salary Level'!$M89 -> 0 | AA84: =N84*'Salary Level'!$M89 -> 0 | AB84: =O84*'Salary Level'!$M89 -> 0 | AC84: =P84*'Salary Level'!$M89 -> 0 | AD84: =Q84*'Salary Level'!$M89 -> 0 | AE84: =R84*'Salary Level'!$M89 -> 0 | ... AI84: =V84*'Salary Level'!$M89 -> 5680 | AJ84: =V84*'Salary Level'!$M89 -> 5680 | AK84: =SUM(X84:AJ84) -> 17040
E85: =Manning!E90 -> BUSINESS CENTRE CAPTAIN | G85: =Manning!H90 -> 1 | H85: =Manning!I90 -> L | I85: =Manning!J90 -> L6 | K85: =Manning!K90 -> 0 | L85: =Manning!L90 -> 0 | M85: =Manning!M90 -> 0 | N85: =Manning!N90 -> 0 | O85: =Manning!O90 -> 0 | P85: =Manning!P90 -> 0 | Q85: =Manning!Q90 -> 0 | R85: =Manning!R90 -> 0 | ... U85: =Manning!U90 -> 0 | V85: =Manning!W90 -> 1 | X85: =K85*'Salary Level'!$M90 -> 0 | Y85: =L85*'Salary Level'!$M90 -> 0 | Z85: =M85*'Salary Level'!$M90 -> 0 | AA85: =N85*'Salary Level'!$M90 -> 0 | AB85: =O85*'Salary Level'!$M90 -> 0 | AC85: =P85*'Salary Level'!$M90 -> 0 | AD85: =Q85*'Salary Level'!$M90 -> 0 | AE85: =R85*'Salary Level'!$M90 -> 0 | ... AI85: =V85*'Salary Level'!$M90 -> 4260 | AJ85: =V85*'Salary Level'!$M90 -> 4260 | AK85: =SUM(X85:AJ85) -> 8520
E86: =Manning!E91 -> BUSINESS CENTRE CLERK | F86: =Manning!F91 -> 0 | G86: =Manning!H91 -> 2 | H86: =Manning!I91 -> L | I86: =Manning!J91 -> L7 | K86: =Manning!K91 -> 0 | L86: =Manning!L91 -> 0 | M86: =Manning!M91 -> 0 | N86: =Manning!N91 -> 0 | O86: =Manning!O91 -> 0 | P86: =Manning!P91 -> 0 | Q86: =Manning!Q91 -> 0 | R86: =Manning!R91 -> 0 | ... U86: =Manning!U91 -> 0 | V86: =Manning!W91 -> 2 | X86: =K86*'Salary Level'!$M91 -> 0 | Y86: =L86*'Salary Level'!$M91 -> 0 | Z86: =M86*'Salary Level'!$M91 -> 0 | AA86: =N86*'Salary Level'!$M91 -> 0 | AB86: =O86*'Salary Level'!$M91 -> 0 | AC86: =P86*'Salary Level'!$M91 -> 0 | AD86: =Q86*'Salary Level'!$M91 -> 0 | AE86: =R86*'Salary Level'!$M91 -> 0 | ... AI86: =V86*'Salary Level'!$M91 -> 7100 | AJ86: =V86*'Salary Level'!$M91 -> 7100 | AK86: =SUM(X86:AJ86) -> 14200
E87: =Manning!E92 -> ADDITIONAL POSITION 1 | G87: =Manning!H92 -> 0 | H87: =Manning!I92 -> L | I87: =Manning!J92 -> 0 | K87: =Manning!K92 -> 0 | L87: =Manning!L92 -> 0 | M87: =Manning!M92 -> 0 | N87: =Manning!N92 -> 0 | O87: =Manning!O92 -> 0 | P87: =Manning!P92 -> 0 | Q87: =Manning!Q92 -> 0 | R87: =Manning!R92 -> 0 | ... U87: =Manning!U92 -> 0 | V87: =Manning!W92 -> 0 | X87: =K87*'Salary Level'!$M92 -> 0 | Y87: =L87*'Salary Level'!$M92 -> 0 | Z87: =M87*'Salary Level'!$M92 -> 0 | AA87: =N87*'Salary Level'!$M92 -> 0 | AB87: =O87*'Salary Level'!$M92 -> 0 | AC87: =P87*'Salary Level'!$M92 -> 0 | AD87: =Q87*'Salary Level'!$M92 -> 0 | AE87: =R87*'Salary Level'!$M92 -> 0 | ... AI87: =V87*'Salary Level'!$M92 -> 0 | AJ87: =V87*'Salary Level'!$M92 -> 0 | AK87: =SUM(X87:AJ87) -> 0
E88: =Manning!E93 -> ADDITIONAL POSITION 2 | G88: =Manning!H93 -> 0 | H88: =Manning!I93 -> L | I88: =Manning!J93 -> 0 | K88: =Manning!K93 -> 0 | L88: =Manning!L93 -> 0 | M88: =Manning!M93 -> 0 | N88: =Manning!N93 -> 0 | O88: =Manning!O93 -> 0 | P88: =Manning!P93 -> 0 | Q88: =Manning!Q93 -> 0 | R88: =Manning!R93 -> 0 | ... U88: =Manning!U93 -> 0 | V88: =Manning!W93 -> 0 | X88: =K88*'Salary Level'!$M93 -> 0 | Y88: =L88*'Salary Level'!$M93 -> 0 | Z88: =M88*'Salary Level'!$M93 -> 0 | AA88: =N88*'Salary Level'!$M93 -> 0 | AB88: =O88*'Salary Level'!$M93 -> 0 | AC88: =P88*'Salary Level'!$M93 -> 0 | AD88: =Q88*'Salary Level'!$M93 -> 0 | AE88: =R88*'Salary Level'!$M93 -> 0 | ... AI88: =V88*'Salary Level'!$M93 -> 0 | AJ88: =V88*'Salary Level'!$M93 -> 0 | AK88: =SUM(X88:AJ88) -> 0
AK89: =SUM(X89:AJ89) -> 0
E90: ="TOTAL "&E82 -> TOTAL BUSINESS CENTRE | G90: =SUM(G83:G89) -> 4 | K90: =Manning!K95 -> 0 | L90: =Manning!L95 -> 0 | M90: =Manning!M95 -> 0 | N90: =Manning!N95 -> 0 | O90: =Manning!O95 -> 0 | P90: =Manning!P95 -> 0 | Q90: =Manning!Q95 -> 0 | R90: =Manning!R95 -> 0 | ... U90: =Manning!U95 -> 1 | V90: =Manning!W95 -> 4 | X90: =SUM(X83:X89) -> 0 | Y90: =SUM(Y83:Y89) -> 0 | Z90: =SUM(Z83:Z89) -> 0 | AA90: =SUM(AA83:AA89) -> 0 | AB90: =SUM(AB83:AB89) -> 0 | AC90: =SUM(AC83:AC89) -> 0 | AD90: =SUM(AD83:AD89) -> 0 | AE90: =SUM(AE83:AE89) -> 0 | ... AJ90: =SUM(AJ83:AJ89) -> 17040 | AK90: =SUM(X90:AJ90) -> 39760
D91: ="TOTAL "&D30 -> TOTAL FRONT DESK | G91: =+G90+G80+G70+G55+G44 -> 35 | K91: =Manning!K96 -> 0 | L91: =Manning!L96 -> 0 | M91: =Manning!M96 -> 0 | N91: =Manning!N96 -> 0 | O91: =Manning!O96 -> 0 | P91: =Manning!P96 -> 0 | Q91: =Manning!Q96 -> 0 | R91: =Manning!R96 -> 0 | ... U91: =Manning!U96 -> 9 | V91: =Manning!W96 -> 36 | X91: =X90+X80+X70+X55+X44 -> 0 | Y91: =Y90+Y80+Y70+Y55+Y44 -> 0 | Z91: =Z90+Z80+Z70+Z55+Z44 -> 0 | AA91: =AA90+AA80+AA70+AA55+AA44 -> 0 | AB91: =AB90+AB80+AB70+AB55+AB44 -> 0 | AC91: =AC90+AC80+AC70+AC55+AC44 -> 0 | AD91: =AD90+AD80+AD70+AD55+AD44 -> 0 | AE91: =AE90+AE80+AE70+AE55+AE44 -> 0 | ... AJ91: =AJ90+AJ80+AJ70+AJ55+AJ44 -> 188505 | AK91: =SUM(X91:AJ91) -> 482445
AK92: =SUM(X92:AJ92) -> 0
D93: =Manning!D98 -> HOUSEKEEPING | AK93: =SUM(X93:AJ93) -> 0
E94: =Manning!E99 -> HOUSEKEEPING ADMINISTRATION | F94: =Manning!F99 -> 0 | AK94: =SUM(X94:AJ94) -> 0
AK95: =SUM(X95:AJ95) -> 0
E96: =Manning!E101 -> EXECUTIVE HOUSEKEEPER | F96: =Manning!F101 -> 0 | G96: =Manning!H101 -> 1 | H96: =Manning!I101 -> L | I96: =Manning!J101 -> L3 | K96: =Manning!K101 -> 0 | L96: =Manning!L101 -> 0 | M96: =Manning!M101 -> 0 | N96: =Manning!N101 -> 0 | O96: =Manning!O101 -> 0 | P96: =Manning!P101 -> 0 | Q96: =Manning!Q101 -> 0 | R96: =Manning!R101 -> 0 | ... U96: =Manning!U101 -> 1 | V96: =Manning!W101 -> 1 | X96: =K96*'Salary Level'!$M101 -> 0 | Y96: =L96*'Salary Level'!$M101 -> 0 | Z96: =M96*'Salary Level'!$M101 -> 0 | AA96: =N96*'Salary Level'!$M101 -> 0 | AB96: =O96*'Salary Level'!$M101 -> 0 | AC96: =P96*'Salary Level'!$M101 -> 0 | AD96: =Q96*'Salary Level'!$M101 -> 0 | AE96: =R96*'Salary Level'!$M101 -> 0 | ... AI96: =V96*'Salary Level'!$M101 -> 21300 | AJ96: =V96*'Salary Level'!$M101 -> 21300 | AK96: =SUM(X96:AJ96) -> 106500
E97: =Manning!E102 -> ASSISTANT EXECUTIVE HOUSEKEEPER | F97: =Manning!F102 -> 0 | G97: =Manning!H102 -> 1 | H97: =Manning!I102 -> L | I97: =Manning!J102 -> L3 | K97: =Manning!K102 -> 0 | L97: =Manning!L102 -> 0 | M97: =Manning!M102 -> 0 | N97: =Manning!N102 -> 0 | O97: =Manning!O102 -> 0 | P97: =Manning!P102 -> 0 | Q97: =Manning!Q102 -> 0 | R97: =Manning!R102 -> 0 | ... U97: =Manning!U102 -> 1 | V97: =Manning!W102 -> 1 | X97: =K97*'Salary Level'!$M102 -> 0 | Y97: =L97*'Salary Level'!$M102 -> 0 | Z97: =M97*'Salary Level'!$M102 -> 0 | AA97: =N97*'Salary Level'!$M102 -> 0 | AB97: =O97*'Salary Level'!$M102 -> 0 | AC97: =P97*'Salary Level'!$M102 -> 0 | AD97: =Q97*'Salary Level'!$M102 -> 0 | AE97: =R97*'Salary Level'!$M102 -> 0 | ... AI97: =V97*'Salary Level'!$M102 -> 10650 | AJ97: =V97*'Salary Level'!$M102 -> 10650 | AK97: =SUM(X97:AJ97) -> 42600
E98: =Manning!E103 -> SECRETARY | F98: =Manning!F103 -> 0 | G98: =Manning!H103 -> 0 | H98: =Manning!I103 -> L | I98: =Manning!J103 -> 0 | K98: =Manning!K103 -> 0 | L98: =Manning!L103 -> 0 | M98: =Manning!M103 -> 0 | N98: =Manning!N103 -> 0 | O98: =Manning!O103 -> 0 | P98: =Manning!P103 -> 0 | Q98: =Manning!Q103 -> 0 | R98: =Manning!R103 -> 0 | ... U98: =Manning!U103 -> 0 | V98: =Manning!W103 -> 0 | X98: =K98*'Salary Level'!$M103 -> 0 | Y98: =L98*'Salary Level'!$M103 -> 0 | Z98: =M98*'Salary Level'!$M103 -> 0 | AA98: =N98*'Salary Level'!$M103 -> 0 | AB98: =O98*'Salary Level'!$M103 -> 0 | AC98: =P98*'Salary Level'!$M103 -> 0 | AD98: =Q98*'Salary Level'!$M103 -> 0 | AE98: =R98*'Salary Level'!$M103 -> 0 | ... AI98: =V98*'Salary Level'!$M103 -> 0 | AJ98: =V98*'Salary Level'!$M103 -> 0 | AK98: =SUM(X98:AJ98) -> 0
E99: =Manning!E104 -> ADDITIONAL POSITION 1 | G99: =Manning!H104 -> 0 | H99: =Manning!I104 -> L | I99: =Manning!J104 -> 0 | K99: =Manning!K104 -> 0 | L99: =Manning!L104 -> 0 | M99: =Manning!M104 -> 0 | N99: =Manning!N104 -> 0 | O99: =Manning!O104 -> 0 | P99: =Manning!P104 -> 0 | Q99: =Manning!Q104 -> 0 | R99: =Manning!R104 -> 0 | ... U99: =Manning!U104 -> 0 | V99: =Manning!W104 -> 0 | X99: =K99*'Salary Level'!$M104 -> 0 | Y99: =L99*'Salary Level'!$M104 -> 0 | Z99: =M99*'Salary Level'!$M104 -> 0 | AA99: =N99*'Salary Level'!$M104 -> 0 | AB99: =O99*'Salary Level'!$M104 -> 0 | AC99: =P99*'Salary Level'!$M104 -> 0 | AD99: =Q99*'Salary Level'!$M104 -> 0 | AE99: =R99*'Salary Level'!$M104 -> 0 | ... AI99: =V99*'Salary Level'!$M104 -> 0 | AJ99: =V99*'Salary Level'!$M104 -> 0 | AK99: =SUM(X99:AJ99) -> 0
E100: =Manning!E105 -> ADDITIONAL POSITION 2 | G100: =Manning!H105 -> 0 | H100: =Manning!I105 -> L | I100: =Manning!J105 -> 0 | K100: =Manning!K105 -> 0 | L100: =Manning!L105 -> 0 | M100: =Manning!M105 -> 0 | N100: =Manning!N105 -> 0 | O100: =Manning!O105 -> 0 | P100: =Manning!P105 -> 0 | Q100: =Manning!Q105 -> 0 | R100: =Manning!R105 -> 0 | ... U100: =Manning!U105 -> 0 | V100: =Manning!W105 -> 0 | X100: =K100*'Salary Level'!$M105 -> 0 | Y100: =L100*'Salary Level'!$M105 -> 0 | Z100: =M100*'Salary Level'!$M105 -> 0 | AA100: =N100*'Salary Level'!$M105 -> 0 | AB100: =O100*'Salary Level'!$M105 -> 0 | AC100: =P100*'Salary Level'!$M105 -> 0 | AD100: =Q100*'Salary Level'!$M105 -> 0 | AE100: =R100*'Salary Level'!$M105 -> 0 | ... AI100: =V100*'Salary Level'!$M105 -> 0 | AJ100: =V100*'Salary Level'!$M105 -> 0 | AK100: =SUM(X100:AJ100) -> 0
AK101: =SUM(X101:AJ101) -> 0
E102: ="TOTAL "&E94 -> TOTAL HOUSEKEEPING ADMINISTRATION | G102: =SUM(G95:G101) -> 2 | K102: =Manning!K107 -> 0 | L102: =Manning!L107 -> 0 | M102: =Manning!M107 -> 0 | N102: =Manning!N107 -> 0 | O102: =Manning!O107 -> 0 | P102: =Manning!P107 -> 0 | Q102: =Manning!Q107 -> 0 | R102: =Manning!R107 -> 0 | ... U102: =Manning!U107 -> 2 | V102: =Manning!W107 -> 2 | X102: =SUM(X95:X101) -> 0 | Y102: =SUM(Y95:Y101) -> 0 | Z102: =SUM(Z95:Z101) -> 0 | AA102: =SUM(AA95:AA101) -> 0 | AB102: =SUM(AB95:AB101) -> 0 | AC102: =SUM(AC95:AC101) -> 0 | AD102: =SUM(AD95:AD101) -> 0 | AE102: =SUM(AE95:AE101) -> 0 | ... AJ102: =SUM(AJ95:AJ101) -> 31950 | AK102: =SUM(X102:AJ102) -> 149100
...
